Workbook
Name BPU: BPU!$J$33:$J$80
Name BPUCode: Juillet!$M$16
Name CodedePrix: BPU!#REF!
Name PrixUnitaires: BPU!$J$33:$J$80

Sheet Janvier
G2: 42370 | O2: 42371 | W2: 42372 | AE2: 42373 | AM2: 42374 | AU2: 42375 | BC2: 42376 | BK2: 42377 | BS2: 42378 | CA2: 42379 | CI2: 42380 | CQ2: 42381 | CY2: 42382 | DG2: 42383 | DO2: 42384 | DW2: 42385 | EE2: 42386 | EM2: 42387 | EU2: 42388 | FC2: 42389 | FK2: 42390 | FS2: 42391 | GA2: 42392 | GI2: 42393 | GQ2: 42394 | GY2: 42395 | HG2: 42396 | HO2: 42397 | HW2: 42398 | IE2: 42399 | IM2: 42400
D4: Equipes + Matériel | E4: U | F4: Prix (RON) | G4: Quantité | H4: Total (RON) | I4: Pourcentage temps passé sur | K4: Total par activité (LEI) | O4: Quantité | P4: Total (RON) | Q4: Pourcentage temps passé sur | S4: Total par activité (LEI) | W4: Quantité | X4: Total (RON) | Y4: Pourcentage temps passé sur | AA4: Total par activité (LEI) | AE4: Quantité | AF4: Total (RON) | AG4: Pourcentage temps passé sur | AI4: Total par activité (LEI) | AM4: Quantité | AN4: Total (RON) | AO4: Pourcentage temps passé sur | AQ4: Total par activité (LEI) | AU4: Quantité | AV4: Total (RON) | AW4: Pourcentage temps passé sur | AY4: Total par activité (LEI) | BC4: Quantité | BD4: Total (RON) | BE4: Pourcentage temps passé sur | BG4: Total par activité (LEI) | BK4: Quantité | BL4: Total (RON) | BM4: Pourcentage temps passé sur | BO4: Total par activité (LEI) | BS4: Quantité | BT4: Total (RON) | BU4: Pourcentage temps passé sur | BW4: Total par activité (LEI) | CA4: Quantité | CB4: Total (RON) | CC4: Pourcentage temps passé sur | CE4: Total par activité (LEI) | CI4: Quantité | CJ4: Total (RON) | CK4: Pourcentage temps passé sur | CM4: Total par activité (LEI) | CQ4: Quantité | CR4: Total (RON) | CS4: Pourcentage temps passé sur | CU4: Total par activité (LEI) | CY4: Quantité | CZ4: Total (RON) | DA4: Pourcentage temps passé sur | DC4: Total par activité (LEI) | DG4: Quantité | DH4: Total (RON) | DI4: Pourcentage temps passé sur | DK4: Total par activité (LEI) | DO4: Quantité | DP4: Total (RON) | DQ4: Pourcentage temps passé sur | DS4: Total par activité (LEI) | DW4: Quantité | DX4: Total (RON) | DY4: Pourcentage temps passé sur | EA4: Total par activité (LEI) | EE4: Quantité | EF4: Total (RON) | EG4: Pourcentage temps passé sur | EI4: Total par activité (LEI) | EM4: Quantité | EN4: Total (RON) | EO4: Pourcentage temps passé sur | EQ4: Total par activité (LEI) | EU4: Quantité | EV4: Total (RON) | EW4: Pourcentage temps passé sur | EY4: Total par activité (LEI) | FC4: Quantité | FD4: Total (RON) | FE4: Pourcentage temps passé sur | FG4: Total par activité (LEI) | FK4: Quantité | FL4: Total (RON) | FM4: Pourcentage temps passé sur | FO4: Total par activité (LEI) | FS4: Quantité | FT4: Total (RON) | FU4: Pourcentage temps passé sur | FW4: Total par activité (LEI) | GA4: Quantité | GB4: Total (RON) | GC4: Pourcentage temps passé sur | GE4: Total par activité (LEI) | GI4: Quantité | GJ4: Total (RON) | GK4: Pourcentage temps passé sur | GM4: Total par activité (LEI) | GQ4: Quantité | GR4: Total (RON) | GS4: Pourcentage temps passé sur | GU4: Total par activité (LEI) | GY4: Quantité | GZ4: Total (RON) | HA4: Pourcentage temps passé sur | HC4: Total par activité (LEI) | HG4: Quantité | HH4: Total (RON) | HI4: Pourcentage temps passé sur | HK4: Total par activité (LEI) | HO4: Quantité | HP4: Total (RON) | HQ4: Pourcentage temps passé sur | HS4: Total par activité (LEI) | HW4: Quantité | HX4: Total (RON) | HY4: Pourcentage temps passé sur | IA4: Total par activité (LEI) | IE4: Quantité | IF4: Total (RON) | IG4: Pourcentage temps passé sur | II4: Total par activité (LEI) | IM4: Quantité | IN4: Total (RON) | IO4: Pourcentage temps passé sur | IQ4: Total par activité (LEI)
D5: Ford Transit + carburant B-29-NNM | E5: Jour | F5: =114.32+101.66 -> 215.98 | G5: 0 | H5: =$F5*G5 -> 0 | I5: Ballast | K5: =SUM(H$5:H$12)*J5 -> 0 | O5: 0.5 | P5: =$F5*O5 -> 107.99 | Q5: Ballast | S5: =SUM(P$5:P$12)*R5 -> 0 | W5: 0 | X5: =$F5*W5 -> 0 | Y5: Ballast | AA5: =SUM(X$5:X$12)*Z5 -> 0 | AE5: 0 | AF5: =$F5*AE5 -> 0 | AG5: Ballast | AI5: =SUM(AF$5:AF$12)*AH5 -> 0 | AM5: 0 | AN5: =$F5*AM5 -> 0 | AO5: Ballast | AQ5: =SUM(AN$5:AN$12)*AP5 -> 0 | AU5: 0 | AV5: =$F5*AU5 -> 0 | AW5: Ballast | AY5: =SUM(AV$5:AV$12)*AX5 -> 0 | BC5: 1 | BD5: =$F5*BC5 -> 215.98 | BE5: Ballast | BG5: =SUM(BD$5:BD$12)*BF5 -> 0 | BK5: 1 | BL5: =$F5*BK5 -> 215.98 | BM5: Ballast | BO5: =SUM(BL$5:BL$12)*BN5 -> 0 | BS5: 1 | BT5: =$F5*BS5 -> 215.98 | BU5: Ballast | BW5: =SUM(BT$5:BT$12)*BV5 -> 0 | CA5: 0 | CB5: =$F5*CA5 -> 0 | CC5: Ballast | CE5: =SUM(CB$5:CB$12)*CD5 -> 0 | CI5: 0 | CJ5: =$F5*CI5 -> 0 | CK5: Ballast | CM5: =SUM(CJ$5:CJ$12)*CL5 -> 0 | CQ5: 1 | CR5: =$F5*CQ5 -> 215.98 | CS5: Ballast | CU5: =SUM(CR$5:CR$12)*CT5 -> 0 | CY5: 1 | CZ5: =$F5*CY5 -> 215.98 | DA5: Ballast | DC5: =SUM(CZ$5:CZ$12)*DB5 -> 0 | DG5: 1 | DH5: =$F5*DG5 -> 215.98 | DI5: Ballast | DK5: =SUM(DH$5:DH$12)*DJ5 -> 0 | DO5: 1 | DP5: =$F5*DO5 -> 215.98 | DQ5: Ballast | DS5: =SUM(DP$5:DP$12)*DR5 -> 0 | DW5: 1 | DX5: =$F5*DW5 -> 215.98 | DY5: Ballast | EA5: =SUM(DX$5:DX$12)*DZ5 -> 0 | EE5: 0 | EF5: =$F5*EE5 -> 0 | EG5: Ballast | EI5: =SUM(EF$5:EF$12)*EH5 -> 0 | EM5: 0 | EN5: =$F5*EM5 -> 0 | EO5: Ballast | EQ5: =SUM(EN$5:EN$12)*EP5 -> 0 | EU5: 0 | EV5: =$F5*EU5 -> 0 | EW5: Ballast | EY5: =SUM(EV$5:EV$12)*EX5 -> 0 | FC5: 0 | FD5: =$F5*FC5 -> 0 | FE5: Ballast | FG5: =SUM(FD$5:FD$12)*FF5 -> 0 | FK5: 0 | FL5: =$F5*FK5 -> 0 | FM5: Ballast | FO5: =SUM(FL$5:FL$12)*FN5 -> 0 | FS5: 0 | FT5: =$F5*FS5 -> 0 | FU5: Ballast | FW5: =SUM(FT$5:FT$12)*FV5 -> 0 | GA5: 0 | GB5: =$F5*GA5 -> 0 | GC5: Ballast | GE5: =SUM(GB$5:GB$12)*GD5 -> 0 | GI5: 0 | GJ5: =$F5*GI5 -> 0 | GK5: Ballast | GM5: =SUM(GJ$5:GJ$12)*GL5 -> 0 | GQ5: 0 | GR5: =$F5*GQ5 -> 0 | GS5: Ballast | GU5: =SUM(GR$5:GR$12)*GT5 -> 0 | GY5: 0 | GZ5: =$F5*GY5 -> 0 | HA5: Ballast | HC5: =SUM(GZ$5:GZ$12)*HB5 -> 0 | HG5: 0 | HH5: =$F5*HG5 -> 0 | HI5: Ballast | HK5: =SUM(HH$5:HH$12)*HJ5 -> 0 | HO5: 0 | HP5: =$F5*HO5 -> 0 | HQ5: Ballast | HS5: =SUM(HP$5:HP$12)*HR5 -> 0 | HW5: 0 | HX5: =$F5*HW5 -> 0 | HY5: Ballast | IA5: =SUM(HX$5:HX$12)*HZ5 -> 0 | IE5: 0 | IF5: =$F5*IE5 -> 0 | IG5: Ballast | II5: =SUM(IF$5:IF$12)*IH5 -> 0 | IM5: 0 | IN5: =$F5*IM5 -> 0 | IO5: Ballast | IQ5: =SUM(IN$5:IN$12)*IP5 -> 0
D6: Conducator | E6: Jour | F6: 190 | G6: =IF(G5=0,0,1) -> 0 | H6: =$F6*G6 -> 0 | O6: =O5 -> 0.5 | P6: =$F6*O6 -> 95 | W6: =IF(W5=0,0,1) -> 0 | X6: =$F6*W6 -> 0 | AE6: =IF(AE5=0,0,1) -> 0 | AF6: =$F6*AE6 -> 0 | AM6: =IF(AM5=0,0,1) -> 0 | AN6: =$F6*AM6 -> 0 | AU6: =IF(AU5=0,0,1) -> 0 | AV6: =$F6*AU6 -> 0 | BC6: =BC5 -> 1 | BD6: =$F6*BC6 -> 190 | BK6: =IF(BK5=0,0,1) -> 1 | BL6: =$F6*BK6 -> 190 | BS6: =IF(BS5=0,0,1) -> 1 | BT6: =$F6*BS6 -> 190 | CA6: =IF(CA5=0,0,1) -> 0 | CB6: =$F6*CA6 -> 0 | CI6: =IF(CI5=0,0,1) -> 0 | CJ6: =$F6*CI6 -> 0 | CQ6: =IF(CQ5=0,0,1) -> 1 | CR6: =$F6*CQ6 -> 190 | CY6: =IF(CY5=0,0,1) -> 1 | CZ6: =$F6*CY6 -> 190 | DG6: =IF(DG5=0,0,1) -> 1 | DH6: =$F6*DG6 -> 190 | DO6: =IF(DO5=0,0,1) -> 1 | DP6: =$F6*DO6 -> 190 | DW6: =IF(DW5=0,0,1) -> 1 | DX6: =$F6*DW6 -> 190 | EE6: =IF(EE5=0,0,1) -> 0 | EF6: =$F6*EE6 -> 0 | EM6: =IF(EM5=0,0,1) -> 0 | EN6: =$F6*EM6 -> 0 | EU6: =IF(EU5=0,0,1) -> 0 | EV6: =$F6*EU6 -> 0 | FC6: =IF(FC5=0,0,1) -> 0 | FD6: =$F6*FC6 -> 0 | FK6: =IF(FK5=0,0,1) -> 0 | FL6: =$F6*FK6 -> 0 | FS6: =IF(FS5=0,0,1) -> 0 | FT6: =$F6*FS6 -> 0 | GA6: =IF(GA5=0,0,1) -> 0 | GB6: =$F6*GA6 -> 0 | GI6: =IF(GI5=0,0,1) -> 0 | GJ6: =$F6*GI6 -> 0 | GQ6: =IF(GQ5=0,0,1) -> 0 | GR6: =$F6*GQ6 -> 0 | GY6: =IF(GY5=0,0,1) -> 0 | GZ6: =$F6*GY6 -> 0 | HG6: =IF(HG5=0,0,1) -> 0 | HH6: =$F6*HG6 -> 0 | HO6: =IF(HO5=0,0,1) -> 0 | HP6: =$F6*HO6 -> 0 | HW6: =IF(HW5=0,0,1) -> 0 | HX6: =$F6*HW6 -> 0 | IE6: =IF(IE5=0,0,1) -> 0 | IF6: =$F6*IE6 -> 0 | IM6: =IF(IM5=0,0,1) -> 0 | IN6: =$F6*IM6 -> 0
D7: Muncitorii | E7: Jour | F7: 160 | G7: 0 | H7: =$F7*G7 -> 0 | I7: Béton | K7: =SUM(H$5:H$12)*J7 -> 0 | O7: 0.5 | P7: =$F7*O7 -> 80 | Q7: Béton | S7: =SUM(P$5:P$12)*R7 -> 0 | W7: 0 | X7: =$F7*W7 -> 0 | Y7: Béton | AA7: =SUM(X$5:X$12)*Z7 -> 0 | AE7: 0 | AF7: =$F7*AE7 -> 0 | AG7: Béton | AI7: =SUM(AF$5:AF$12)*AH7 -> 0 | AM7: 0 | AN7: =$F7*AM7 -> 0 | AO7: Béton | AQ7: =SUM(AN$5:AN$12)*AP7 -> 0 | AU7: 0 | AV7: =$F7*AU7 -> 0 | AW7: Béton | AY7: =SUM(AV$5:AV$12)*AX7 -> 0 | BC7: 2 | BD7: =$F7*BC7 -> 320 | BE7: Béton | BG7: =SUM(BD$5:BD$12)*BF7 -> 0 | BK7: 1 | BL7: =$F7*BK7 -> 160 | BM7: Béton | BO7: =SUM(BL$5:BL$12)*BN7 -> 0 | BS7: 1 | BT7: =$F7*BS7 -> 160 | BU7: Béton | BW7: =SUM(BT$5:BT$12)*BV7 -> 0 | CA7: 0 | CB7: =$F7*CA7 -> 0 | CC7: Béton | CE7: =SUM(CB$5:CB$12)*CD7 -> 0 | CI7: 0 | CJ7: =$F7*CI7 -> 0 | CK7: Béton | CM7: =SUM(CJ$5:CJ$12)*CL7 -> 0 | CQ7: 2 | CR7: =$F7*CQ7 -> 320 | CS7: Béton | CU7: =SUM(CR$5:CR$12)*CT7 -> 0 | CY7: 2 | CZ7: =$F7*CY7 -> 320 | DA7: Béton | DC7: =SUM(CZ$5:CZ$12)*DB7 -> 0 | DG7: 2 | DH7: =$F7*DG7 -> 320 | DI7: Béton | DK7: =SUM(DH$5:DH$12)*DJ7 -> 0 | DO7: 2 | DP7: =$F7*DO7 -> 320 | DQ7: Béton | DS7: =SUM(DP$5:DP$12)*DR7 -> 0 | DW7: 2 | DX7: =$F7*DW7 -> 320 | DY7: Béton | EA7: =SUM(DX$5:DX$12)*DZ7 -> 0 | EE7: 0 | EF7: =$F7*EE7 -> 0 | EG7: Béton | EI7: =SUM(EF$5:EF$12)*EH7 -> 0 | EM7: 0 | EN7: =$F7*EM7 -> 0 | EO7: Béton | EQ7: =SUM(EN$5:EN$12)*EP7 -> 0 | EU7: 0 | EV7: =$F7*EU7 -> 0 | EW7: Béton | EY7: =SUM(EV$5:EV$12)*EX7 -> 0 | FC7: 0 | FD7: =$F7*FC7 -> 0 | FE7: Béton | FG7: =SUM(FD$5:FD$12)*FF7 -> 0 | FK7: 0 | FL7: =$F7*FK7 -> 0 | FM7: Béton | FO7: =SUM(FL$5:FL$12)*FN7 -> 0 | FS7: 0 | FT7: =$F7*FS7 -> 0 | FU7: Béton | FW7: =SUM(FT$5:FT$12)*FV7 -> 0 | GA7: 0 | GB7: =$F7*GA7 -> 0 | GC7: Béton | GE7: =SUM(GB$5:GB$12)*GD7 -> 0 | GI7: 0 | GJ7: =$F7*GI7 -> 0 | GK7: Béton | GM7: =SUM(GJ$5:GJ$12)*GL7 -> 0 | GQ7: 0 | GR7: =$F7*GQ7 -> 0 | GS7: Béton | GU7: =SUM(GR$5:GR$12)*GT7 -> 0 | GY7: 0 | GZ7: =$F7*GY7 -> 0 | HA7: Béton | HC7: =SUM(GZ$5:GZ$12)*HB7 -> 0 | HG7: 0 | HH7: =$F7*HG7 -> 0 | HI7: Béton | HK7: =SUM(HH$5:HH$12)*HJ7 -> 0 | HO7: 0 | HP7: =$F7*HO7 -> 0 | HQ7: Béton | HS7: =SUM(HP$5:HP$12)*HR7 -> 0 | HW7: 0 | HX7: =$F7*HW7 -> 0 | HY7: Béton | IA7: =SUM(HX$5:HX$12)*HZ7 -> 0 | IE7: 0 | IF7: =$F7*IE7 -> 0 | IG7: Béton | II7: =SUM(IF$5:IF$12)*IH7 -> 0 | IM7: 0 | IN7: =$F7*IM7 -> 0 | IO7: Béton | IQ7: =SUM(IN$5:IN$12)*IP7 -> 0
D8: Compressor | E8: Jour | F8: 38.34 | G8: 0 | H8: =$F8*G8 -> 0 | O8: 0 | P8: =$F8*O8 -> 0 | W8: 0 | X8: =$F8*W8 -> 0 | AE8: 0 | AF8: =$F8*AE8 -> 0 | AM8: 0 | AN8: =$F8*AM8 -> 0 | AU8: 0 | AV8: =$F8*AU8 -> 0 | BC8: 0 | BD8: =$F8*BC8 -> 0 | BK8: 0 | BL8: =$F8*BK8 -> 0 | BS8: 0 | BT8: =$F8*BS8 -> 0 | CA8: 0 | CB8: =$F8*CA8 -> 0 | CI8: 0 | CJ8: =$F8*CI8 -> 0 | CQ8: 0 | CR8: =$F8*CQ8 -> 0 | CY8: 0 | CZ8: =$F8*CY8 -> 0 | DG8: 0 | DH8: =$F8*DG8 -> 0 | DO8: 0 | DP8: =$F8*DO8 -> 0 | DW8: 0 | DX8: =$F8*DW8 -> 0 | EE8: 0 | EF8: =$F8*EE8 -> 0 | EM8: 0 | EN8: =$F8*EM8 -> 0 | EU8: 0 | EV8: =$F8*EU8 -> 0 | FC8: 0 | FD8: =$F8*FC8 -> 0 | FK8: 0 | FL8: =$F8*FK8 -> 0 | FS8: 0 | FT8: =$F8*FS8 -> 0 | GA8: 0 | GB8: =$F8*GA8 -> 0 | GI8: 0 | GJ8: =$F8*GI8 -> 0 | GQ8: 0 | GR8: =$F8*GQ8 -> 0 | GY8: 0 | GZ8: =$F8*GY8 -> 0 | HG8: 0 | HH8: =$F8*HG8 -> 0 | HO8: 0 | HP8: =$F8*HO8 -> 0 | HW8: 0 | HX8: =$F8*HW8 -> 0 | IE8: 0 | IF8: =$F8*IE8 -> 0 | IM8: 0 | IN8: =$F8*IM8 -> 0
D9: Placa vibranta | E9: Jour | F9: 24.79 | G9: 0 | H9: =$F9*G9 -> 0 | I9: Asphalte | K9: =SUM(H$5:H$12)*J9 -> 0 | N9: Dépenses | O9: 1 | P9: =$F9*O9 -> 24.79 | Q9: Asphalte | R9: 1 | S9: =SUM(P$5:P$12)*R9 -> 307.78 | V9: Dépenses | W9: 0 | X9: =$F9*W9 -> 0 | Y9: Asphalte | AA9: =SUM(X$5:X$12)*Z9 -> 0 | AD9: Dépenses | AE9: 0 | AF9: =$F9*AE9 -> 0 | AG9: Asphalte | AI9: =SUM(AF$5:AF$12)*AH9 -> 0 | AL9: Dépenses | AM9: 0 | AN9: =$F9*AM9 -> 0 | AO9: Asphalte | AQ9: =SUM(AN$5:AN$12)*AP9 -> 0 | AT9: Dépenses | AU9: 0 | AV9: =$F9*AU9 -> 0 | AW9: Asphalte | AY9: =SUM(AV$5:AV$12)*AX9 -> 0 | BB9: Dépenses | BC9: 1 | BD9: =$F9*BC9 -> 24.79 | BE9: Asphalte | BF9: 1 | BG9: =SUM(BD$5:BD$12)*BF9 -> 750.77 | BJ9: Dépenses | BK9: 1 | BL9: =$F9*BK9 -> 24.79 | BM9: Asphalte | BO9: =SUM(BL$5:BL$12)*BN9 -> 0 | BR9: Dépenses | BS9: 1 | BT9: =$F9*BS9 -> 24.79 | BU9: Asphalte | BW9: =SUM(BT$5:BT$12)*BV9 -> 0 | BZ9: Dépenses | CA9: 0 | CB9: =$F9*CA9 -> 0 | CC9: Asphalte | CE9: =SUM(CB$5:CB$12)*CD9 -> 0 | CH9: Dépenses | CI9: 0 | CJ9: =$F9*CI9 -> 0 | CK9: Asphalte | CM9: =SUM(CJ$5:CJ$12)*CL9 -> 0 | CP9: Dépenses | CQ9: 1 | CR9: =$F9*CQ9 -> 24.79 | CS9: Asphalte | CT9: 1 | CU9: =SUM(CR$5:CR$12)*CT9 -> 750.77 | CX9: Dépenses | CY9: 1 | CZ9: =$F9*CY9 -> 24.79 | DA9: Asphalte | DB9: 1 | DC9: =SUM(CZ$5:CZ$12)*DB9 -> 750.77 | DF9: Dépenses | DG9: 1 | DH9: =$F9*DG9 -> 24.79 | DI9: Asphalte | DJ9: 1 | DK9: =SUM(DH$5:DH$12)*DJ9 -> 750.77 | DN9: Dépenses | DO9: 1 | DP9: =$F9*DO9 -> 24.79 | DQ9: Asphalte | DR9: 1 | DS9: =SUM(DP$5:DP$12)*DR9 -> 750.77 | DV9: Dépenses | DW9: 1 | DX9: =$F9*DW9 -> 24.79 | DY9: Asphalte | DZ9: 0.3 | EA9: =SUM(DX$5:DX$12)*DZ9 -> 225.231 | ED9: Dépenses | EE9: 0 | EF9: =$F9*EE9 -> 0 | EG9: Asphalte | EI9: =SUM(EF$5:EF$12)*EH9 -> 0 | EL9: Dépenses | EM9: 0 | EN9: =$F9*EM9 -> 0 | EO9: Asphalte | EQ9: =SUM(EN$5:EN$12)*EP9 -> 0 | ET9: Dépenses | EU9: 0 | EV9: =$F9*EU9 -> 0 | EW9: Asphalte | EY9: =SUM(EV$5:EV$12)*EX9 -> 0 | FB9: Dépenses | FC9: 0 | FD9: =$F9*FC9 -> 0 | FE9: Asphalte | FG9: =SUM(FD$5:FD$12)*FF9 -> 0 | FJ9: Dépenses | FK9: 0 | FL9: =$F9*FK9 -> 0 | FM9: Asphalte | FO9: =SUM(FL$5:FL$12)*FN9 -> 0 | FR9: Dépenses | FS9: 0 | FT9: =$F9*FS9 -> 0 | FU9: Asphalte | FW9: =SUM(FT$5:FT$12)*FV9 -> 0 | FZ9: Dépenses | GA9: 0 | GB9: =$F9*GA9 -> 0 | GC9: Asphalte | GE9: =SUM(GB$5:GB$12)*GD9 -> 0 | GH9: Dépenses | GI9: 0 | GJ9: =$F9*GI9 -> 0 | GK9: Asphalte | GM9: =SUM(GJ$5:GJ$12)*GL9 -> 0 | GP9: Dépenses | GQ9: 0 | GR9: =$F9*GQ9 -> 0 | GS9: Asphalte | GU9: =SUM(GR$5:GR$12)*GT9 -> 0 | GX9: Dépenses | GY9: 0 | GZ9: =$F9*GY9 -> 0 | HA9: Asphalte | HC9: =SUM(GZ$5:GZ$12)*HB9 -> 0 | HF9: Dépenses | HG9: 0 | HH9: =$F9*HG9 -> 0 | HI9: Asphalte | HK9: =SUM(HH$5:HH$12)*HJ9 -> 0 | HN9: Dépenses | HO9: 0 | HP9: =$F9*HO9 -> 0 | HQ9: Asphalte | HS9: =SUM(HP$5:HP$12)*HR9 -> 0 | HV9: Dépenses | HW9: 0 | HX9: =$F9*HW9 -> 0 | HY9: Asphalte | IA9: =SUM(HX$5:HX$12)*HZ9 -> 0 | ID9: Dépenses | IE9: 0 | IF9: =$F9*IE9 -> 0 | IG9: Asphalte | II9: =SUM(IF$5:IF$12)*IH9 -> 0 | IL9: Dépenses | IM9: 0 | IN9: =$F9*IM9 -> 0 | IO9: Asphalte | IQ9: =SUM(IN$5:IN$12)*IP9 -> 0 | IT9: Dépenses
D10: Mai compactor | E10: Jour | F10: 10.93 | G10: 0 | H10: =$F10*G10 -> 0 | M10: Equipes | N10: =H6+H7+H14+H15+H22+H23+H30+H31 -> 1020 | O10: 0 | P10: =$F10*O10 -> 0 | U10: Equipes | V10: =P6+P7+P14+P15+P22+P23+P30+P31 -> 175 | W10: 0 | X10: =$F10*W10 -> 0 | AC10: Equipes | AD10: =X6+X7+X14+X15+X22+X23+X30+X31 -> 0 | AE10: 0 | AF10: =$F10*AE10 -> 0 | AK10: Equipes | AL10: =AF6+AF7+AF14+AF15+AF22+AF23+AF30+AF31 -> 0 | AM10: 0 | AN10: =$F10*AM10 -> 0 | AS10: Equipes | AT10: =AN6+AN7+AN14+AN15+AN22+AN23+AN30+AN31 -> 0 | AU10: 0 | AV10: =$F10*AU10 -> 0 | BA10: Equipes | BB10: =AV6+AV7+AV14+AV15+AV22+AV23+AV30+AV31 -> 0 | BC10: 0 | BD10: =$F10*BC10 -> 0 | BI10: Equipes | BJ10: =BD6+BD7+BD14+BD15+BD22+BD23+BD30+BD31 -> 1690 | BK10: 0 | BL10: =$F10*BK10 -> 0 | BQ10: Equipes | BR10: =BL6+BL7+BL14+BL15+BL22+BL23+BL30+BL31 -> 1880 | BS10: 0 | BT10: =$F10*BS10 -> 0 | BY10: Equipes | BZ10: =BT6+BT7+BT14+BT15+BT22+BT23+BT30+BT31 -> 1115 | CA10: 0 | CB10: =$F10*CA10 -> 0 | CG10: Equipes | CH10: =CB6+CB7+CB14+CB15+CB22+CB23+CB30+CB31 -> 0 | CI10: 0 | CJ10: =$F10*CI10 -> 0 | CO10: Equipes | CP10: =CJ6+CJ7+CJ14+CJ15+CJ22+CJ23+CJ30+CJ31 -> 0 | CQ10: 0 | CR10: =$F10*CQ10 -> 0 | CW10: Equipes | CX10: =CR6+CR7+CR14+CR15+CR22+CR23+CR30+CR31 -> 1720 | CY10: 0 | CZ10: =$F10*CY10 -> 0 | DE10: Equipes | DF10: =CZ6+CZ7+CZ14+CZ15+CZ22+CZ23+CZ30+CZ31 -> 1880 | DG10: 0 | DH10: =$F10*DG10 -> 0 | DM10: Equipes | DN10: =DH6+DH7+DH14+DH15+DH22+DH23+DH30+DH31 -> 1880 | DO10: 0 | DP10: =$F10*DO10 -> 0 | DU10: Equipes | DV10: =DP6+DP7+DP14+DP15+DP22+DP23+DP30+DP31 -> 510 | DW10: 0 | DX10: =$F10*DW10 -> 0 | EC10: Equipes | ED10: =DX6+DX7+DX14+DX15+DX22+DX23+DX30+DX31 -> 1530 | EE10: 0 | EF10: =$F10*EE10 -> 0 | EK10: Equipes | EL10: =EF6+EF7+EF14+EF15+EF22+EF23+EF30+EF31 -> 0 | EM10: 0 | EN10: =$F10*EM10 -> 0 | ES10: Equipes | ET10: =EN6+EN7+EN14+EN15+EN22+EN23+EN30+EN31 -> 0 | EU10: 0 | EV10: =$F10*EU10 -> 0 | FA10: Equipes | FB10: =EV6+EV7+EV14+EV15+EV22+EV23+EV30+EV31 -> 0 | FC10: 0 | FD10: =$F10*FC10 -> 0 | FI10: Equipes | FJ10: =FD6+FD7+FD14+FD15+FD22+FD23+FD30+FD31 -> 0 | FK10: 0 | FL10: =$F10*FK10 -> 0 | FQ10: Equipes | FR10: =FL6+FL7+FL14+FL15+FL22+FL23+FL30+FL31 -> 0 | FS10: 0 | FT10: =$F10*FS10 -> 0 | FY10: Equipes | FZ10: =FT6+FT7+FT14+FT15+FT22+FT23+FT30+FT31 -> 0 | GA10: 0 | GB10: =$F10*GA10 -> 0 | GG10: Equipes | GH10: =GB6+GB7+GB14+GB15+GB22+GB23+GB30+GB31 -> 0 | GI10: 0 | GJ10: =$F10*GI10 -> 0 | GO10: Equipes | GP10: =GJ6+GJ7+GJ14+GJ15+GJ22+GJ23+GJ30+GJ31 -> 0 | GQ10: 0 | GR10: =$F10*GQ10 -> 0 | GW10: Equipes | GX10: =GR6+GR7+GR14+GR15+GR22+GR23+GR30+GR31 -> 0 | GY10: 0 | GZ10: =$F10*GY10 -> 0 | HE10: Equipes | HF10: =GZ6+GZ7+GZ14+GZ15+GZ22+GZ23+GZ30+GZ31 -> 0 | HG10: 0 | HH10: =$F10*HG10 -> 0 | HM10: Equipes | HN10: =HH6+HH7+HH14+HH15+HH22+HH23+HH30+HH31 -> 0 | HO10: 0 | HP10: =$F10*HO10 -> 0 | HU10: Equipes | HV10: =HP6+HP7+HP14+HP15+HP22+HP23+HP30+HP31 -> 0 | HW10: 0 | HX10: =$F10*HW10 -> 0 | IC10: Equipes | ID10: =HX6+HX7+HX14+HX15+HX22+HX23+HX30+HX31 -> 0 | IE10: 0 | IF10: =$F10*IE10 -> 0 | IK10: Equipes | IL10: =IF6+IF7+IF14+IF15+IF22+IF23+IF30+IF31 -> 0 | IM10: 0 | IN10: =$F10*IM10 -> 0 | IS10: Equipes | IT10: =IN6+IN7+IN14+IN15+IN22+IN23+IN30+IN31 -> 0
D11: Marteau piqueur | E11: Jour | F11: 15 | G11: 0 | H11: =$F11*G11 -> 0 | I11: Mise à la côte de regard/avaloir | K11: =SUM(H$5:H$12)*J11 -> 0 | M11: Matériel | N11: =SUM(H5:H36)-N10 -> 665.12 | O11: 0 | P11: =$F11*O11 -> 0 | Q11: Mise à la côte de regard/avaloir | S11: =SUM(P$5:P$12)*R11 -> 0 | U11: Matériel | V11: =SUM(P5:P36)-V10 -> 132.78 | W11: 0 | X11: =$F11*W11 -> 0 | Y11: Mise à la côte de regard/avaloir | AA11: =SUM(X$5:X$12)*Z11 -> 0 | AC11: Matériel | AD11: =SUM(X5:X36)-AD10 -> 0 | AE11: 0 | AF11: =$F11*AE11 -> 0 | AG11: Mise à la côte de regard/avaloir | AI11: =SUM(AF$5:AF$12)*AH11 -> 0 | AK11: Matériel | AL11: =SUM(AF5:AF36)-AL10 -> 0 | AM11: 0 | AN11: =$F11*AM11 -> 0 | AO11: Mise à la côte de regard/avaloir | AQ11: =SUM(AN$5:AN$12)*AP11 -> 0 | AS11: Matériel | AT11: =SUM(AN5:AN36)-AT10 -> 0 | AU11: 0 | AV11: =$F11*AU11 -> 0 | AW11: Mise à la côte de regard/avaloir | AY11: =SUM(AV$5:AV$12)*AX11 -> 0 | BA11: Matériel | BB11: =SUM(AV5:AV36)-BB10 -> 0 | BC11: 0 | BD11: =$F11*BC11 -> 0 | BE11: Mise à la côte de regard/avaloir | BG11: =SUM(BD$5:BD$12)*BF11 -> 0 | BI11: Matériel | BJ11: =SUM(BD5:BD36)-BJ10 -> 639.22 | BK11: 0 | BL11: =$F11*BK11 -> 0 | BM11: Mise à la côte de regard/avaloir | BN11: 1 | BO11: =SUM(BL$5:BL$12)*BN11 -> 604.95 | BQ11: Matériel | BR11: =SUM(BL5:BL36)-BR10 -> 988.34 | BS11: 0 | BT11: =$F11*BS11 -> 0 | BU11: Mise à la côte de regard/avaloir | BV11: 1 | BW11: =SUM(BT$5:BT$12)*BV11 -> 604.95 | BY11: Matériel | BZ11: =SUM(BT5:BT36)-BZ10 -> 681.995 | CA11: 0 | CB11: =$F11*CA11 -> 0 | CC11: Mise à la côte de regard/avaloir | CE11: =SUM(CB$5:CB$12)*CD11 -> 0 | CG11: Matériel | CH11: =SUM(CB5:CB36)-CH10 -> 0 | CI11: 0 | CJ11: =$F11*CI11 -> 0 | CK11: Mise à la côte de regard/avaloir | CM11: =SUM(CJ$5:CJ$12)*CL11 -> 0 | CO11: Matériel | CP11: =SUM(CJ5:CJ36)-CP10 -> 0 | CQ11: 0 | CR11: =$F11*CQ11 -> 0 | CS11: Mise à la côte de regard/avaloir | CU11: =SUM(CR$5:CR$12)*CT11 -> 0 | CW11: Matériel | CX11: =SUM(CR5:CR36)-CX10 -> 985.09 | CY11: 0 | CZ11: =$F11*CY11 -> 0 | DA11: Mise à la côte de regard/avaloir | DC11: =SUM(CZ$5:CZ$12)*DB11 -> 0 | DE11: Matériel | DF11: =SUM(CZ5:CZ36)-DF10 -> 995.7 | DG11: 0 | DH11: =$F11*DG11 -> 0 | DI11: Mise à la côte de regard/avaloir | DK11: =SUM(DH$5:DH$12)*DJ11 -> 0 | DM11: Matériel | DN11: =SUM(DH5:DH36)-DN10 -> 934.68 | DO11: 0 | DP11: =$F11*DO11 -> 0 | DQ11: Mise à la côte de regard/avaloir | DS11: =SUM(DP$5:DP$12)*DR11 -> 0 | DU11: Matériel | DV11: =SUM(DP5:DP36)-DV10 -> 240.77 | DW11: 0 | DX11: =$F11*DW11 -> 0 | DY11: Mise à la côte de regard/avaloir | DZ11: 0.7 | EA11: =SUM(DX$5:DX$12)*DZ11 -> 525.539 | EC11: Matériel | ED11: =SUM(DX5:DX36)-ED10 -> 905.57 | EE11: 0 | EF11: =$F11*EE11 -> 0 | EG11: Mise à la côte de regard/avaloir | EI11: =SUM(EF$5:EF$12)*EH11 -> 0 | EK11: Matériel | EL11: =SUM(EF5:EF36)-EL10 -> 0 | EM11: 0 | EN11: =$F11*EM11 -> 0 | EO11: Mise à la côte de regard/avaloir | EQ11: =SUM(EN$5:EN$12)*EP11 -> 0 | ES11: Matériel | ET11: =SUM(EN5:EN36)-ET10 -> 0 | EU11: 0 | EV11: =$F11*EU11 -> 0 | EW11: Mise à la côte de regard/avaloir | EY11: =SUM(EV$5:EV$12)*EX11 -> 0 | FA11: Matériel | FB11: =SUM(EV5:EV36)-FB10 -> 0 | FC11: 0 | FD11: =$F11*FC11 -> 0 | FE11: Mise à la côte de regard/avaloir | FG11: =SUM(FD$5:FD$12)*FF11 -> 0 | FI11: Matériel | FJ11: =SUM(FD5:FD36)-FJ10 -> 0 | FK11: 0 | FL11: =$F11*FK11 -> 0 | FM11: Mise à la côte de regard/avaloir | FO11: =SUM(FL$5:FL$12)*FN11 -> 0 | FQ11: Matériel | FR11: =SUM(FL5:FL36)-FR10 -> 0 | FS11: 0 | FT11: =$F11*FS11 -> 0 | FU11: Mise à la côte de regard/avaloir | FW11: =SUM(FT$5:FT$12)*FV11 -> 0 | FY11: Matériel | FZ11: =SUM(FT5:FT36)-FZ10 -> 0 | GA11: 0 | GB11: =$F11*GA11 -> 0 | GC11: Mise à la côte de regard/avaloir | GE11: =SUM(GB$5:GB$12)*GD11 -> 0 | GG11: Matériel | GH11: =SUM(GB5:GB36)-GH10 -> 0 | GI11: 0 | GJ11: =$F11*GI11 -> 0 | GK11: Mise à la côte de regard/avaloir | GM11: =SUM(GJ$5:GJ$12)*GL11 -> 0 | GO11: Matériel | GP11: =SUM(GJ5:GJ36)-GP10 -> 0 | GQ11: 0 | GR11: =$F11*GQ11 -> 0 | GS11: Mise à la côte de regard/avaloir | GU11: =SUM(GR$5:GR$12)*GT11 -> 0 | GW11: Matériel | GX11: =SUM(GR5:GR36)-GX10 -> 0 | GY11: 0 | GZ11: =$F11*GY11 -> 0 | HA11: Mise à la côte de regard/avaloir | HC11: =SUM(GZ$5:GZ$12)*HB11 -> 0 | HE11: Matériel | HF11: =SUM(GZ5:GZ36)-HF10 -> 0 | HG11: 0 | HH11: =$F11*HG11 -> 0 | HI11: Mise à la côte de regard/avaloir | HK11: =SUM(HH$5:HH$12)*HJ11 -> 0 | HM11: Matériel | HN11: =SUM(HH5:HH36)-HN10 -> 0 | HO11: 0 | HP11: =$F11*HO11 -> 0 | HQ11: Mise à la côte de regard/avaloir | HS11: =SUM(HP$5:HP$12)*HR11 -> 0 | HU11: Matériel | HV11: =SUM(HP5:HP36)-HV10 -> 0 | HW11: 0 | HX11: =$F11*HW11 -> 0 | HY11: Mise à la côte de regard/avaloir | IA11: =SUM(HX$5:HX$12)*HZ11 -> 0 | IC11: Matériel | ID11: =SUM(HX5:HX36)-ID10 -> 0 | IE11: 0 | IF11: =$F11*IE11 -> 0 | IG11: Mise à la côte de regard/avaloir | II11: =SUM(IF$5:IF$12)*IH11 -> 0 | IK11: Matériel | IL11: =SUM(IF5:IF36)-IL10 -> 0 | IM11: 0 | IN11: =$F11*IM11 -> 0 | IO11: Mise à la côte de regard/avaloir | IQ11: =SUM(IN$5:IN$12)*IP11 -> 0 | IS11: Matériel | IT11: =SUM(IN5:IN36)-IT10 -> 0
D12: Traietor rost | E12: Jour | F12: 14.18 | G12: 0 | H12: =$F12*G12 -> 0 | M12: Matériaux | N12: =SUM(M39:M41)+SUM(M44:M45) -> 0 | O12: 0 | P12: =$F12*O12 -> 0 | U12: Matériaux | V12: =SUM(U39:U41)+SUM(U44:U45) -> 0 | W12: 0 | X12: =$F12*W12 -> 0 | AC12: Matériaux | AD12: =SUM(AC39:AC41)+SUM(AC44:AC45) -> 0 | AE12: 0 | AF12: =$F12*AE12 -> 0 | AK12: Matériaux | AL12: =SUM(AK39:AK41)+SUM(AK44:AK45) -> 0 | AM12: 0 | AN12: =$F12*AM12 -> 0 | AS12: Matériaux | AT12: =SUM(AS39:AS41)+SUM(AS44:AS45) -> 0 | AU12: 0 | AV12: =$F12*AU12 -> 0 | BA12: Matériaux | BB12: =SUM(BA39:BA41)+SUM(BA44:BA45) -> 0 | BC12: 0 | BD12: =$F12*BC12 -> 0 | BI12: Matériaux | BJ12: =SUM(BI39:BI41)+SUM(BI44:BI45) -> 1829 | BK12: 1 | BL12: =$F12*BK12 -> 14.18 | BQ12: Matériaux | BR12: =SUM(BQ39:BQ41)+SUM(BQ44:BQ45) -> 3015 | BS12: 1 | BT12: =$F12*BS12 -> 14.18 | BY12: Matériaux | BZ12: =SUM(BY39:BY41)+SUM(BY44:BY45) -> 2329 | CA12: 0 | CB12: =$F12*CA12 -> 0 | CG12: Matériaux | CH12: =SUM(CG39:CG41)+SUM(CG44:CG45) -> 0 | CI12: 0 | CJ12: =$F12*CI12 -> 0 | CO12: Matériaux | CP12: =SUM(CO39:CO41)+SUM(CO44:CO45) -> 0 | CQ12: 0 | CR12: =$F12*CQ12 -> 0 | CW12: Matériaux | CX12: =SUM(CW39:CW41)+SUM(CW44:CW45) -> 2219 | CY12: 0 | CZ12: =$F12*CY12 -> 0 | DE12: Matériaux | DF12: =SUM(DE39:DE41)+SUM(DE44:DE45) -> 1829 | DG12: 0 | DH12: =$F12*DG12 -> 0 | DM12: Matériaux | DN12: =SUM(DM39:DM41)+SUM(DM44:DM45) -> 2745 | DO12: 0 | DP12: =$F12*DO12 -> 0 | DU12: Matériaux | DV12: =SUM(DU39:DU41)+SUM(DU44:DU45) -> 0 | DW12: 0 | DX12: =$F12*DW12 -> 0 | EC12: Matériaux | ED12: =SUM(EC39:EC41)+SUM(EC44:EC45) -> 2170 | EE12: 0 | EF12: =$F12*EE12 -> 0 | EK12: Matériaux | EL12: =SUM(EK39:EK41)+SUM(EK44:EK45) -> 0 | EM12: 0 | EN12: =$F12*EM12 -> 0 | ES12: Matériaux | ET12: =SUM(ES39:ES41)+SUM(ES44:ES45) -> 0 | EU12: 0 | EV12: =$F12*EU12 -> 0 | FA12: Matériaux | FB12: =SUM(FA39:FA41)+SUM(FA44:FA45) -> 0 | FC12: 0 | FD12: =$F12*FC12 -> 0 | FI12: Matériaux | FJ12: =SUM(FI39:FI41)+SUM(FI44:FI45) -> 0 | FK12: 0 | FL12: =$F12*FK12 -> 0 | FQ12: Matériaux | FR12: =SUM(FQ39:FQ41)+SUM(FQ44:FQ45) -> 0 | FS12: 0 | FT12: =$F12*FS12 -> 0 | FY12: Matériaux | FZ12: =SUM(FY39:FY41)+SUM(FY44:FY45) -> 0 | GA12: 0 | GB12: =$F12*GA12 -> 0 | GG12: Matériaux | GH12: =SUM(GG39:GG41)+SUM(GG44:GG45) -> 0 | GI12: 0 | GJ12: =$F12*GI12 -> 0 | GO12: Matériaux | GP12: =SUM(GO39:GO41)+SUM(GO44:GO45) -> 0 | GQ12: 0 | GR12: =$F12*GQ12 -> 0 | GW12: Matériaux | GX12: =SUM(GW39:GW41)+SUM(GW44:GW45) -> 0 | GY12: 0 | GZ12: =$F12*GY12 -> 0 | HE12: Matériaux | HF12: =SUM(HE39:HE41)+SUM(HE44:HE45) -> 0 | HG12: 0 | HH12: =$F12*HG12 -> 0 | HM12: Matériaux | HN12: =SUM(HM39:HM41)+SUM(HM44:HM45) -> 0 | HO12: 0 | HP12: =$F12*HO12 -> 0 | HU12: Matériaux | HV12: =SUM(HU39:HU41)+SUM(HU44:HU45) -> 0 | HW12: 0 | HX12: =$F12*HW12 -> 0 | IC12: Matériaux | ID12: =SUM(IC39:IC41)+SUM(IC44:IC45) -> 0 | IE12: 0 | IF12: =$F12*IE12 -> 0 | IK12: Matériaux | IL12: =SUM(IK39:IK41)+SUM(IK44:IK45) -> 0 | IM12: 0 | IN12: =$F12*IM12 -> 0 | IS12: Matériaux | IT12: =SUM(IS39:IS41)+SUM(IS44:IS45) -> 0
D13: Renault Mascott + carburant B-87-JED | E13: Jour | F13: =217.74+49.68 -> 267.42 | G13: 1 | H13: =$F13*G13 -> 267.42 | I13: Ballast | J13: 0.5 | K13: =SUM(H$13:H$20)*J13 -> 427.935 | M13: Total | N13: =SUM(N10:N12) -> 1685.12 | O13: 0 | P13: =$F13*O13 -> 0 | Q13: Ballast | S13: =SUM(P$13:P$20)*R13 -> 0 | U13: Total | V13: =SUM(V10:V12) -> 307.78 | W13: 0 | X13: =$F13*W13 -> 0 | Y13: Ballast | AA13: =SUM(X$13:X$20)*Z13 -> 0 | AC13: Total | AD13: =SUM(AD10:AD12) -> 0 | AE13: 0 | AF13: =$F13*AE13 -> 0 | AG13: Ballast | AI13: =SUM(AF$13:AF$20)*AH13 -> 0 | AK13: Total | AL13: =SUM(AL10:AL12) -> 0 | AM13: 0 | AN13: =$F13*AM13 -> 0 | AO13: Ballast | AQ13: =SUM(AN$13:AN$20)*AP13 -> 0 | AS13: Total | AT13: =SUM(AT10:AT12) -> 0 | AU13: 0 | AV13: =$F13*AU13 -> 0 | AW13: Ballast | AY13: =SUM(AV$13:AV$20)*AX13 -> 0 | BA13: Total | BB13: =SUM(BB10:BB12) -> 0 | BC13: 0 | BD13: =$F13*BC13 -> 0 | BE13: Ballast | BG13: =SUM(BD$13:BD$20)*BF13 -> 0 | BI13: Total | BJ13: =SUM(BJ10:BJ12) -> 4158.22 | BK13: 1 | BL13: =$F13*BK13 -> 267.42 | BM13: Ballast | BO13: =SUM(BL$13:BL$20)*BN13 -> 0 | BQ13: Total | BR13: =SUM(BR10:BR12) -> 5883.34 | BS13: 1 | BT13: =$F13*BS13 -> 267.42 | BU13: Ballast | BW13: =SUM(BT$13:BT$20)*BV13 -> 0 | BY13: Total | BZ13: =SUM(BZ10:BZ12) -> 4125.995 | CA13: 0 | CB13: =$F13*CA13 -> 0 | CC13: Ballast | CE13: =SUM(CB$13:CB$20)*CD13 -> 0 | CG13: Total | CH13: =SUM(CH10:CH12) -> 0 | CI13: 0 | CJ13: =$F13*CI13 -> 0 | CK13: Ballast | CM13: =SUM(CJ$13:CJ$20)*CL13 -> 0 | CO13: Total | CP13: =SUM(CP10:CP12) -> 0 | CQ13: 1 | CR13: =$F13*CQ13 -> 267.42 | CS13: Ballast | CT13: 0.5 | CU13: =SUM(CR$13:CR$20)*CT13 -> 440.33 | CW13: Total | CX13: =SUM(CX10:CX12) -> 4924.09 | CY13: 1 | CZ13: =$F13*CY13 -> 267.42 | DA13: Ballast | DB13: 0.5 | DC13: =SUM(CZ$13:CZ$20)*DB13 -> 440.33 | DE13: Total | DF13: =SUM(DF10:DF12) -> 4704.7 | DG13: 1 | DH13: =$F13*DG13 -> 267.42 | DI13: Ballast | DK13: =SUM(DH$13:DH$20)*DJ13 -> 0 | DM13: Total | DN13: =SUM(DN10:DN12) -> 5559.68 | DO13: 0 | DP13: =$F13*DO13 -> 0 | DQ13: Ballast | DS13: =SUM(DP$13:DP$20)*DR13 -> 0 | DU13: Total | DV13: =SUM(DV10:DV12) -> 750.77 | DW13: 1 | DX13: =$F13*DW13 -> 267.42 | DY13: Ballast | EA13: =SUM(DX$13:DX$20)*DZ13 -> 0 | EC13: Total | ED13: =SUM(ED10:ED12) -> 4605.57 | EE13: 0 | EF13: =$F13*EE13 -> 0 | EG13: Ballast | EI13: =SUM(EF$13:EF$20)*EH13 -> 0 | EK13: Total | EL13: =SUM(EL10:EL12) -> 0 | EM13: 0 | EN13: =$F13*EM13 -> 0 | EO13: Ballast | EQ13: =SUM(EN$13:EN$20)*EP13 -> 0 | ES13: Total | ET13: =SUM(ET10:ET12) -> 0 | EU13: 0 | EV13: =$F13*EU13 -> 0 | EW13: Ballast | EY13: =SUM(EV$13:EV$20)*EX13 -> 0 | FA13: Total | FB13: =SUM(FB10:FB12) -> 0 | FC13: 0 | FD13: =$F13*FC13 -> 0 | FE13: Ballast | FG13: =SUM(FD$13:FD$20)*FF13 -> 0 | FI13: Total | FJ13: =SUM(FJ10:FJ12) -> 0 | FK13: 0 | FL13: =$F13*FK13 -> 0 | FM13: Ballast | FO13: =SUM(FL$13:FL$20)*FN13 -> 0 | FQ13: Total | FR13: =SUM(FR10:FR12) -> 0 | FS13: 0 | FT13: =$F13*FS13 -> 0 | FU13: Ballast | FW13: =SUM(FT$13:FT$20)*FV13 -> 0 | FY13: Total | FZ13: =SUM(FZ10:FZ12) -> 0 | GA13: 0 | GB13: =$F13*GA13 -> 0 | GC13: Ballast | GE13: =SUM(GB$13:GB$20)*GD13 -> 0 | GG13: Total | GH13: =SUM(GH10:GH12) -> 0 | GI13: 0 | GJ13: =$F13*GI13 -> 0 | GK13: Ballast | GM13: =SUM(GJ$13:GJ$20)*GL13 -> 0 | GO13: Total | GP13: =SUM(GP10:GP12) -> 0 | GQ13: 0 | GR13: =$F13*GQ13 -> 0 | GS13: Ballast | GU13: =SUM(GR$13:GR$20)*GT13 -> 0 | GW13: Total | GX13: =SUM(GX10:GX12) -> 0 | GY13: 0 | GZ13: =$F13*GY13 -> 0 | HA13: Ballast | HC13: =SUM(GZ$13:GZ$20)*HB13 -> 0 | HE13: Total | HF13: =SUM(HF10:HF12) -> 0 | HG13: 0 | HH13: =$F13*HG13 -> 0 | HI13: Ballast | HK13: =SUM(HH$13:HH$20)*HJ13 -> 0 | HM13: Total | HN13: =SUM(HN10:HN12) -> 0 | HO13: 0 | HP13: =$F13*HO13 -> 0 | HQ13: Ballast | HS13: =SUM(HP$13:HP$20)*HR13 -> 0 | HU13: Total | HV13: =SUM(HV10:HV12) -> 0 | HW13: 0 | HX13: =$F13*HW13 -> 0 | HY13: Ballast | IA13: =SUM(HX$13:HX$20)*HZ13 -> 0 | IC13: Total | ID13: =SUM(ID10:ID12) -> 0 | IE13: 0 | IF13: =$F13*IE13 -> 0 | IG13: Ballast | II13: =SUM(IF$13:IF$20)*IH13 -> 0 | IK13: Total | IL13: =SUM(IL10:IL12) -> 0 | IM13: 0 | IN13: =$F13*IM13 -> 0 | IO13: Ballast | IQ13: =SUM(IN$13:IN$20)*IP13 -> 0 | IS13: Total | IT13: =SUM(IT10:IT12) -> 0
D14: Conducator | E14: Jour | F14: 190 | G14: =IF(G13=0,0,1) -> 1 | H14: =$F14*G14 -> 190 | O14: =IF(O13=0,0,1) -> 0 | P14: =$F14*O14 -> 0 | W14: =IF(W13=0,0,1) -> 0 | X14: =$F14*W14 -> 0 | AE14: =IF(AE13=0,0,1) -> 0 | AF14: =$F14*AE14 -> 0 | AM14: =IF(AM13=0,0,1) -> 0 | AN14: =$F14*AM14 -> 0 | AU14: =IF(AU13=0,0,1) -> 0 | AV14: =$F14*AU14 -> 0 | BC14: =IF(BC13=0,0,1) -> 0 | BD14: =$F14*BC14 -> 0 | BK14: =IF(BK13=0,0,1) -> 1 | BL14: =$F14*BK14 -> 190 | BS14: 1 | BT14: =$F14*BS14 -> 190 | CA14: =IF(CA13=0,0,1) -> 0 | CB14: =$F14*CA14 -> 0 | CI14: =IF(CI13=0,0,1) -> 0 | CJ14: =$F14*CI14 -> 0 | CQ14: =IF(CQ13=0,0,1) -> 1 | CR14: =$F14*CQ14 -> 190 | CY14: =IF(CY13=0,0,1) -> 1 | CZ14: =$F14*CY14 -> 190 | DG14: =IF(DG13=0,0,1) -> 1 | DH14: =$F14*DG14 -> 190 | DO14: =IF(DO13=0,0,1) -> 0 | DP14: =$F14*DO14 -> 0 | DW14: =IF(DW13=0,0,1) -> 1 | DX14: =$F14*DW14 -> 190 | EE14: =IF(EE13=0,0,1) -> 0 | EF14: =$F14*EE14 -> 0 | EM14: =IF(EM13=0,0,1) -> 0 | EN14: =$F14*EM14 -> 0 | EU14: =IF(EU13=0,0,1) -> 0 | EV14: =$F14*EU14 -> 0 | FC14: =IF(FC13=0,0,1) -> 0 | FD14: =$F14*FC14 -> 0 | FK14: =IF(FK13=0,0,1) -> 0 | FL14: =$F14*FK14 -> 0 | FS14: =IF(FS13=0,0,1) -> 0 | FT14: =$F14*FS14 -> 0 | GA14: =IF(GA13=0,0,1) -> 0 | GB14: =$F14*GA14 -> 0 | GI14: =IF(GI13=0,0,1) -> 0 | GJ14: =$F14*GI14 -> 0 | GQ14: =IF(GQ13=0,0,1) -> 0 | GR14: =$F14*GQ14 -> 0 | GY14: =IF(GY13=0,0,1) -> 0 | GZ14: =$F14*GY14 -> 0 | HG14: =IF(HG13=0,0,1) -> 0 | HH14: =$F14*HG14 -> 0 | HO14: =IF(HO13=0,0,1) -> 0 | HP14: =$F14*HO14 -> 0 | HW14: =IF(HW13=0,0,1) -> 0 | HX14: =$F14*HW14 -> 0 | IE14: =IF(IE13=0,0,1) -> 0 | IF14: =$F14*IE14 -> 0 | IM14: =IF(IM13=0,0,1) -> 0 | IN14: =$F14*IM14 -> 0
D15: Muncitorii | E15: Jour | F15: 160 | G15: =IF(G13=0,0,2) -> 2 | H15: =$F15*G15 -> 320 | I15: Béton | J15: 0.5 | K15: =SUM(H$13:H$20)*J15 -> 427.935 | M15: Prix BPU | N15: Recettes | O15: =IF(O13=0,0,2) -> 0 | P15: =$F15*O15 -> 0 | Q15: Béton | S15: =SUM(P$13:P$20)*R15 -> 0 | U15: Prix BPU | V15: Recettes | W15: =IF(W13=0,0,2) -> 0 | X15: =$F15*W15 -> 0 | Y15: Béton | AA15: =SUM(X$13:X$20)*Z15 -> 0 | AC15: Prix BPU | AD15: Recettes | AE15: =IF(AE13=0,0,2) -> 0 | AF15: =$F15*AE15 -> 0 | AG15: Béton | AI15: =SUM(AF$13:AF$20)*AH15 -> 0 | AK15: Prix BPU | AL15: Recettes | AM15: =IF(AM13=0,0,2) -> 0 | AN15: =$F15*AM15 -> 0 | AO15: Béton | AQ15: =SUM(AN$13:AN$20)*AP15 -> 0 | AS15: Prix BPU | AT15: Recettes | AU15: =IF(AU13=0,0,2) -> 0 | AV15: =$F15*AU15 -> 0 | AW15: Béton | AY15: =SUM(AV$13:AV$20)*AX15 -> 0 | BA15: Prix BPU | BB15: Recettes | BC15: =IF(BC13=0,0,2) -> 0 | BD15: =$F15*BC15 -> 0 | BE15: Béton | BG15: =SUM(BD$13:BD$20)*BF15 -> 0 | BI15: Prix BPU | BJ15: Recettes | BK15: =IF(BK13=0,0,2) -> 2 | BL15: =$F15*BK15 -> 320 | BM15: Béton | BO15: =SUM(BL$13:BL$20)*BN15 -> 0 | BQ15: Prix BPU | BR15: Recettes | BS15: 2 | BT15: =$F15*BS15 -> 320 | BU15: Béton | BW15: =SUM(BT$13:BT$20)*BV15 -> 0 | BY15: Prix BPU | BZ15: Recettes | CA15: =IF(CA13=0,0,2) -> 0 | CB15: =$F15*CA15 -> 0 | CC15: Béton | CE15: =SUM(CB$13:CB$20)*CD15 -> 0 | CG15: Prix BPU | CH15: Recettes | CI15: =IF(CI13=0,0,2) -> 0 | CJ15: =$F15*CI15 -> 0 | CK15: Béton | CM15: =SUM(CJ$13:CJ$20)*CL15 -> 0 | CO15: Prix BPU | CP15: Recettes | CQ15: =IF(CQ13=0,0,2) -> 2 | CR15: =$F15*CQ15 -> 320 | CS15: Béton | CT15: 0.5 | CU15: =SUM(CR$13:CR$20)*CT15 -> 440.33 | CW15: Prix BPU | CX15: Recettes | CY15: =IF(CY13=0,0,2) -> 2 | CZ15: =$F15*CY15 -> 320 | DA15: Béton | DB15: 0.5 | DC15: =SUM(CZ$13:CZ$20)*DB15 -> 440.33 | DE15: Prix BPU | DF15: Recettes | DG15: =IF(DG13=0,0,2) -> 2 | DH15: =$F15*DG15 -> 320 | DI15: Béton | DJ15: 0.5 | DK15: =SUM(DH$13:DH$20)*DJ15 -> 408.195 | DM15: Prix BPU | DN15: Recettes | DO15: =IF(DO13=0,0,2) -> 0 | DP15: =$F15*DO15 -> 0 | DQ15: Béton | DS15: =SUM(DP$13:DP$20)*DR15 -> 0 | DU15: Prix BPU | DV15: Recettes | DW15: =IF(DW13=0,0,2) -> 2 | DX15: =$F15*DW15 -> 320 | DY15: Béton | EA15: =SUM(DX$13:DX$20)*DZ15 -> 0 | EC15: Prix BPU | ED15: Recettes | EE15: =IF(EE13=0,0,2) -> 0 | EF15: =$F15*EE15 -> 0 | EG15: Béton | EI15: =SUM(EF$13:EF$20)*EH15 -> 0 | EK15: Prix BPU | EL15: Recettes | EM15: =IF(EM13=0,0,2) -> 0 | EN15: =$F15*EM15 -> 0 | EO15: Béton | EQ15: =SUM(EN$13:EN$20)*EP15 -> 0 | ES15: Prix BPU | ET15: Recettes | EU15: =IF(EU13=0,0,2) -> 0 | EV15: =$F15*EU15 -> 0 | EW15: Béton | EY15: =SUM(EV$13:EV$20)*EX15 -> 0 | FA15: Prix BPU | FB15: Recettes | FC15: =IF(FC13=0,0,2) -> 0 | FD15: =$F15*FC15 -> 0 | FE15: Béton | FG15: =SUM(FD$13:FD$20)*FF15 -> 0 | FI15: Prix BPU | FJ15: Recettes | FK15: =IF(FK13=0,0,2) -> 0 | FL15: =$F15*FK15 -> 0 | FM15: Béton | FO15: =SUM(FL$13:FL$20)*FN15 -> 0 | FQ15: Prix BPU | FR15: Recettes | FS15: =IF(FS13=0,0,2) -> 0 | FT15: =$F15*FS15 -> 0 | FU15: Béton | FW15: =SUM(FT$13:FT$20)*FV15 -> 0 | FY15: Prix BPU | FZ15: Recettes | GA15: =IF(GA13=0,0,2) -> 0 | GB15: =$F15*GA15 -> 0 | GC15: Béton | GE15: =SUM(GB$13:GB$20)*GD15 -> 0 | GG15: Prix BPU | GH15: Recettes | GI15: =IF(GI13=0,0,2) -> 0 | GJ15: =$F15*GI15 -> 0 | GK15: Béton | GM15: =SUM(GJ$13:GJ$20)*GL15 -> 0 | GO15: Prix BPU | GP15: Recettes | GQ15: =IF(GQ13=0,0,2) -> 0 | GR15: =$F15*GQ15 -> 0 | GS15: Béton | GU15: =SUM(GR$13:GR$20)*GT15 -> 0 | GW15: Prix BPU | GX15: Recettes | GY15: =IF(GY13=0,0,2) -> 0 | GZ15: =$F15*GY15 -> 0 | HA15: Béton | HC15: =SUM(GZ$13:GZ$20)*HB15 -> 0 | HE15: Prix BPU | HF15: Recettes | HG15: =IF(HG13=0,0,2) -> 0 | HH15: =$F15*HG15 -> 0 | HI15: Béton | HK15: =SUM(HH$13:HH$20)*HJ15 -> 0 | HM15: Prix BPU | HN15: Recettes | HO15: =IF(HO13=0,0,2) -> 0 | HP15: =$F15*HO15 -> 0 | HQ15: Béton | HS15: =SUM(HP$13:HP$20)*HR15 -> 0 | HU15: Prix BPU | HV15: Recettes | HW15: =IF(HW13=0,0,2) -> 0 | HX15: =$F15*HW15 -> 0 | HY15: Béton | IA15: =SUM(HX$13:HX$20)*HZ15 -> 0 | IC15: Prix BPU | ID15: Recettes | IE15: =IF(IE13=0,0,2) -> 0 | IF15: =$F15*IE15 -> 0 | IG15: Béton | II15: =SUM(IF$13:IF$20)*IH15 -> 0 | IK15: Prix BPU | IL15: Recettes | IM15: =IF(IM13=0,0,2) -> 0 | IN15: =$F15*IM15 -> 0 | IO15: Béton | IQ15: =SUM(IN$13:IN$20)*IP15 -> 0 | IS15: Prix BPU | IT15: Recettes
D16: Compressor | E16: Jour | F16: 38.34 | G16: 1 | H16: =$F16*G16 -> 38.34 | L16: Ballast | N16: =M16*J39 -> 0 | O16: 0 | P16: =$F16*O16 -> 0 | T16: Ballast | V16: =U16*R39 -> 0 | W16: 0 | X16: =$F16*W16 -> 0 | AB16: Ballast | AD16: =AC16*Z39 -> 0 | AE16: 0 | AF16: =$F16*AE16 -> 0 | AJ16: Ballast | AL16: =AK16*AH39 -> 0 | AM16: 0 | AN16: =$F16*AM16 -> 0 | AR16: Ballast | AT16: =AS16*AP39 -> 0 | AU16: 0 | AV16: =$F16*AU16 -> 0 | AZ16: Ballast | BB16: =BA16*AX39 -> 0 | BC16: 0 | BD16: =$F16*BC16 -> 0 | BH16: Ballast | BJ16: =BI16*BF39 -> 0 | BK16: 1 | BL16: =$F16*BK16 -> 38.34 | BP16: Ballast | BR16: =BQ16*BN39 -> 0 | BS16: 0 | BT16: =$F16*BS16 -> 0 | BX16: Ballast | BZ16: =BY16*BV39 -> 0 | CA16: 0 | CB16: =$F16*CA16 -> 0 | CF16: Ballast | CH16: =CG16*CD39 -> 0 | CI16: 0 | CJ16: =$F16*CI16 -> 0 | CN16: Ballast | CP16: =CO16*CL39 -> 0 | CQ16: 1 | CR16: =$F16*CQ16 -> 38.34 | CV16: Ballast | CX16: =CW16*CT39 -> 0 | CY16: 1 | CZ16: =$F16*CY16 -> 38.34 | DD16: Ballast | DF16: =DE16*DB39 -> 0 | DG16: 0 | DH16: =$F16*DG16 -> 0 | DL16: Ballast | DN16: =DM16*DJ39 -> 0 | DO16: 0 | DP16: =$F16*DO16 -> 0 | DT16: Ballast | DV16: =DU16*DR39 -> 0 | DW16: 1 | DX16: =$F16*DW16 -> 38.34 | EB16: Ballast | ED16: =EC16*DZ39 -> 0 | EE16: 0 | EF16: =$F16*EE16 -> 0 | EJ16: Ballast | EL16: =EK16*EH39 -> 0 | EM16: 0 | EN16: =$F16*EM16 -> 0 | ER16: Ballast | ET16: =ES16*EP39 -> 0 | EU16: 0 | EV16: =$F16*EU16 -> 0 | EZ16: Ballast | FB16: =FA16*EX39 -> 0 | FC16: 0 | FD16: =$F16*FC16 -> 0 | FH16: Ballast | FJ16: =FI16*FF39 -> 0 | FK16: 0 | FL16: =$F16*FK16 -> 0 | FP16: Ballast | FR16: =FQ16*FN39 -> 0 | FS16: 0 | FT16: =$F16*FS16 -> 0 | FX16: Ballast | FZ16: =FY16*FV39 -> 0 | GA16: 0 | GB16: =$F16*GA16 -> 0 | GF16: Ballast | GH16: =GG16*GD39 -> 0 | GI16: 0 | GJ16: =$F16*GI16 -> 0 | GN16: Ballast | GP16: =GO16*GL39 -> 0 | GQ16: 0 | GR16: =$F16*GQ16 -> 0 | GV16: Ballast | GX16: =GW16*GT39 -> 0 | GY16: 0 | GZ16: =$F16*GY16 -> 0 | HD16: Ballast | HF16: =HE16*HB39 -> 0 | HG16: 0 | HH16: =$F16*HG16 -> 0 | HL16: Ballast | HN16: =HM16*HJ39 -> 0 | HO16: 0 | HP16: =$F16*HO16 -> 0 | HT16: Ballast | HV16: =HU16*HR39 -> 0 | HW16: 0 | HX16: =$F16*HW16 -> 0 | IB16: Ballast | ID16: =IC16*HZ39 -> 0 | IE16: 0 | IF16: =$F16*IE16 -> 0 | IJ16: Ballast | IL16: =IK16*IH39 -> 0 | IM16: 0 | IN16: =$F16*IM16 -> 0 | IR16: Ballast | IT16: =IS16*IP39 -> 0
D17: Placa vibranta | E17: Jour | F17: 24.79 | G17: 0 | H17: =$F17*G17 -> 0 | I17: Asphalte | K17: =SUM(H$13:H$20)*J17 -> 0 | L17: Béton | N17: =M17*J40 -> 0 | O17: 0 | P17: =$F17*O17 -> 0 | Q17: Asphalte | S17: =SUM(P$13:P$20)*R17 -> 0 | T17: Béton | V17: =U17*R40 -> 0 | W17: 0 | X17: =$F17*W17 -> 0 | Y17: Asphalte | AA17: =SUM(X$13:X$20)*Z17 -> 0 | AB17: Béton | AD17: =AC17*Z40 -> 0 | AE17: 0 | AF17: =$F17*AE17 -> 0 | AG17: Asphalte | AI17: =SUM(AF$13:AF$20)*AH17 -> 0 | AJ17: Béton | AL17: =AK17*AH40 -> 0 | AM17: 0 | AN17: =$F17*AM17 -> 0 | AO17: Asphalte | AQ17: =SUM(AN$13:AN$20)*AP17 -> 0 | AR17: Béton | AT17: =AS17*AP40 -> 0 | AU17: 0 | AV17: =$F17*AU17 -> 0 | AW17: Asphalte | AY17: =SUM(AV$13:AV$20)*AX17 -> 0 | AZ17: Béton | BB17: =BA17*AX40 -> 0 | BC17: 0 | BD17: =$F17*BC17 -> 0 | BE17: Asphalte | BG17: =SUM(BD$13:BD$20)*BF17 -> 0 | BH17: Béton | BJ17: =BI17*BF40 -> 0 | BK17: 0 | BL17: =$F17*BK17 -> 0 | BM17: Asphalte | BO17: =SUM(BL$13:BL$20)*BN17 -> 0 | BP17: Béton | BR17: =BQ17*BN40 -> 0 | BS17: 0 | BT17: =$F17*BS17 -> 0 | BU17: Asphalte | BW17: =SUM(BT$13:BT$20)*BV17 -> 0 | BX17: Béton | BZ17: =BY17*BV40 -> 0 | CA17: 0 | CB17: =$F17*CA17 -> 0 | CC17: Asphalte | CE17: =SUM(CB$13:CB$20)*CD17 -> 0 | CF17: Béton | CH17: =CG17*CD40 -> 0 | CI17: 0 | CJ17: =$F17*CI17 -> 0 | CK17: Asphalte | CM17: =SUM(CJ$13:CJ$20)*CL17 -> 0 | CN17: Béton | CP17: =CO17*CL40 -> 0 | CQ17: 1 | CR17: =$F17*CQ17 -> 24.79 | CS17: Asphalte | CU17: =SUM(CR$13:CR$20)*CT17 -> 0 | CV17: Béton | CX17: =CW17*CT40 -> 0 | CY17: 1 | CZ17: =$F17*CY17 -> 24.79 | DA17: Asphalte | DC17: =SUM(CZ$13:CZ$20)*DB17 -> 0 | DD17: Béton | DF17: =DE17*DB40 -> 0 | DG17: 1 | DH17: =$F17*DG17 -> 24.79 | DI17: Asphalte | DJ17: 0.5 | DK17: =SUM(DH$13:DH$20)*DJ17 -> 408.195 | DL17: Béton | DN17: =DM17*DJ40 -> 0 | DO17: 0 | DP17: =$F17*DO17 -> 0 | DQ17: Asphalte | DS17: =SUM(DP$13:DP$20)*DR17 -> 0 | DT17: Béton | DV17: =DU17*DR40 -> 0 | DW17: 1 | DX17: =$F17*DW17 -> 24.79 | DY17: Asphalte | DZ17: 0.3 | EA17: =SUM(DX$13:DX$20)*DZ17 -> 256.665 | EB17: Béton | ED17: =EC17*DZ40 -> 0 | EE17: 0 | EF17: =$F17*EE17 -> 0 | EG17: Asphalte | EI17: =SUM(EF$13:EF$20)*EH17 -> 0 | EJ17: Béton | EL17: =EK17*EH40 -> 0 | EM17: 0 | EN17: =$F17*EM17 -> 0 | EO17: Asphalte | EQ17: =SUM(EN$13:EN$20)*EP17 -> 0 | ER17: Béton | ET17: =ES17*EP40 -> 0 | EU17: 0 | EV17: =$F17*EU17 -> 0 | EW17: Asphalte | EY17: =SUM(EV$13:EV$20)*EX17 -> 0 | EZ17: Béton | FB17: =FA17*EX40 -> 0 | FC17: 0 | FD17: =$F17*FC17 -> 0 | FE17: Asphalte | FG17: =SUM(FD$13:FD$20)*FF17 -> 0 | FH17: Béton | FJ17: =FI17*FF40 -> 0 | FK17: 0 | FL17: =$F17*FK17 -> 0 | FM17: Asphalte | FO17: =SUM(FL$13:FL$20)*FN17 -> 0 | FP17: Béton | FR17: =FQ17*FN40 -> 0 | FS17: 0 | FT17: =$F17*FS17 -> 0 | FU17: Asphalte | FW17: =SUM(FT$13:FT$20)*FV17 -> 0 | FX17: Béton | FZ17: =FY17*FV40 -> 0 | GA17: 0 | GB17: =$F17*GA17 -> 0 | GC17: Asphalte | GE17: =SUM(GB$13:GB$20)*GD17 -> 0 | GF17: Béton | GH17: =GG17*GD40 -> 0 | GI17: 0 | GJ17: =$F17*GI17 -> 0 | GK17: Asphalte | GM17: =SUM(GJ$13:GJ$20)*GL17 -> 0 | GN17: Béton | GP17: =GO17*GL40 -> 0 | GQ17: 0 | GR17: =$F17*GQ17 -> 0 | GS17: Asphalte | GU17: =SUM(GR$13:GR$20)*GT17 -> 0 | GV17: Béton | GX17: =GW17*GT40 -> 0 | GY17: 0 | GZ17: =$F17*GY17 -> 0 | HA17: Asphalte | HC17: =SUM(GZ$13:GZ$20)*HB17 -> 0 | HD17: Béton | HF17: =HE17*HB40 -> 0 | HG17: 0 | HH17: =$F17*HG17 -> 0 | HI17: Asphalte | HK17: =SUM(HH$13:HH$20)*HJ17 -> 0 | HL17: Béton | HN17: =HM17*HJ40 -> 0 | HO17: 0 | HP17: =$F17*HO17 -> 0 | HQ17: Asphalte | HS17: =SUM(HP$13:HP$20)*HR17 -> 0 | HT17: Béton | HV17: =HU17*HR40 -> 0 | HW17: 0 | HX17: =$F17*HW17 -> 0 | HY17: Asphalte | IA17: =SUM(HX$13:HX$20)*HZ17 -> 0 | IB17: Béton | ID17: =IC17*HZ40 -> 0 | IE17: 0 | IF17: =$F17*IE17 -> 0 | IG17: Asphalte | II17: =SUM(IF$13:IF$20)*IH17 -> 0 | IJ17: Béton | IL17: =IK17*IH40 -> 0 | IM17: 0 | IN17: =$F17*IM17 -> 0 | IO17: Asphalte | IQ17: =SUM(IN$13:IN$20)*IP17 -> 0 | IR17: Béton | IT17: =IS17*IP40 -> 0
D18: Mai compactor | E18: Jour | F18: 10.93 | G18: 1 | H18: =$F18*G18 -> 10.93 | L18: Asphalte | N18: =M18*J41 -> 0 | O18: 0 | P18: =$F18*O18 -> 0 | T18: Asphalte | V18: =U18*R41 -> 0 | W18: 0 | X18: =$F18*W18 -> 0 | AB18: Asphalte | AD18: =AC18*Z41 -> 0 | AE18: 0 | AF18: =$F18*AE18 -> 0 | AJ18: Asphalte | AL18: =AK18*AH41 -> 0 | AM18: 0 | AN18: =$F18*AM18 -> 0 | AR18: Asphalte | AT18: =AS18*AP41 -> 0 | AU18: 0 | AV18: =$F18*AU18 -> 0 | AZ18: Asphalte | BB18: =BA18*AX41 -> 0 | BC18: 0 | BD18: =$F18*BC18 -> 0 | BH18: Asphalte | BJ18: =BI18*BF41 -> 0 | BK18: 0 | BL18: =$F18*BK18 -> 0 | BP18: Asphalte | BR18: =BQ18*BN41 -> 0 | BS18: 0 | BT18: =$F18*BS18 -> 0 | BX18: Asphalte | BZ18: =BY18*BV41 -> 0 | CA18: 0 | CB18: =$F18*CA18 -> 0 | CF18: Asphalte | CH18: =CG18*CD41 -> 0 | CI18: 0 | CJ18: =$F18*CI18 -> 0 | CN18: Asphalte | CP18: =CO18*CL41 -> 0 | CQ18: 1 | CR18: =$F18*CQ18 -> 10.93 | CV18: Asphalte | CX18: =CW18*CT41 -> 0 | CY18: 1 | CZ18: =$F18*CY18 -> 10.93 | DD18: Asphalte | DF18: =DE18*DB41 -> 0 | DG18: 0 | DH18: =$F18*DG18 -> 0 | DL18: Asphalte | DN18: =DM18*DJ41 -> 0 | DO18: 0 | DP18: =$F18*DO18 -> 0 | DT18: Asphalte | DV18: =DU18*DR41 -> 0 | DW18: 0 | DX18: =$F18*DW18 -> 0 | EB18: Asphalte | ED18: =EC18*DZ41 -> 0 | EE18: 0 | EF18: =$F18*EE18 -> 0 | EJ18: Asphalte | EL18: =EK18*EH41 -> 0 | EM18: 0 | EN18: =$F18*EM18 -> 0 | ER18: Asphalte | ET18: =ES18*EP41 -> 0 | EU18: 0 | EV18: =$F18*EU18 -> 0 | EZ18: Asphalte | FB18: =FA18*EX41 -> 0 | FC18: 0 | FD18: =$F18*FC18 -> 0 | FH18: Asphalte | FJ18: =FI18*FF41 -> 0 | FK18: 0 | FL18: =$F18*FK18 -> 0 | FP18: Asphalte | FR18: =FQ18*FN41 -> 0 | FS18: 0 | FT18: =$F18*FS18 -> 0 | FX18: Asphalte | FZ18: =FY18*FV41 -> 0 | GA18: 0 | GB18: =$F18*GA18 -> 0 | GF18: Asphalte | GH18: =GG18*GD41 -> 0 | GI18: 0 | GJ18: =$F18*GI18 -> 0 | GN18: Asphalte | GP18: =GO18*GL41 -> 0 | GQ18: 0 | GR18: =$F18*GQ18 -> 0 | GV18: Asphalte | GX18: =GW18*GT41 -> 0 | GY18: 0 | GZ18: =$F18*GY18 -> 0 | HD18: Asphalte | HF18: =HE18*HB41 -> 0 | HG18: 0 | HH18: =$F18*HG18 -> 0 | HL18: Asphalte | HN18: =HM18*HJ41 -> 0 | HO18: 0 | HP18: =$F18*HO18 -> 0 | HT18: Asphalte | HV18: =HU18*HR41 -> 0 | HW18: 0 | HX18: =$F18*HW18 -> 0 | IB18: Asphalte | ID18: =IC18*HZ41 -> 0 | IE18: 0 | IF18: =$F18*IE18 -> 0 | IJ18: Asphalte | IL18: =IK18*IH41 -> 0 | IM18: 0 | IN18: =$F18*IM18 -> 0 | IR18: Asphalte | IT18: =IS18*IP41 -> 0
D19: Marteau piqueur | E19: Jour | F19: 15 | G19: 1 | H19: =$F19*G19 -> 15 | I19: Mise à la côte de regard/avaloir | K19: =SUM(H$13:H$20)*J19 -> 0 | L19: Regards | N19: =M19*J42 -> 0 | O19: 0 | P19: =$F19*O19 -> 0 | Q19: Mise à la côte de regard/avaloir | S19: =SUM(P$13:P$20)*R19 -> 0 | T19: Regards | V19: =U19*R42 -> 0 | W19: 0 | X19: =$F19*W19 -> 0 | Y19: Mise à la côte de regard/avaloir | AA19: =SUM(X$13:X$20)*Z19 -> 0 | AB19: Regards | AD19: =AC19*Z42 -> 0 | AE19: 0 | AF19: =$F19*AE19 -> 0 | AG19: Mise à la côte de regard/avaloir | AI19: =SUM(AF$13:AF$20)*AH19 -> 0 | AJ19: Regards | AL19: =AK19*AH42 -> 0 | AM19: 0 | AN19: =$F19*AM19 -> 0 | AO19: Mise à la côte de regard/avaloir | AQ19: =SUM(AN$13:AN$20)*AP19 -> 0 | AR19: Regards | AT19: =AS19*AP42 -> 0 | AU19: 0 | AV19: =$F19*AU19 -> 0 | AW19: Mise à la côte de regard/avaloir | AY19: =SUM(AV$13:AV$20)*AX19 -> 0 | AZ19: Regards | BB19: =BA19*AX42 -> 0 | BC19: 0 | BD19: =$F19*BC19 -> 0 | BE19: Mise à la côte de regard/avaloir | BG19: =SUM(BD$13:BD$20)*BF19 -> 0 | BH19: Regards | BJ19: =BI19*BF42 -> 0 | BK19: 1 | BL19: =$F19*BK19 -> 15 | BM19: Mise à la côte de regard/avaloir | BN19: 1 | BO19: =SUM(BL$13:BL$20)*BN19 -> 844.94 | BP19: Regards | BR19: =BQ19*BN42 -> 0 | BS19: 0 | BT19: =$F19*BS19 -> 0 | BU19: Mise à la côte de regard/avaloir | BV19: 1 | BW19: =SUM(BT$13:BT$20)*BV19 -> 777.42 | BX19: Regards | BZ19: =BY19*BV42 -> 0 | CA19: 0 | CB19: =$F19*CA19 -> 0 | CC19: Mise à la côte de regard/avaloir | CE19: =SUM(CB$13:CB$20)*CD19 -> 0 | CF19: Regards | CH19: =CG19*CD42 -> 0 | CI19: 0 | CJ19: =$F19*CI19 -> 0 | CK19: Mise à la côte de regard/avaloir | CM19: =SUM(CJ$13:CJ$20)*CL19 -> 0 | CN19: Regards | CP19: =CO19*CL42 -> 0 | CQ19: 1 | CR19: =$F19*CQ19 -> 15 | CS19: Mise à la côte de regard/avaloir | CU19: =SUM(CR$13:CR$20)*CT19 -> 0 | CV19: Regards | CX19: =CW19*CT42 -> 0 | CY19: 1 | CZ19: =$F19*CY19 -> 15 | DA19: Mise à la côte de regard/avaloir | DC19: =SUM(CZ$13:CZ$20)*DB19 -> 0 | DD19: Regards | DF19: =DE19*DB42 -> 0 | DG19: 0 | DH19: =$F19*DG19 -> 0 | DI19: Mise à la côte de regard/avaloir | DK19: =SUM(DH$13:DH$20)*DJ19 -> 0 | DL19: Regards | DN19: =DM19*DJ42 -> 0 | DO19: 0 | DP19: =$F19*DO19 -> 0 | DQ19: Mise à la côte de regard/avaloir | DS19: =SUM(DP$13:DP$20)*DR19 -> 0 | DT19: Regards | DV19: =DU19*DR42 -> 0 | DW19: 1 | DX19: =$F19*DW19 -> 15 | DY19: Mise à la côte de regard/avaloir | DZ19: 0.7 | EA19: =SUM(DX$13:DX$20)*DZ19 -> 598.885 | EB19: Regards | ED19: =EC19*DZ42 -> 0 | EE19: 0 | EF19: =$F19*EE19 -> 0 | EG19: Mise à la côte de regard/avaloir | EI19: =SUM(EF$13:EF$20)*EH19 -> 0 | EJ19: Regards | EL19: =EK19*EH42 -> 0 | EM19: 0 | EN19: =$F19*EM19 -> 0 | EO19: Mise à la côte de regard/avaloir | EQ19: =SUM(EN$13:EN$20)*EP19 -> 0 | ER19: Regards | ET19: =ES19*EP42 -> 0 | EU19: 0 | EV19: =$F19*EU19 -> 0 | EW19: Mise à la côte de regard/avaloir | EY19: =SUM(EV$13:EV$20)*EX19 -> 0 | EZ19: Regards | FB19: =FA19*EX42 -> 0 | FC19: 0 | FD19: =$F19*FC19 -> 0 | FE19: Mise à la côte de regard/avaloir | FG19: =SUM(FD$13:FD$20)*FF19 -> 0 | FH19: Regards | FJ19: =FI19*FF42 -> 0 | FK19: 0 | FL19: =$F19*FK19 -> 0 | FM19: Mise à la côte de regard/avaloir | FO19: =SUM(FL$13:FL$20)*FN19 -> 0 | FP19: Regards | FR19: =FQ19*FN42 -> 0 | FS19: 0 | FT19: =$F19*FS19 -> 0 | FU19: Mise à la côte de regard/avaloir | FW19: =SUM(FT$13:FT$20)*FV19 -> 0 | FX19: Regards | FZ19: =FY19*FV42 -> 0 | GA19: 0 | GB19: =$F19*GA19 -> 0 | GC19: Mise à la côte de regard/avaloir | GE19: =SUM(GB$13:GB$20)*GD19 -> 0 | GF19: Regards | GH19: =GG19*GD42 -> 0 | GI19: 0 | GJ19: =$F19*GI19 -> 0 | GK19: Mise à la côte de regard/avaloir | GM19: =SUM(GJ$13:GJ$20)*GL19 -> 0 | GN19: Regards | GP19: =GO19*GL42 -> 0 | GQ19: 0 | GR19: =$F19*GQ19 -> 0 | GS19: Mise à la côte de regard/avaloir | GU19: =SUM(GR$13:GR$20)*GT19 -> 0 | GV19: Regards | GX19: =GW19*GT42 -> 0 | GY19: 0 | GZ19: =$F19*GY19 -> 0 | HA19: Mise à la côte de regard/avaloir | HC19: =SUM(GZ$13:GZ$20)*HB19 -> 0 | HD19: Regards | HF19: =HE19*HB42 -> 0 | HG19: 0 | HH19: =$F19*HG19 -> 0 | HI19: Mise à la côte de regard/avaloir | HK19: =SUM(HH$13:HH$20)*HJ19 -> 0 | HL19: Regards | HN19: =HM19*HJ42 -> 0 | HO19: 0 | HP19: =$F19*HO19 -> 0 | HQ19: Mise à la côte de regard/avaloir | HS19: =SUM(HP$13:HP$20)*HR19 -> 0 | HT19: Regards | HV19: =HU19*HR42 -> 0 | HW19: 0 | HX19: =$F19*HW19 -> 0 | HY19: Mise à la côte de regard/avaloir | IA19: =SUM(HX$13:HX$20)*HZ19 -> 0 | IB19: Regards | ID19: =IC19*HZ42 -> 0 | IE19: 0 | IF19: =$F19*IE19 -> 0 | IG19: Mise à la côte de regard/avaloir | II19: =SUM(IF$13:IF$20)*IH19 -> 0 | IJ19: Regards | IL19: =IK19*IH42 -> 0 | IM19: 0 | IN19: =$F19*IM19 -> 0 | IO19: Mise à la côte de regard/avaloir | IQ19: =SUM(IN$13:IN$20)*IP19 -> 0 | IR19: Regards | IT19: =IS19*IP42 -> 0
D20: Traietor rost | E20: Jour | F20: 14.18 | G20: 1 | H20: =$F20*G20 -> 14.18 | M20: Total | N20: =SUM(N16:N19) -> 0 | O20: 0 | P20: =$F20*O20 -> 0 | U20: Total | V20: =SUM(V16:V19) -> 0 | W20: 0 | X20: =$F20*W20 -> 0 | AC20: Total | AD20: =SUM(AD16:AD19) -> 0 | AE20: 0 | AF20: =$F20*AE20 -> 0 | AK20: Total | AL20: =SUM(AL16:AL19) -> 0 | AM20: 0 | AN20: =$F20*AM20 -> 0 | AS20: Total | AT20: =SUM(AT16:AT19) -> 0 | AU20: 0 | AV20: =$F20*AU20 -> 0 | BA20: Total | BB20: =SUM(BB16:BB19) -> 0 | BC20: 0 | BD20: =$F20*BC20 -> 0 | BI20: Total | BJ20: =SUM(BJ16:BJ19) -> 0 | BK20: 1 | BL20: =$F20*BK20 -> 14.18 | BQ20: Total | BR20: =SUM(BR16:BR19) -> 0 | BS20: 0 | BT20: =$F20*BS20 -> 0 | BY20: Total | BZ20: =SUM(BZ16:BZ19) -> 0 | CA20: 0 | CB20: =$F20*CA20 -> 0 | CG20: Total | CH20: =SUM(CH16:CH19) -> 0 | CI20: 0 | CJ20: =$F20*CI20 -> 0 | CO20: Total | CP20: =SUM(CP16:CP19) -> 0 | CQ20: 1 | CR20: =$F20*CQ20 -> 14.18 | CW20: Total | CX20: =SUM(CX16:CX19) -> 0 | CY20: 1 | CZ20: =$F20*CY20 -> 14.18 | DE20: Total | DF20: =SUM(DF16:DF19) -> 0 | DG20: 1 | DH20: =$F20*DG20 -> 14.18 | DM20: Total | DN20: =SUM(DN16:DN19) -> 0 | DO20: 0 | DP20: =$F20*DO20 -> 0 | DU20: Total | DV20: =SUM(DV16:DV19) -> 0 | DW20: 0 | DX20: =$F20*DW20 -> 0 | EC20: Total | ED20: =SUM(ED16:ED19) -> 0 | EE20: 0 | EF20: =$F20*EE20 -> 0 | EK20: Total | EL20: =SUM(EL16:EL19) -> 0 | EM20: 0 | EN20: =$F20*EM20 -> 0 | ES20: Total | ET20: =SUM(ET16:ET19) -> 0 | EU20: 0 | EV20: =$F20*EU20 -> 0 | FA20: Total | FB20: =SUM(FB16:FB19) -> 0 | FC20: 0 | FD20: =$F20*FC20 -> 0 | FI20: Total | FJ20: =SUM(FJ16:FJ19) -> 0 | FK20: 0 | FL20: =$F20*FK20 -> 0 | FQ20: Total | FR20: =SUM(FR16:FR19) -> 0 | FS20: 0 | FT20: =$F20*FS20 -> 0 | FY20: Total | FZ20: =SUM(FZ16:FZ19) -> 0 | GA20: 0 | GB20: =$F20*GA20 -> 0 | GG20: Total | GH20: =SUM(GH16:GH19) -> 0 | GI20: 0 | GJ20: =$F20*GI20 -> 0 | GO20: Total | GP20: =SUM(GP16:GP19) -> 0 | GQ20: 0 | GR20: =$F20*GQ20 -> 0 | GW20: Total | GX20: =SUM(GX16:GX19) -> 0 | GY20: 0 | GZ20: =$F20*GY20 -> 0 | HE20: Total | HF20: =SUM(HF16:HF19) -> 0 | HG20: 0 | HH20: =$F20*HG20 -> 0 | HM20: Total | HN20: =SUM(HN16:HN19) -> 0 | HO20: 0 | HP20: =$F20*HO20 -> 0 | HU20: Total | HV20: =SUM(HV16:HV19) -> 0 | HW20: 0 | HX20: =$F20*HW20 -> 0 | IC20: Total | ID20: =SUM(ID16:ID19) -> 0 | IE20: 0 | IF20: =$F20*IE20 -> 0 | IK20: Total | IL20: =SUM(IL16:IL19) -> 0 | IM20: 0 | IN20: =$F20*IM20 -> 0 | IS20: Total | IT20: =SUM(IT16:IT19) -> 0
D21: Renault M150 + carburant B-63-HRN | E21: Jour | F21: =131.35+138 -> 269.35 | G21: 1 | H21: =$F21*G21 -> 269.35 | I21: Ballast | J21: 0.5 | K21: =SUM(H$21:H$28)*J21 -> 414.625 | O21: 0 | P21: =$F21*O21 -> 0 | Q21: Ballast | S21: =SUM(P$21:P$28)*R21 -> 0 | W21: 0 | X21: =$F21*W21 -> 0 | Y21: Ballast | AA21: =SUM(X$21:X$28)*Z21 -> 0 | AE21: 0 | AF21: =$F21*AE21 -> 0 | AG21: Ballast | AI21: =SUM(AF$21:AF$28)*AH21 -> 0 | AM21: 0 | AN21: =$F21*AM21 -> 0 | AO21: Ballast | AQ21: =SUM(AN$21:AN$28)*AP21 -> 0 | AU21: 0 | AV21: =$F21*AU21 -> 0 | AW21: Ballast | AY21: =SUM(AV$21:AV$28)*AX21 -> 0 | BC21: 1 | BD21: =$F21*BC21 -> 269.35 | BE21: Ballast | BF21: 0.5 | BG21: =SUM(BD$21:BD$28)*BF21 -> 414.625 | BK21: 1 | BL21: =$F21*BK21 -> 269.35 | BM21: Ballast | BO21: =SUM(BL$21:BL$28)*BN21 -> 0 | BS21: 0.5 | BT21: =$F21*BS21 -> 134.675 | BU21: Ballast | BV21: 0.5 | BW21: =SUM(BT$21:BT$28)*BV21 -> 207.3125 | CA21: 0 | CB21: =$F21*CA21 -> 0 | CC21: Ballast | CE21: =SUM(CB$21:CB$28)*CD21 -> 0 | CI21: 0 | CJ21: =$F21*CI21 -> 0 | CK21: Ballast | CM21: =SUM(CJ$21:CJ$28)*CL21 -> 0 | CQ21: 1 | CR21: =$F21*CQ21 -> 269.35 | CS21: Ballast | CT21: 0.5 | CU21: =SUM(CR$21:CR$28)*CT21 -> 402.23 | CY21: 1 | CZ21: =$F21*CY21 -> 269.35 | DA21: Ballast | DB21: 0.5 | DC21: =SUM(CZ$21:CZ$28)*DB21 -> 407.535 | DG21: 1 | DH21: =$F21*DG21 -> 269.35 | DI21: Ballast | DK21: =SUM(DH$21:DH$28)*DJ21 -> 0 | DO21: 0 | DP21: =$F21*DO21 -> 0 | DQ21: Ballast | DS21: =SUM(DP$21:DP$28)*DR21 -> 0 | DW21: 1 | DX21: =$F21*DW21 -> 269.35 | DY21: Ballast | DZ21: 0.6 | EA21: =SUM(DX$21:DX$28)*DZ21 -> 497.55 | EE21: 0 | EF21: =$F21*EE21 -> 0 | EG21: Ballast | EI21: =SUM(EF$21:EF$28)*EH21 -> 0 | EM21: 0 | EN21: =$F21*EM21 -> 0 | EO21: Ballast | EQ21: =SUM(EN$21:EN$28)*EP21 -> 0 | EU21: 0 | EV21: =$F21*EU21 -> 0 | EW21: Ballast | EY21: =SUM(EV$21:EV$28)*EX21 -> 0 | FC21: 0 | FD21: =$F21*FC21 -> 0 | FE21: Ballast | FG21: =SUM(FD$21:FD$28)*FF21 -> 0 | FK21: 0 | FL21: =$F21*FK21 -> 0 | FM21: Ballast | FO21: =SUM(FL$21:FL$28)*FN21 -> 0 | FS21: 0 | FT21: =$F21*FS21 -> 0 | FU21: Ballast | FW21: =SUM(FT$21:FT$28)*FV21 -> 0 | GA21: 0 | GB21: =$F21*GA21 -> 0 | GC21: Ballast | GE21: =SUM(GB$21:GB$28)*GD21 -> 0 | GI21: 0 | GJ21: =$F21*GI21 -> 0 | GK21: Ballast | GM21: =SUM(GJ$21:GJ$28)*GL21 -> 0 | GQ21: 0 | GR21: =$F21*GQ21 -> 0 | GS21: Ballast | GU21: =SUM(GR$21:GR$28)*GT21 -> 0 | GY21: 0 | GZ21: =$F21*GY21 -> 0 | HA21: Ballast | HC21: =SUM(GZ$21:GZ$28)*HB21 -> 0 | HG21: 0 | HH21: =$F21*HG21 -> 0 | HI21: Ballast | HK21: =SUM(HH$21:HH$28)*HJ21 -> 0 | HO21: 0 | HP21: =$F21*HO21 -> 0 | HQ21: Ballast | HS21: =SUM(HP$21:HP$28)*HR21 -> 0 | HW21: 0 | HX21: =$F21*HW21 -> 0 | HY21: Ballast | IA21: =SUM(HX$21:HX$28)*HZ21 -> 0 | IE21: 0 | IF21: =$F21*IE21 -> 0 | IG21: Ballast | II21: =SUM(IF$21:IF$28)*IH21 -> 0 | IM21: 0 | IN21: =$F21*IM21 -> 0 | IO21: Ballast | IQ21: =SUM(IN$21:IN$28)*IP21 -> 0
D22: Conducator | E22: Jour | F22: 190 | G22: =IF(G21=0,0,1) -> 1 | H22: =$F22*G22 -> 190 | O22: =IF(O21=0,0,1) -> 0 | P22: =$F22*O22 -> 0 | W22: =IF(W21=0,0,1) -> 0 | X22: =$F22*W22 -> 0 | AE22: =IF(AE21=0,0,1) -> 0 | AF22: =$F22*AE22 -> 0 | AM22: =IF(AM21=0,0,1) -> 0 | AN22: =$F22*AM22 -> 0 | AU22: =IF(AU21=0,0,1) -> 0 | AV22: =$F22*AU22 -> 0 | BC22: =IF(BC21=0,0,1) -> 1 | BD22: =$F22*BC22 -> 190 | BK22: =IF(BK21=0,0,1) -> 1 | BL22: =$F22*BK22 -> 190 | BS22: 0.5 | BT22: =$F22*BS22 -> 95 | CA22: =IF(CA21=0,0,1) -> 0 | CB22: =$F22*CA22 -> 0 | CI22: =IF(CI21=0,0,1) -> 0 | CJ22: =$F22*CI22 -> 0 | CQ22: =IF(CQ21=0,0,1) -> 1 | CR22: =$F22*CQ22 -> 190 | CY22: =IF(CY21=0,0,1) -> 1 | CZ22: =$F22*CY22 -> 190 | DG22: =IF(DG21=0,0,1) -> 1 | DH22: =$F22*DG22 -> 190 | DO22: =IF(DO21=0,0,1) -> 0 | DP22: =$F22*DO22 -> 0 | DW22: =IF(DW21=0,0,1) -> 1 | DX22: =$F22*DW22 -> 190 | EE22: =IF(EE21=0,0,1) -> 0 | EF22: =$F22*EE22 -> 0 | EM22: =IF(EM21=0,0,1) -> 0 | EN22: =$F22*EM22 -> 0 | EU22: =IF(EU21=0,0,1) -> 0 | EV22: =$F22*EU22 -> 0 | FC22: =IF(FC21=0,0,1) -> 0 | FD22: =$F22*FC22 -> 0 | FK22: =IF(FK21=0,0,1) -> 0 | FL22: =$F22*FK22 -> 0 | FS22: =IF(FS21=0,0,1) -> 0 | FT22: =$F22*FS22 -> 0 | GA22: =IF(GA21=0,0,1) -> 0 | GB22: =$F22*GA22 -> 0 | GI22: =IF(GI21=0,0,1) -> 0 | GJ22: =$F22*GI22 -> 0 | GQ22: =IF(GQ21=0,0,1) -> 0 | GR22: =$F22*GQ22 -> 0 | GY22: =IF(GY21=0,0,1) -> 0 | GZ22: =$F22*GY22 -> 0 | HG22: =IF(HG21=0,0,1) -> 0 | HH22: =$F22*HG22 -> 0 | HO22: =IF(HO21=0,0,1) -> 0 | HP22: =$F22*HO22 -> 0 | HW22: =IF(HW21=0,0,1) -> 0 | HX22: =$F22*HW22 -> 0 | IE22: =IF(IE21=0,0,1) -> 0 | IF22: =$F22*IE22 -> 0 | IM22: =IF(IM21=0,0,1) -> 0 | IN22: =$F22*IM22 -> 0
D23: Muncitorii | E23: Jour | F23: 160 | G23: =IF(G21=0,0,2) -> 2 | H23: =$F23*G23 -> 320 | I23: Béton | J23: 0.5 | K23: =SUM(H$21:H$28)*J23 -> 414.625 | O23: =IF(O21=0,0,2) -> 0 | P23: =$F23*O23 -> 0 | Q23: Béton | S23: =SUM(P$21:P$28)*R23 -> 0 | W23: =IF(W21=0,0,2) -> 0 | X23: =$F23*W23 -> 0 | Y23: Béton | AA23: =SUM(X$21:X$28)*Z23 -> 0 | AE23: =IF(AE21=0,0,2) -> 0 | AF23: =$F23*AE23 -> 0 | AG23: Béton | AI23: =SUM(AF$21:AF$28)*AH23 -> 0 | AM23: =IF(AM21=0,0,2) -> 0 | AN23: =$F23*AM23 -> 0 | AO23: Béton | AQ23: =SUM(AN$21:AN$28)*AP23 -> 0 | AU23: =IF(AU21=0,0,2) -> 0 | AV23: =$F23*AU23 -> 0 | AW23: Béton | AY23: =SUM(AV$21:AV$28)*AX23 -> 0 | BC23: =IF(BC21=0,0,2) -> 2 | BD23: =$F23*BC23 -> 320 | BE23: Béton | BF23: 0.5 | BG23: =SUM(BD$21:BD$28)*BF23 -> 414.625 | BK23: 2 | BL23: =$F23*BK23 -> 320 | BM23: Béton | BN23: 0.5 | BO23: =SUM(BL$21:BL$28)*BN23 -> 414.625 | BS23: 1 | BT23: =$F23*BS23 -> 160 | BU23: Béton | BV23: 0.5 | BW23: =SUM(BT$21:BT$28)*BV23 -> 207.3125 | CA23: =IF(CA21=0,0,2) -> 0 | CB23: =$F23*CA23 -> 0 | CC23: Béton | CE23: =SUM(CB$21:CB$28)*CD23 -> 0 | CI23: =IF(CI21=0,0,2) -> 0 | CJ23: =$F23*CI23 -> 0 | CK23: Béton | CM23: =SUM(CJ$21:CJ$28)*CL23 -> 0 | CQ23: =IF(CQ21=0,0,2) -> 2 | CR23: =$F23*CQ23 -> 320 | CS23: Béton | CT23: 0.5 | CU23: =SUM(CR$21:CR$28)*CT23 -> 402.23 | CY23: =IF(CY21=0,0,2) -> 2 | CZ23: =$F23*CY23 -> 320 | DA23: Béton | DB23: 0.5 | DC23: =SUM(CZ$21:CZ$28)*DB23 -> 407.535 | DG23: =IF(DG21=0,0,2) -> 2 | DH23: =$F23*DG23 -> 320 | DI23: Béton | DK23: =SUM(DH$21:DH$28)*DJ23 -> 0 | DO23: =IF(DO21=0,0,2) -> 0 | DP23: =$F23*DO23 -> 0 | DQ23: Béton | DS23: =SUM(DP$21:DP$28)*DR23 -> 0 | DW23: =IF(DW21=0,0,2) -> 2 | DX23: =$F23*DW23 -> 320 | DY23: Béton | EA23: =SUM(DX$21:DX$28)*DZ23 -> 0 | EE23: =IF(EE21=0,0,2) -> 0 | EF23: =$F23*EE23 -> 0 | EG23: Béton | EI23: =SUM(EF$21:EF$28)*EH23 -> 0 | EM23: =IF(EM21=0,0,2) -> 0 | EN23: =$F23*EM23 -> 0 | EO23: Béton | EQ23: =SUM(EN$21:EN$28)*EP23 -> 0 | EU23: =IF(EU21=0,0,2) -> 0 | EV23: =$F23*EU23 -> 0 | EW23: Béton | EY23: =SUM(EV$21:EV$28)*EX23 -> 0 | FC23: =IF(FC21=0,0,2) -> 0 | FD23: =$F23*FC23 -> 0 | FE23: Béton | FG23: =SUM(FD$21:FD$28)*FF23 -> 0 | FK23: =IF(FK21=0,0,2) -> 0 | FL23: =$F23*FK23 -> 0 | FM23: Béton | FO23: =SUM(FL$21:FL$28)*FN23 -> 0 | FS23: =IF(FS21=0,0,2) -> 0 | FT23: =$F23*FS23 -> 0 | FU23: Béton | FW23: =SUM(FT$21:FT$28)*FV23 -> 0 | GA23: =IF(GA21=0,0,2) -> 0 | GB23: =$F23*GA23 -> 0 | GC23: Béton | GE23: =SUM(GB$21:GB$28)*GD23 -> 0 | GI23: =IF(GI21=0,0,2) -> 0 | GJ23: =$F23*GI23 -> 0 | GK23: Béton | GM23: =SUM(GJ$21:GJ$28)*GL23 -> 0 | GQ23: =IF(GQ21=0,0,2) -> 0 | GR23: =$F23*GQ23 -> 0 | GS23: Béton | GU23: =SUM(GR$21:GR$28)*GT23 -> 0 | GY23: =IF(GY21=0,0,2) -> 0 | GZ23: =$F23*GY23 -> 0 | HA23: Béton | HC23: =SUM(GZ$21:GZ$28)*HB23 -> 0 | HG23: =IF(HG21=0,0,2) -> 0 | HH23: =$F23*HG23 -> 0 | HI23: Béton | HK23: =SUM(HH$21:HH$28)*HJ23 -> 0 | HO23: =IF(HO21=0,0,2) -> 0 | HP23: =$F23*HO23 -> 0 | HQ23: Béton | HS23: =SUM(HP$21:HP$28)*HR23 -> 0 | HW23: =IF(HW21=0,0,2) -> 0 | HX23: =$F23*HW23 -> 0 | HY23: Béton | IA23: =SUM(HX$21:HX$28)*HZ23 -> 0 | IE23: =IF(IE21=0,0,2) -> 0 | IF23: =$F23*IE23 -> 0 | IG23: Béton | II23: =SUM(IF$21:IF$28)*IH23 -> 0 | IM23: =IF(IM21=0,0,2) -> 0 | IN23: =$F23*IM23 -> 0 | IO23: Béton | IQ23: =SUM(IN$21:IN$28)*IP23 -> 0
D24: Compressor | E24: Jour | F24: 38.34 | G24: 0 | H24: =$F24*G24 -> 0 | O24: 0 | P24: =$F24*O24 -> 0 | W24: 0 | X24: =$F24*W24 -> 0 | AE24: 0 | AF24: =$F24*AE24 -> 0 | AM24: 0 | AN24: =$F24*AM24 -> 0 | AU24: 0 | AV24: =$F24*AU24 -> 0 | BC24: 0 | BD24: =$F24*BC24 -> 0 | BK24: 0 | BL24: =$F24*BK24 -> 0 | BS24: 0 | BT24: =$F24*BS24 -> 0 | CA24: 0 | CB24: =$F24*CA24 -> 0 | CI24: 0 | CJ24: =$F24*CI24 -> 0 | CQ24: 0 | CR24: =$F24*CQ24 -> 0 | CY24: 0 | CZ24: =$F24*CY24 -> 0 | DG24: 0 | DH24: =$F24*DG24 -> 0 | DO24: 0 | DP24: =$F24*DO24 -> 0 | DW24: 0 | DX24: =$F24*DW24 -> 0 | EE24: 0 | EF24: =$F24*EE24 -> 0 | EM24: 0 | EN24: =$F24*EM24 -> 0 | EU24: 0 | EV24: =$F24*EU24 -> 0 | FC24: 0 | FD24: =$F24*FC24 -> 0 | FK24: 0 | FL24: =$F24*FK24 -> 0 | FS24: 0 | FT24: =$F24*FS24 -> 0 | GA24: 0 | GB24: =$F24*GA24 -> 0 | GI24: 0 | GJ24: =$F24*GI24 -> 0 | GQ24: 0 | GR24: =$F24*GQ24 -> 0 | GY24: 0 | GZ24: =$F24*GY24 -> 0 | HG24: 0 | HH24: =$F24*HG24 -> 0 | HO24: 0 | HP24: =$F24*HO24 -> 0 | HW24: 0 | HX24: =$F24*HW24 -> 0 | IE24: 0 | IF24: =$F24*IE24 -> 0 | IM24: 0 | IN24: =$F24*IM24 -> 0
D25: Placa vibranta | E25: Jour | F25: 24.79 | G25: 1 | H25: =$F25*G25 -> 24.79 | I25: Asphalte | K25: =SUM(H$21:H$28)*J25 -> 0 | O25: 0 | P25: =$F25*O25 -> 0 | Q25: Asphalte | S25: =SUM(P$21:P$28)*R25 -> 0 | W25: 0 | X25: =$F25*W25 -> 0 | Y25: Asphalte | AA25: =SUM(X$21:X$28)*Z25 -> 0 | AE25: 0 | AF25: =$F25*AE25 -> 0 | AG25: Asphalte | AI25: =SUM(AF$21:AF$28)*AH25 -> 0 | AM25: 0 | AN25: =$F25*AM25 -> 0 | AO25: Asphalte | AQ25: =SUM(AN$21:AN$28)*AP25 -> 0 | AU25: 0 | AV25: =$F25*AU25 -> 0 | AW25: Asphalte | AY25: =SUM(AV$21:AV$28)*AX25 -> 0 | BC25: 1 | BD25: =$F25*BC25 -> 24.79 | BE25: Asphalte | BG25: =SUM(BD$21:BD$28)*BF25 -> 0 | BK25: 1 | BL25: =$F25*BK25 -> 24.79 | BM25: Asphalte | BN25: 0.5 | BO25: =SUM(BL$21:BL$28)*BN25 -> 414.625 | BS25: 0.5 | BT25: =$F25*BS25 -> 12.395 | BU25: Asphalte | BW25: =SUM(BT$21:BT$28)*BV25 -> 0 | CA25: 0 | CB25: =$F25*CA25 -> 0 | CC25: Asphalte | CE25: =SUM(CB$21:CB$28)*CD25 -> 0 | CI25: 0 | CJ25: =$F25*CI25 -> 0 | CK25: Asphalte | CM25: =SUM(CJ$21:CJ$28)*CL25 -> 0 | CQ25: 0 | CR25: =$F25*CQ25 -> 0 | CS25: Asphalte | CU25: =SUM(CR$21:CR$28)*CT25 -> 0 | CY25: 1 | CZ25: =$F25*CY25 -> 24.79 | DA25: Asphalte | DC25: =SUM(CZ$21:CZ$28)*DB25 -> 0 | DG25: 1 | DH25: =$F25*DG25 -> 24.79 | DI25: Asphalte | DJ25: 1 | DK25: =SUM(DH$21:DH$28)*DJ25 -> 818.32 | DO25: 0 | DP25: =$F25*DO25 -> 0 | DQ25: Asphalte | DS25: =SUM(DP$21:DP$28)*DR25 -> 0 | DW25: 1 | DX25: =$F25*DW25 -> 24.79 | DY25: Asphalte | DZ25: 0.4 | EA25: =SUM(DX$21:DX$28)*DZ25 -> 331.7 | EE25: 0 | EF25: =$F25*EE25 -> 0 | EG25: Asphalte | EI25: =SUM(EF$21:EF$28)*EH25 -> 0 | EM25: 0 | EN25: =$F25*EM25 -> 0 | EO25: Asphalte | EQ25: =SUM(EN$21:EN$28)*EP25 -> 0 | EU25: 0 | EV25: =$F25*EU25 -> 0 | EW25: Asphalte | EY25: =SUM(EV$21:EV$28)*EX25 -> 0 | FC25: 0 | FD25: =$F25*FC25 -> 0 | FE25: Asphalte | FG25: =SUM(FD$21:FD$28)*FF25 -> 0 | FK25: 0 | FL25: =$F25*FK25 -> 0 | FM25: Asphalte | FO25: =SUM(FL$21:FL$28)*FN25 -> 0 | FS25: 0 | FT25: =$F25*FS25 -> 0 | FU25: Asphalte | FW25: =SUM(FT$21:FT$28)*FV25 -> 0 | GA25: 0 | GB25: =$F25*GA25 -> 0 | GC25: Asphalte | GE25: =SUM(GB$21:GB$28)*GD25 -> 0 | GI25: 0 | GJ25: =$F25*GI25 -> 0 | GK25: Asphalte | GM25: =SUM(GJ$21:GJ$28)*GL25 -> 0 | GQ25: 0 | GR25: =$F25*GQ25 -> 0 | GS25: Asphalte | GU25: =SUM(GR$21:GR$28)*GT25 -> 0 | GY25: 0 | GZ25: =$F25*GY25 -> 0 | HA25: Asphalte | HC25: =SUM(GZ$21:GZ$28)*HB25 -> 0 | HG25: 0 | HH25: =$F25*HG25 -> 0 | HI25: Asphalte | HK25: =SUM(HH$21:HH$28)*HJ25 -> 0 | HO25: 0 | HP25: =$F25*HO25 -> 0 | HQ25: Asphalte | HS25: =SUM(HP$21:HP$28)*HR25 -> 0 | HW25: 0 | HX25: =$F25*HW25 -> 0 | HY25: Asphalte | IA25: =SUM(HX$21:HX$28)*HZ25 -> 0 | IE25: 0 | IF25: =$F25*IE25 -> 0 | IG25: Asphalte | II25: =SUM(IF$21:IF$28)*IH25 -> 0 | IM25: 0 | IN25: =$F25*IM25 -> 0 | IO25: Asphalte | IQ25: =SUM(IN$21:IN$28)*IP25 -> 0
D26: Mai compactor | E26: Jour | F26: 10.93 | G26: 1 | H26: =$F26*G26 -> 10.93 | O26: 0 | P26: =$F26*O26 -> 0 | W26: 0 | X26: =$F26*W26 -> 0 | AE26: 0 | AF26: =$F26*AE26 -> 0 | AM26: 0 | AN26: =$F26*AM26 -> 0 | AU26: 0 | AV26: =$F26*AU26 -> 0 | BC26: 1 | BD26: =$F26*BC26 -> 10.93 | BK26: 1 | BL26: =$F26*BK26 -> 10.93 | BS26: 0.5 | BT26: =$F26*BS26 -> 5.465 | CA26: 0 | CB26: =$F26*CA26 -> 0 | CI26: 0 | CJ26: =$F26*CI26 -> 0 | CQ26: 1 | CR26: =$F26*CQ26 -> 10.93 | CY26: 1 | CZ26: =$F26*CY26 -> 10.93 | DG26: 0 | DH26: =$F26*DG26 -> 0 | DO26: 0 | DP26: =$F26*DO26 -> 0 | DW26: 1 | DX26: =$F26*DW26 -> 10.93 | EE26: 0 | EF26: =$F26*EE26 -> 0 | EM26: 0 | EN26: =$F26*EM26 -> 0 | EU26: 0 | EV26: =$F26*EU26 -> 0 | FC26: 0 | FD26: =$F26*FC26 -> 0 | FK26: 0 | FL26: =$F26*FK26 -> 0 | FS26: 0 | FT26: =$F26*FS26 -> 0 | GA26: 0 | GB26: =$F26*GA26 -> 0 | GI26: 0 | GJ26: =$F26*GI26 -> 0 | GQ26: 0 | GR26: =$F26*GQ26 -> 0 | GY26: 0 | GZ26: =$F26*GY26 -> 0 | HG26: 0 | HH26: =$F26*HG26 -> 0 | HO26: 0 | HP26: =$F26*HO26 -> 0 | HW26: 0 | HX26: =$F26*HW26 -> 0 | IE26: 0 | IF26: =$F26*IE26 -> 0 | IM26: 0 | IN26: =$F26*IM26 -> 0
D27: Marteau piqueur | E27: Jour | F27: 15 | G27: 0 | H27: =$F27*G27 -> 0 | I27: Mise à la côte de regard/avaloir | K27: =SUM(H$21:H$28)*J27 -> 0 | O27: 0 | P27: =$F27*O27 -> 0 | Q27: Mise à la côte de regard/avaloir | S27: =SUM(P$21:P$28)*R27 -> 0 | W27: 0 | X27: =$F27*W27 -> 0 | Y27: Mise à la côte de regard/avaloir | AA27: =SUM(X$21:X$28)*Z27 -> 0 | AE27: 0 | AF27: =$F27*AE27 -> 0 | AG27: Mise à la côte de regard/avaloir | AI27: =SUM(AF$21:AF$28)*AH27 -> 0 | AM27: 0 | AN27: =$F27*AM27 -> 0 | AO27: Mise à la côte de regard/avaloir | AQ27: =SUM(AN$21:AN$28)*AP27 -> 0 | AU27: 0 | AV27: =$F27*AU27 -> 0 | AW27: Mise à la côte de regard/avaloir | AY27: =SUM(AV$21:AV$28)*AX27 -> 0 | BC27: 0 | BD27: =$F27*BC27 -> 0 | BE27: Mise à la côte de regard/avaloir | BG27: =SUM(BD$21:BD$28)*BF27 -> 0 | BK27: 0 | BL27: =$F27*BK27 -> 0 | BM27: Mise à la côte de regard/avaloir | BO27: =SUM(BL$21:BL$28)*BN27 -> 0 | BS27: 0 | BT27: =$F27*BS27 -> 0 | BU27: Mise à la côte de regard/avaloir | BW27: =SUM(BT$21:BT$28)*BV27 -> 0 | CA27: 0 | CB27: =$F27*CA27 -> 0 | CC27: Mise à la côte de regard/avaloir | CE27: =SUM(CB$21:CB$28)*CD27 -> 0 | CI27: 0 | CJ27: =$F27*CI27 -> 0 | CK27: Mise à la côte de regard/avaloir | CM27: =SUM(CJ$21:CJ$28)*CL27 -> 0 | CQ27: 0 | CR27: =$F27*CQ27 -> 0 | CS27: Mise à la côte de regard/avaloir | CU27: =SUM(CR$21:CR$28)*CT27 -> 0 | CY27: 0 | CZ27: =$F27*CY27 -> 0 | DA27: Mise à la côte de regard/avaloir | DC27: =SUM(CZ$21:CZ$28)*DB27 -> 0 | DG27: 0 | DH27: =$F27*DG27 -> 0 | DI27: Mise à la côte de regard/avaloir | DK27: =SUM(DH$21:DH$28)*DJ27 -> 0 | DO27: 0 | DP27: =$F27*DO27 -> 0 | DQ27: Mise à la côte de regard/avaloir | DS27: =SUM(DP$21:DP$28)*DR27 -> 0 | DW27: 0 | DX27: =$F27*DW27 -> 0 | DY27: Mise à la côte de regard/avaloir | EA27: =SUM(DX$21:DX$28)*DZ27 -> 0 | EE27: 0 | EF27: =$F27*EE27 -> 0 | EG27: Mise à la côte de regard/avaloir | EI27: =SUM(EF$21:EF$28)*EH27 -> 0 | EM27: 0 | EN27: =$F27*EM27 -> 0 | EO27: Mise à la côte de regard/avaloir | EQ27: =SUM(EN$21:EN$28)*EP27 -> 0 | EU27: 0 | EV27: =$F27*EU27 -> 0 | EW27: Mise à la côte de regard/avaloir | EY27: =SUM(EV$21:EV$28)*EX27 -> 0 | FC27: 0 | FD27: =$F27*FC27 -> 0 | FE27: Mise à la côte de regard/avaloir | FG27: =SUM(FD$21:FD$28)*FF27 -> 0 | FK27: 0 | FL27: =$F27*FK27 -> 0 | FM27: Mise à la côte de regard/avaloir | FO27: =SUM(FL$21:FL$28)*FN27 -> 0 | FS27: 0 | FT27: =$F27*FS27 -> 0 | FU27: Mise à la côte de regard/avaloir | FW27: =SUM(FT$21:FT$28)*FV27 -> 0 | GA27: 0 | GB27: =$F27*GA27 -> 0 | GC27: Mise à la côte de regard/avaloir | GE27: =SUM(GB$21:GB$28)*GD27 -> 0 | GI27: 0 | GJ27: =$F27*GI27 -> 0 | GK27: Mise à la côte de regard/avaloir | GM27: =SUM(GJ$21:GJ$28)*GL27 -> 0 | GQ27: 0 | GR27: =$F27*GQ27 -> 0 | GS27: Mise à la côte de regard/avaloir | GU27: =SUM(GR$21:GR$28)*GT27 -> 0 | GY27: 0 | GZ27: =$F27*GY27 -> 0 | HA27: Mise à la côte de regard/avaloir | HC27: =SUM(GZ$21:GZ$28)*HB27 -> 0 | HG27: 0 | HH27: =$F27*HG27 -> 0 | HI27: Mise à la côte de regard/avaloir | HK27: =SUM(HH$21:HH$28)*HJ27 -> 0 | HO27: 0 | HP27: =$F27*HO27 -> 0 | HQ27: Mise à la côte de regard/avaloir | HS27: =SUM(HP$21:HP$28)*HR27 -> 0 | HW27: 0 | HX27: =$F27*HW27 -> 0 | HY27: Mise à la côte de regard/avaloir | IA27: =SUM(HX$21:HX$28)*HZ27 -> 0 | IE27: 0 | IF27: =$F27*IE27 -> 0 | IG27: Mise à la côte de regard/avaloir | II27: =SUM(IF$21:IF$28)*IH27 -> 0 | IM27: 0 | IN27: =$F27*IM27 -> 0 | IO27: Mise à la côte de regard/avaloir | IQ27: =SUM(IN$21:IN$28)*IP27 -> 0
D28: Traietor rost | E28: Jour | F28: 14.18 | G28: 1 | H28: =$F28*G28 -> 14.18 | O28: 0 | P28: =$F28*O28 -> 0 | W28: 0 | X28: =$F28*W28 -> 0 | AE28: 0 | AF28: =$F28*AE28 -> 0 | AM28: 0 | AN28: =$F28*AM28 -> 0 | AU28: 0 | AV28: =$F28*AU28 -> 0 | BC28: 1 | BD28: =$F28*BC28 -> 14.18 | BK28: 1 | BL28: =$F28*BK28 -> 14.18 | BS28: 0.5 | BT28: =$F28*BS28 -> 7.09 | CA28: 0 | CB28: =$F28*CA28 -> 0 | CI28: 0 | CJ28: =$F28*CI28 -> 0 | CQ28: 1 | CR28: =$F28*CQ28 -> 14.18 | CY28: 0 | CZ28: =$F28*CY28 -> 0 | DG28: 1 | DH28: =$F28*DG28 -> 14.18 | DO28: 0 | DP28: =$F28*DO28 -> 0 | DW28: 1 | DX28: =$F28*DW28 -> 14.18 | EE28: 0 | EF28: =$F28*EE28 -> 0 | EM28: 0 | EN28: =$F28*EM28 -> 0 | EU28: 0 | EV28: =$F28*EU28 -> 0 | FC28: 0 | FD28: =$F28*FC28 -> 0 | FK28: 0 | FL28: =$F28*FK28 -> 0 | FS28: 0 | FT28: =$F28*FS28 -> 0 | GA28: 0 | GB28: =$F28*GA28 -> 0 | GI28: 0 | GJ28: =$F28*GI28 -> 0 | GQ28: 0 | GR28: =$F28*GQ28 -> 0 | GY28: 0 | GZ28: =$F28*GY28 -> 0 | HG28: 0 | HH28: =$F28*HG28 -> 0 | HO28: 0 | HP28: =$F28*HO28 -> 0 | HW28: 0 | HX28: =$F28*HW28 -> 0 | IE28: 0 | IF28: =$F28*IE28 -> 0 | IM28: 0 | IN28: =$F28*IM28 -> 0
D29: Logan + carburant | E29: Jour | F29: =53.44+25.76 -> 79.2 | G29: 0 | H29: =$F29*G29 -> 0 | I29: Ballast | K29: =SUM(H$29:H$36)*J29 -> 0 | O29: 0 | P29: =$F29*O29 -> 0 | Q29: Ballast | S29: =SUM(P$29:P$36)*R29 -> 0 | W29: 0 | X29: =$F29*W29 -> 0 | Y29: Ballast | AA29: =SUM(X$29:X$36)*Z29 -> 0 | AE29: 0 | AF29: =$F29*AE29 -> 0 | AG29: Ballast | AI29: =SUM(AF$29:AF$36)*AH29 -> 0 | AM29: 0 | AN29: =$F29*AM29 -> 0 | AO29: Ballast | AQ29: =SUM(AN$29:AN$36)*AP29 -> 0 | AU29: 0 | AV29: =$F29*AU29 -> 0 | AW29: Ballast | AY29: =SUM(AV$29:AV$36)*AX29 -> 0 | BC29: 1 | BD29: =$F29*BC29 -> 79.2 | BE29: Ballast | BF29: 0.5 | BG29: =SUM(BD$29:BD$36)*BF29 -> 374.6 | BK29: 1 | BL29: =$F29*BK29 -> 79.2 | BM29: Ballast | BO29: =SUM(BL$29:BL$36)*BN29 -> 0 | BS29: 0 | BT29: =$F29*BS29 -> 0 | BU29: Ballast | BV29: 0.5 | BW29: =SUM(BT$29:BT$36)*BV29 -> 0 | CA29: 0 | CB29: =$F29*CA29 -> 0 | CC29: Ballast | CE29: =SUM(CB$29:CB$36)*CD29 -> 0 | CI29: 0 | CJ29: =$F29*CI29 -> 0 | CK29: Ballast | CM29: =SUM(CJ$29:CJ$36)*CL29 -> 0 | CQ29: 1 | CR29: =$F29*CQ29 -> 79.2 | CS29: Ballast | CT29: 0.5 | CU29: =SUM(CR$29:CR$36)*CT29 -> 134.6 | CY29: 1 | CZ29: =$F29*CY29 -> 79.2 | DA29: Ballast | DB29: 0.5 | DC29: =SUM(CZ$29:CZ$36)*DB29 -> 214.6 | DG29: 1 | DH29: =$F29*DG29 -> 79.2 | DI29: Ballast | DK29: =SUM(DH$29:DH$36)*DJ29 -> 0 | DO29: 0 | DP29: =$F29*DO29 -> 0 | DQ29: Ballast | DS29: =SUM(DP$29:DP$36)*DR29 -> 0 | DW29: 0 | DX29: =$F29*DW29 -> 0 | DY29: Ballast | EA29: =SUM(DX$29:DX$36)*DZ29 -> 0 | EE29: 0 | EF29: =$F29*EE29 -> 0 | EG29: Ballast | EI29: =SUM(EF$29:EF$36)*EH29 -> 0 | EM29: 0 | EN29: =$F29*EM29 -> 0 | EO29: Ballast | EQ29: =SUM(EN$29:EN$36)*EP29 -> 0 | EU29: 0 | EV29: =$F29*EU29 -> 0 | EW29: Ballast | EY29: =SUM(EV$29:EV$36)*EX29 -> 0 | FC29: 0 | FD29: =$F29*FC29 -> 0 | FE29: Ballast | FG29: =SUM(FD$29:FD$36)*FF29 -> 0 | FK29: 0 | FL29: =$F29*FK29 -> 0 | FM29: Ballast | FO29: =SUM(FL$29:FL$36)*FN29 -> 0 | FS29: 0 | FT29: =$F29*FS29 -> 0 | FU29: Ballast | FW29: =SUM(FT$29:FT$36)*FV29 -> 0 | GA29: 0 | GB29: =$F29*GA29 -> 0 | GC29: Ballast | GE29: =SUM(GB$29:GB$36)*GD29 -> 0 | GI29: 0 | GJ29: =$F29*GI29 -> 0 | GK29: Ballast | GM29: =SUM(GJ$29:GJ$36)*GL29 -> 0 | GQ29: 0 | GR29: =$F29*GQ29 -> 0 | GS29: Ballast | GU29: =SUM(GR$29:GR$36)*GT29 -> 0 | GY29: 0 | GZ29: =$F29*GY29 -> 0 | HA29: Ballast | HC29: =SUM(GZ$29:GZ$36)*HB29 -> 0 | HG29: 0 | HH29: =$F29*HG29 -> 0 | HI29: Ballast | HK29: =SUM(HH$29:HH$36)*HJ29 -> 0 | HO29: 0 | HP29: =$F29*HO29 -> 0 | HQ29: Ballast | HS29: =SUM(HP$29:HP$36)*HR29 -> 0 | HW29: 0 | HX29: =$F29*HW29 -> 0 | HY29: Ballast | IA29: =SUM(HX$29:HX$36)*HZ29 -> 0 | IE29: 0 | IF29: =$F29*IE29 -> 0 | IG29: Ballast | II29: =SUM(IF$29:IF$36)*IH29 -> 0 | IM29: 0 | IN29: =$F29*IM29 -> 0 | IO29: Ballast | IQ29: =SUM(IN$29:IN$36)*IP29 -> 0
D30: Conducator | E30: Jour | F30: 190 | G30: =IF(G29=0,0,1) -> 0 | H30: =$F30*G30 -> 0 | O30: =IF(O29=0,0,1) -> 0 | P30: =$F30*O30 -> 0 | W30: =IF(W29=0,0,1) -> 0 | X30: =$F30*W30 -> 0 | AE30: =IF(AE29=0,0,1) -> 0 | AF30: =$F30*AE30 -> 0 | AM30: =IF(AM29=0,0,1) -> 0 | AN30: =$F30*AM30 -> 0 | AU30: =IF(AU29=0,0,1) -> 0 | AV30: =$F30*AU30 -> 0 | BC30: =IF(BC29=0,0,1) -> 1 | BD30: =$F30*BC30 -> 190 | BK30: =IF(BK29=0,0,1) -> 1 | BL30: =$F30*BK30 -> 190 | BS30: =IF(BS29=0,0,1) -> 0 | BT30: =$F30*BS30 -> 0 | CA30: =IF(CA29=0,0,1) -> 0 | CB30: =$F30*CA30 -> 0 | CI30: =IF(CI29=0,0,1) -> 0 | CJ30: =$F30*CI30 -> 0 | CQ30: =IF(CQ29=0,0,1) -> 1 | CR30: =$F30*CQ30 -> 190 | CY30: =IF(CY29=0,0,1) -> 1 | CZ30: =$F30*CY30 -> 190 | DG30: =IF(DG29=0,0,1) -> 1 | DH30: =$F30*DG30 -> 190 | DO30: =IF(DO29=0,0,1) -> 0 | DP30: =$F30*DO30 -> 0 | DW30: 0 | DX30: =$F30*DW30 -> 0 | EE30: =IF(EE29=0,0,1) -> 0 | EF30: =$F30*EE30 -> 0 | EM30: =IF(EM29=0,0,1) -> 0 | EN30: =$F30*EM30 -> 0 | EU30: =IF(EU29=0,0,1) -> 0 | EV30: =$F30*EU30 -> 0 | FC30: =IF(FC29=0,0,1) -> 0 | FD30: =$F30*FC30 -> 0 | FK30: =IF(FK29=0,0,1) -> 0 | FL30: =$F30*FK30 -> 0 | FS30: =IF(FS29=0,0,1) -> 0 | FT30: =$F30*FS30 -> 0 | GA30: =IF(GA29=0,0,1) -> 0 | GB30: =$F30*GA30 -> 0 | GI30: =IF(GI29=0,0,1) -> 0 | GJ30: =$F30*GI30 -> 0 | GQ30: =IF(GQ29=0,0,1) -> 0 | GR30: =$F30*GQ30 -> 0 | GY30: =IF(GY29=0,0,1) -> 0 | GZ30: =$F30*GY30 -> 0 | HG30: =IF(HG29=0,0,1) -> 0 | HH30: =$F30*HG30 -> 0 | HO30: =IF(HO29=0,0,1) -> 0 | HP30: =$F30*HO30 -> 0 | HW30: =IF(HW29=0,0,1) -> 0 | HX30: =$F30*HW30 -> 0 | IE30: =IF(IE29=0,0,1) -> 0 | IF30: =$F30*IE30 -> 0 | IM30: =IF(IM29=0,0,1) -> 0 | IN30: =$F30*IM30 -> 0
D31: Muncitorii | E31: Jour | F31: 160 | G31: 0 | H31: =$F31*G31 -> 0 | I31: Béton | K31: =SUM(H$29:H$36)*J31 -> 0 | O31: 0 | P31: =$F31*O31 -> 0 | Q31: Béton | S31: =SUM(P$29:P$36)*R31 -> 0 | W31: 0 | X31: =$F31*W31 -> 0 | Y31: Béton | AA31: =SUM(X$29:X$36)*Z31 -> 0 | AE31: 0 | AF31: =$F31*AE31 -> 0 | AG31: Béton | AI31: =SUM(AF$29:AF$36)*AH31 -> 0 | AM31: 0 | AN31: =$F31*AM31 -> 0 | AO31: Béton | AQ31: =SUM(AN$29:AN$36)*AP31 -> 0 | AU31: 0 | AV31: =$F31*AU31 -> 0 | AW31: Béton | AY31: =SUM(AV$29:AV$36)*AX31 -> 0 | BC31: 3 | BD31: =$F31*BC31 -> 480 | BE31: Béton | BF31: 0.5 | BG31: =SUM(BD$29:BD$36)*BF31 -> 374.6 | BK31: 2 | BL31: =$F31*BK31 -> 320 | BM31: Béton | BO31: =SUM(BL$29:BL$36)*BN31 -> 0 | BS31: 0 | BT31: =$F31*BS31 -> 0 | BU31: Béton | BV31: 0.5 | BW31: =SUM(BT$29:BT$36)*BV31 -> 0 | CA31: 0 | CB31: =$F31*CA31 -> 0 | CC31: Béton | CE31: =SUM(CB$29:CB$36)*CD31 -> 0 | CI31: 0 | CJ31: =$F31*CI31 -> 0 | CK31: Béton | CM31: =SUM(CJ$29:CJ$36)*CL31 -> 0 | CQ31: 0 | CR31: =$F31*CQ31 -> 0 | CS31: Béton | CT31: 0.5 | CU31: =SUM(CR$29:CR$36)*CT31 -> 134.6 | CY31: 1 | CZ31: =$F31*CY31 -> 160 | DA31: Béton | DC31: =SUM(CZ$29:CZ$36)*DB31 -> 0 | DG31: 1 | DH31: =$F31*DG31 -> 160 | DI31: Béton | DJ31: 0.5 | DK31: =SUM(DH$29:DH$36)*DJ31 -> 214.6 | DO31: 0 | DP31: =$F31*DO31 -> 0 | DQ31: Béton | DS31: =SUM(DP$29:DP$36)*DR31 -> 0 | DW31: 0 | DX31: =$F31*DW31 -> 0 | DY31: Béton | EA31: =SUM(DX$29:DX$36)*DZ31 -> 0 | EE31: 0 | EF31: =$F31*EE31 -> 0 | EG31: Béton | EI31: =SUM(EF$29:EF$36)*EH31 -> 0 | EM31: 0 | EN31: =$F31*EM31 -> 0 | EO31: Béton | EQ31: =SUM(EN$29:EN$36)*EP31 -> 0 | EU31: 0 | EV31: =$F31*EU31 -> 0 | EW31: Béton | EY31: =SUM(EV$29:EV$36)*EX31 -> 0 | FC31: 0 | FD31: =$F31*FC31 -> 0 | FE31: Béton | FG31: =SUM(FD$29:FD$36)*FF31 -> 0 | FK31: 0 | FL31: =$F31*FK31 -> 0 | FM31: Béton | FO31: =SUM(FL$29:FL$36)*FN31 -> 0 | FS31: 0 | FT31: =$F31*FS31 -> 0 | FU31: Béton | FW31: =SUM(FT$29:FT$36)*FV31 -> 0 | GA31: 0 | GB31: =$F31*GA31 -> 0 | GC31: Béton | GE31: =SUM(GB$29:GB$36)*GD31 -> 0 | GI31: 0 | GJ31: =$F31*GI31 -> 0 | GK31: Béton | GM31: =SUM(GJ$29:GJ$36)*GL31 -> 0 | GQ31: 0 | GR31: =$F31*GQ31 -> 0 | GS31: Béton | GU31: =SUM(GR$29:GR$36)*GT31 -> 0 | GY31: 0 | GZ31: =$F31*GY31 -> 0 | HA31: Béton | HC31: =SUM(GZ$29:GZ$36)*HB31 -> 0 | HG31: 0 | HH31: =$F31*HG31 -> 0 | HI31: Béton | HK31: =SUM(HH$29:HH$36)*HJ31 -> 0 | HO31: 0 | HP31: =$F31*HO31 -> 0 | HQ31: Béton | HS31: =SUM(HP$29:HP$36)*HR31 -> 0 | HW31: 0 | HX31: =$F31*HW31 -> 0 | HY31: Béton | IA31: =SUM(HX$29:HX$36)*HZ31 -> 0 | IE31: 0 | IF31: =$F31*IE31 -> 0 | IG31: Béton | II31: =SUM(IF$29:IF$36)*IH31 -> 0 | IM31: 0 | IN31: =$F31*IM31 -> 0 | IO31: Béton | IQ31: =SUM(IN$29:IN$36)*IP31 -> 0
D32: Compressor | E32: Jour | F32: 38.34 | G32: 0 | H32: =$F32*G32 -> 0 | O32: 0 | P32: =$F32*O32 -> 0 | W32: 0 | X32: =$F32*W32 -> 0 | AE32: 0 | AF32: =$F32*AE32 -> 0 | AM32: 0 | AN32: =$F32*AM32 -> 0 | AU32: 0 | AV32: =$F32*AU32 -> 0 | BC32: 0 | BD32: =$F32*BC32 -> 0 | BK32: 0 | BL32: =$F32*BK32 -> 0 | BS32: 0 | BT32: =$F32*BS32 -> 0 | CA32: 0 | CB32: =$F32*CA32 -> 0 | CI32: 0 | CJ32: =$F32*CI32 -> 0 | CQ32: 0 | CR32: =$F32*CQ32 -> 0 | CY32: 0 | CZ32: =$F32*CY32 -> 0 | DG32: 0 | DH32: =$F32*DG32 -> 0 | DO32: 0 | DP32: =$F32*DO32 -> 0 | DW32: 0 | DX32: =$F32*DW32 -> 0 | EE32: 0 | EF32: =$F32*EE32 -> 0 | EM32: 0 | EN32: =$F32*EM32 -> 0 | EU32: 0 | EV32: =$F32*EU32 -> 0 | FC32: 0 | FD32: =$F32*FC32 -> 0 | FK32: 0 | FL32: =$F32*FK32 -> 0 | FS32: 0 | FT32: =$F32*FS32 -> 0 | GA32: 0 | GB32: =$F32*GA32 -> 0 | GI32: 0 | GJ32: =$F32*GI32 -> 0 | GQ32: 0 | GR32: =$F32*GQ32 -> 0 | GY32: 0 | GZ32: =$F32*GY32 -> 0 | HG32: 0 | HH32: =$F32*HG32 -> 0 | HO32: 0 | HP32: =$F32*HO32 -> 0 | HW32: 0 | HX32: =$F32*HW32 -> 0 | IE32: 0 | IF32: =$F32*IE32 -> 0 | IM32: 0 | IN32: =$F32*IM32 -> 0
D33: Placa vibranta | E33: Jour | F33: 24.79 | G33: 0 | H33: =$F33*G33 -> 0 | I33: Asphalte | K33: =SUM(H$29:H$36)*J33 -> 0 | O33: 0 | P33: =$F33*O33 -> 0 | Q33: Asphalte | S33: =SUM(P$29:P$36)*R33 -> 0 | W33: 0 | X33: =$F33*W33 -> 0 | Y33: Asphalte | AA33: =SUM(X$29:X$36)*Z33 -> 0 | AE33: 0 | AF33: =$F33*AE33 -> 0 | AG33: Asphalte | AI33: =SUM(AF$29:AF$36)*AH33 -> 0 | AM33: 0 | AN33: =$F33*AM33 -> 0 | AO33: Asphalte | AQ33: =SUM(AN$29:AN$36)*AP33 -> 0 | AU33: 0 | AV33: =$F33*AU33 -> 0 | AW33: Asphalte | AY33: =SUM(AV$29:AV$36)*AX33 -> 0 | BC33: 0 | BD33: =$F33*BC33 -> 0 | BE33: Asphalte | BG33: =SUM(BD$29:BD$36)*BF33 -> 0 | BK33: 0 | BL33: =$F33*BK33 -> 0 | BM33: Asphalte | BN33: 1 | BO33: =SUM(BL$29:BL$36)*BN33 -> 589.2 | BS33: 0 | BT33: =$F33*BS33 -> 0 | BU33: Asphalte | BW33: =SUM(BT$29:BT$36)*BV33 -> 0 | CA33: 0 | CB33: =$F33*CA33 -> 0 | CC33: Asphalte | CE33: =SUM(CB$29:CB$36)*CD33 -> 0 | CI33: 0 | CJ33: =$F33*CI33 -> 0 | CK33: Asphalte | CM33: =SUM(CJ$29:CJ$36)*CL33 -> 0 | CQ33: 0 | CR33: =$F33*CQ33 -> 0 | CS33: Asphalte | CU33: =SUM(CR$29:CR$36)*CT33 -> 0 | CY33: 0 | CZ33: =$F33*CY33 -> 0 | DA33: Asphalte | DB33: 0.5 | DC33: =SUM(CZ$29:CZ$36)*DB33 -> 214.6 | DG33: 0 | DH33: =$F33*DG33 -> 0 | DI33: Asphalte | DJ33: 0.5 | DK33: =SUM(DH$29:DH$36)*DJ33 -> 214.6 | DO33: 0 | DP33: =$F33*DO33 -> 0 | DQ33: Asphalte | DS33: =SUM(DP$29:DP$36)*DR33 -> 0 | DW33: 0 | DX33: =$F33*DW33 -> 0 | DY33: Asphalte | EA33: =SUM(DX$29:DX$36)*DZ33 -> 0 | EE33: 0 | EF33: =$F33*EE33 -> 0 | EG33: Asphalte | EI33: =SUM(EF$29:EF$36)*EH33 -> 0 | EM33: 0 | EN33: =$F33*EM33 -> 0 | EO33: Asphalte | EQ33: =SUM(EN$29:EN$36)*EP33 -> 0 | EU33: 0 | EV33: =$F33*EU33 -> 0 | EW33: Asphalte | EY33: =SUM(EV$29:EV$36)*EX33 -> 0 | FC33: 0 | FD33: =$F33*FC33 -> 0 | FE33: Asphalte | FG33: =SUM(FD$29:FD$36)*FF33 -> 0 | FK33: 0 | FL33: =$F33*FK33 -> 0 | FM33: Asphalte | FO33: =SUM(FL$29:FL$36)*FN33 -> 0 | FS33: 0 | FT33: =$F33*FS33 -> 0 | FU33: Asphalte | FW33: =SUM(FT$29:FT$36)*FV33 -> 0 | GA33: 0 | GB33: =$F33*GA33 -> 0 | GC33: Asphalte | GE33: =SUM(GB$29:GB$36)*GD33 -> 0 | GI33: 0 | GJ33: =$F33*GI33 -> 0 | GK33: Asphalte | GM33: =SUM(GJ$29:GJ$36)*GL33 -> 0 | GQ33: 0 | GR33: =$F33*GQ33 -> 0 | GS33: Asphalte | GU33: =SUM(GR$29:GR$36)*GT33 -> 0 | GY33: 0 | GZ33: =$F33*GY33 -> 0 | HA33: Asphalte | HC33: =SUM(GZ$29:GZ$36)*HB33 -> 0 | HG33: 0 | HH33: =$F33*HG33 -> 0 | HI33: Asphalte | HK33: =SUM(HH$29:HH$36)*HJ33 -> 0 | HO33: 0 | HP33: =$F33*HO33 -> 0 | HQ33: Asphalte | HS33: =SUM(HP$29:HP$36)*HR33 -> 0 | HW33: 0 | HX33: =$F33*HW33 -> 0 | HY33: Asphalte | IA33: =SUM(HX$29:HX$36)*HZ33 -> 0 | IE33: 0 | IF33: =$F33*IE33 -> 0 | IG33: Asphalte | II33: =SUM(IF$29:IF$36)*IH33 -> 0 | IM33: 0 | IN33: =$F33*IM33 -> 0 | IO33: Asphalte | IQ33: =SUM(IN$29:IN$36)*IP33 -> 0
D34: Mai compactor | E34: Jour | F34: 10.93 | G34: 0 | H34: =$F34*G34 -> 0 | O34: 0 | P34: =$F34*O34 -> 0 | W34: 0 | X34: =$F34*W34 -> 0 | AE34: 0 | AF34: =$F34*AE34 -> 0 | AM34: 0 | AN34: =$F34*AM34 -> 0 | AU34: 0 | AV34: =$F34*AU34 -> 0 | BC34: 0 | BD34: =$F34*BC34 -> 0 | BK34: 0 | BL34: =$F34*BK34 -> 0 | BS34: 0 | BT34: =$F34*BS34 -> 0 | CA34: 0 | CB34: =$F34*CA34 -> 0 | CI34: 0 | CJ34: =$F34*CI34 -> 0 | CQ34: 0 | CR34: =$F34*CQ34 -> 0 | CY34: 0 | CZ34: =$F34*CY34 -> 0 | DG34: 0 | DH34: =$F34*DG34 -> 0 | DO34: 0 | DP34: =$F34*DO34 -> 0 | DW34: 0 | DX34: =$F34*DW34 -> 0 | EE34: 0 | EF34: =$F34*EE34 -> 0 | EM34: 0 | EN34: =$F34*EM34 -> 0 | EU34: 0 | EV34: =$F34*EU34 -> 0 | FC34: 0 | FD34: =$F34*FC34 -> 0 | FK34: 0 | FL34: =$F34*FK34 -> 0 | FS34: 0 | FT34: =$F34*FS34 -> 0 | GA34: 0 | GB34: =$F34*GA34 -> 0 | GI34: 0 | GJ34: =$F34*GI34 -> 0 | GQ34: 0 | GR34: =$F34*GQ34 -> 0 | GY34: 0 | GZ34: =$F34*GY34 -> 0 | HG34: 0 | HH34: =$F34*HG34 -> 0 | HO34: 0 | HP34: =$F34*HO34 -> 0 | HW34: 0 | HX34: =$F34*HW34 -> 0 | IE34: 0 | IF34: =$F34*IE34 -> 0 | IM34: 0 | IN34: =$F34*IM34 -> 0
D35: Marteau piqueur | E35: Jour | F35: 15 | G35: 0 | H35: =$F35*G35 -> 0 | I35: Mise à la côte de regard/avaloir | K35: =SUM(H$29:H$36)*J35 -> 0 | O35: 0 | P35: =$F35*O35 -> 0 | Q35: Mise à la côte de regard/avaloir | S35: =SUM(P$29:P$36)*R35 -> 0 | W35: 0 | X35: =$F35*W35 -> 0 | Y35: Mise à la côte de regard/avaloir | AA35: =SUM(X$29:X$36)*Z35 -> 0 | AE35: 0 | AF35: =$F35*AE35 -> 0 | AG35: Mise à la côte de regard/avaloir | AI35: =SUM(AF$29:AF$36)*AH35 -> 0 | AM35: 0 | AN35: =$F35*AM35 -> 0 | AO35: Mise à la côte de regard/avaloir | AQ35: =SUM(AN$29:AN$36)*AP35 -> 0 | AU35: 0 | AV35: =$F35*AU35 -> 0 | AW35: Mise à la côte de regard/avaloir | AY35: =SUM(AV$29:AV$36)*AX35 -> 0 | BC35: 0 | BD35: =$F35*BC35 -> 0 | BE35: Mise à la côte de regard/avaloir | BG35: =SUM(BD$29:BD$36)*BF35 -> 0 | BK35: 0 | BL35: =$F35*BK35 -> 0 | BM35: Mise à la côte de regard/avaloir | BO35: =SUM(BL$29:BL$36)*BN35 -> 0 | BS35: 0 | BT35: =$F35*BS35 -> 0 | BU35: Mise à la côte de regard/avaloir | BW35: =SUM(BT$29:BT$36)*BV35 -> 0 | CA35: 0 | CB35: =$F35*CA35 -> 0 | CC35: Mise à la côte de regard/avaloir | CE35: =SUM(CB$29:CB$36)*CD35 -> 0 | CI35: 0 | CJ35: =$F35*CI35 -> 0 | CK35: Mise à la côte de regard/avaloir | CM35: =SUM(CJ$29:CJ$36)*CL35 -> 0 | CQ35: 0 | CR35: =$F35*CQ35 -> 0 | CS35: Mise à la côte de regard/avaloir | CU35: =SUM(CR$29:CR$36)*CT35 -> 0 | CY35: 0 | CZ35: =$F35*CY35 -> 0 | DA35: Mise à la côte de regard/avaloir | DC35: =SUM(CZ$29:CZ$36)*DB35 -> 0 | DG35: 0 | DH35: =$F35*DG35 -> 0 | DI35: Mise à la côte de regard/avaloir | DK35: =SUM(DH$29:DH$36)*DJ35 -> 0 | DO35: 0 | DP35: =$F35*DO35 -> 0 | DQ35: Mise à la côte de regard/avaloir | DS35: =SUM(DP$29:DP$36)*DR35 -> 0 | DW35: 0 | DX35: =$F35*DW35 -> 0 | DY35: Mise à la côte de regard/avaloir | EA35: =SUM(DX$29:DX$36)*DZ35 -> 0 | EE35: 0 | EF35: =$F35*EE35 -> 0 | EG35: Mise à la côte de regard/avaloir | EI35: =SUM(EF$29:EF$36)*EH35 -> 0 | EM35: 0 | EN35: =$F35*EM35 -> 0 | EO35: Mise à la côte de regard/avaloir | EQ35: =SUM(EN$29:EN$36)*EP35 -> 0 | EU35: 0 | EV35: =$F35*EU35 -> 0 | EW35: Mise à la côte de regard/avaloir | EY35: =SUM(EV$29:EV$36)*EX35 -> 0 | FC35: 0 | FD35: =$F35*FC35 -> 0 | FE35: Mise à la côte de regard/avaloir | FG35: =SUM(FD$29:FD$36)*FF35 -> 0 | FK35: 0 | FL35: =$F35*FK35 -> 0 | FM35: Mise à la côte de regard/avaloir | FO35: =SUM(FL$29:FL$36)*FN35 -> 0 | FS35: 0 | FT35: =$F35*FS35 -> 0 | FU35: Mise à la côte de regard/avaloir | FW35: =SUM(FT$29:FT$36)*FV35 -> 0 | GA35: 0 | GB35: =$F35*GA35 -> 0 | GC35: Mise à la côte de regard/avaloir | GE35: =SUM(GB$29:GB$36)*GD35 -> 0 | GI35: 0 | GJ35: =$F35*GI35 -> 0 | GK35: Mise à la côte de regard/avaloir | GM35: =SUM(GJ$29:GJ$36)*GL35 -> 0 | GQ35: 0 | GR35: =$F35*GQ35 -> 0 | GS35: Mise à la côte de regard/avaloir | GU35: =SUM(GR$29:GR$36)*GT35 -> 0 | GY35: 0 | GZ35: =$F35*GY35 -> 0 | HA35: Mise à la côte de regard/avaloir | HC35: =SUM(GZ$29:GZ$36)*HB35 -> 0 | HG35: 0 | HH35: =$F35*HG35 -> 0 | HI35: Mise à la côte de regard/avaloir | HK35: =SUM(HH$29:HH$36)*HJ35 -> 0 | HO35: 0 | HP35: =$F35*HO35 -> 0 | HQ35: Mise à la côte de regard/avaloir | HS35: =SUM(HP$29:HP$36)*HR35 -> 0 | HW35: 0 | HX35: =$F35*HW35 -> 0 | HY35: Mise à la côte de regard/avaloir | IA35: =SUM(HX$29:HX$36)*HZ35 -> 0 | IE35: 0 | IF35: =$F35*IE35 -> 0 | IG35: Mise à la côte de regard/avaloir | II35: =SUM(IF$29:IF$36)*IH35 -> 0 | IM35: 0 | IN35: =$F35*IM35 -> 0 | IO35: Mise à la côte de regard/avaloir | IQ35: =SUM(IN$29:IN$36)*IP35 -> 0
D36: Traietor rost | E36: Jour | F36: 14.18 | G36: 0 | H36: =$F36*G36 -> 0 | O36: 0 | P36: =$F36*O36 -> 0 | W36: 0 | X36: =$F36*W36 -> 0 | AE36: 0 | AF36: =$F36*AE36 -> 0 | AM36: 0 | AN36: =$F36*AM36 -> 0 | AU36: 0 | AV36: =$F36*AU36 -> 0 | BC36: 0 | BD36: =$F36*BC36 -> 0 | BK36: 0 | BL36: =$F36*BK36 -> 0 | BS36: 0 | BT36: =$F36*BS36 -> 0 | CA36: 0 | CB36: =$F36*CA36 -> 0 | CI36: 0 | CJ36: =$F36*CI36 -> 0 | CQ36: 0 | CR36: =$F36*CQ36 -> 0 | CY36: 0 | CZ36: =$F36*CY36 -> 0 | DG36: 0 | DH36: =$F36*DG36 -> 0 | DO36: 0 | DP36: =$F36*DO36 -> 0 | DW36: 0 | DX36: =$F36*DW36 -> 0 | EE36: 0 | EF36: =$F36*EE36 -> 0 | EM36: 0 | EN36: =$F36*EM36 -> 0 | EU36: 0 | EV36: =$F36*EU36 -> 0 | FC36: 0 | FD36: =$F36*FC36 -> 0 | FK36: 0 | FL36: =$F36*FK36 -> 0 | FS36: 0 | FT36: =$F36*FS36 -> 0 | GA36: 0 | GB36: =$F36*GA36 -> 0 | GI36: 0 | GJ36: =$F36*GI36 -> 0 | GQ36: 0 | GR36: =$F36*GQ36 -> 0 | GY36: 0 | GZ36: =$F36*GY36 -> 0 | HG36: 0 | HH36: =$F36*HG36 -> 0 | HO36: 0 | HP36: =$F36*HO36 -> 0 | HW36: 0 | HX36: =$F36*HW36 -> 0 | IE36: 0 | IF36: =$F36*IE36 -> 0 | IM36: 0 | IN36: =$F36*IM36 -> 0
D38: Matériaux | F38: Prix (RON) | G38: Perte compactage | H38: Matériaux en tonnes | I38: Masse Vol T/m3 | J38: Matériaux en m3 | K38: Epaisseur de couche en m | L38: Surface réalisée en m² | M38: Prix total (RON) | N38: Prix en RON / m3 et m² | O38: Perte compactage | P38: Matériaux en tonnes | Q38: Masse Vol T/m3 | R38: Matériaux en m3 | S38: Epaisseur de couche en m | T38: Surface réalisée en m² | U38: Prix total (RON) | V38: Prix en RON / m3 et m² | W38: Perte compactage | X38: Matériaux en tonnes | Y38: Masse Vol T/m3 | Z38: Matériaux en m3 | AA38: Epaisseur de couche en m | AB38: Surface réalisée en m² | AC38: Prix total (RON) | AD38: Prix en RON / m3 et m² | AE38: Perte compactage | AF38: Matériaux en tonnes | AG38: Masse Vol T/m3 | AH38: Matériaux en m3 | AI38: Epaisseur de couche en m | AJ38: Surface réalisée en m² | AK38: Prix total (RON) | AL38: Prix en RON / m3 et m² | AM38: Perte compactage | AN38: Matériaux en tonnes | AO38: Masse Vol T/m3 | AP38: Matériaux en m3 | AQ38: Epaisseur de couche en m | AR38: Surface réalisée en m² | AS38: Prix total (RON) | AT38: Prix en RON / m3 et m² | AU38: Perte compactage | AV38: Matériaux en tonnes | AW38: Masse Vol T/m3 | AX38: Matériaux en m3 | AY38: Epaisseur de couche en m | AZ38: Surface réalisée en m² | BA38: Prix total (RON) | BB38: Prix en RON / m3 et m² | BC38: Perte compactage | BD38: Matériaux en tonnes | BE38: Masse Vol T/m3 | BF38: Matériaux en m3 | BG38: Epaisseur de couche en m | BH38: Surface réalisée en m² | BI38: Prix total (RON) | BJ38: Prix en RON / m3 et m² | BK38: Perte compactage | BL38: Matériaux en tonnes | BM38: Masse Vol T/m3 | BN38: Matériaux en m3 | BO38: Epaisseur de couche en m | BP38: Surface réalisée en m² | BQ38: Prix total (RON) | BR38: Prix en RON / m3 et m² | BS38: Perte compactage | BT38: Matériaux en tonnes | BU38: Masse Vol T/m3 | BV38: Matériaux en m3 | BW38: Epaisseur de couche en m | BX38: Surface réalisée en m² | BY38: Prix total (RON) | BZ38: Prix en RON / m3 et m² | CA38: Perte compactage | CB38: Matériaux en tonnes | CC38: Masse Vol T/m3 | CD38: Matériaux en m3 | CE38: Epaisseur de couche en m | CF38: Surface réalisée en m² | CG38: Prix total (RON) | CH38: Prix en RON / m3 et m² | CI38: Perte compactage | CJ38: Matériaux en tonnes | CK38: Masse Vol T/m3 | CL38: Matériaux en m3 | CM38: Epaisseur de couche en m | CN38: Surface réalisée en m² | CO38: Prix total (RON) | CP38: Prix en RON / m3 et m² | CQ38: Perte compactage | CR38: Matériaux en tonnes | CS38: Masse Vol T/m3 | CT38: Matériaux en m3 | CU38: Epaisseur de couche en m | CV38: Surface réalisée en m² | CW38: Prix total (RON) | CX38: Prix en RON / m3 et m² | CY38: Perte compactage | CZ38: Matériaux en tonnes | DA38: Masse Vol T/m3 | DB38: Matériaux en m3 | DC38: Epaisseur de couche en m | DD38: Surface réalisée en m² | DE38: Prix total (RON) | DF38: Prix en RON / m3 et m² | DG38: Perte compactage | DH38: Matériaux en tonnes | DI38: Masse Vol T/m3 | DJ38: Matériaux en m3 | DK38: Epaisseur de couche en m | DL38: Surface réalisée en m² | DM38: Prix total (RON) | DN38: Prix en RON / m3 et m² | DO38: Perte compactage | DP38: Matériaux en tonnes | DQ38: Masse Vol T/m3 | DR38: Matériaux en m3 | DS38: Epaisseur de couche en m | DT38: Surface réalisée en m² | DU38: Prix total (RON) | DV38: Prix en RON / m3 et m² | DW38: Perte compactage | DX38: Matériaux en tonnes | DY38: Masse Vol T/m3 | DZ38: Matériaux en m3 | EA38: Epaisseur de couche en m | EB38: Surface réalisée en m² | EC38: Prix total (RON) | ED38: Prix en RON / m3 et m² | EE38: Perte compactage | EF38: Matériaux en tonnes | EG38: Masse Vol T/m3 | EH38: Matériaux en m3 | EI38: Epaisseur de couche en m | EJ38: Surface réalisée en m² | EK38: Prix total (RON) | EL38: Prix en RON / m3 et m² | EM38: Perte compactage | EN38: Matériaux en tonnes | EO38: Masse Vol T/m3 | EP38: Matériaux en m3 | EQ38: Epaisseur de couche en m | ER38: Surface réalisée en m² | ES38: Prix total (RON) | ET38: Prix en RON / m3 et m² | EU38: Perte compactage | EV38: Matériaux en tonnes | EW38: Masse Vol T/m3 | EX38: Matériaux en m3 | EY38: Epaisseur de couche en m | EZ38: Surface réalisée en m² | FA38: Prix total (RON) | FB38: Prix en RON / m3 et m² | FC38: Perte compactage | FD38: Matériaux en tonnes | FE38: Masse Vol T/m3 | FF38: Matériaux en m3 | FG38: Epaisseur de couche en m | FH38: Surface réalisée en m² | FI38: Prix total (RON) | FJ38: Prix en RON / m3 et m² | FK38: Perte compactage | FL38: Matériaux en tonnes | FM38: Masse Vol T/m3 | FN38: Matériaux en m3 | FO38: Epaisseur de couche en m | FP38: Surface réalisée en m² | FQ38: Prix total (RON) | FR38: Prix en RON / m3 et m² | FS38: Perte compactage | FT38: Matériaux en tonnes | FU38: Masse Vol T/m3 | FV38: Matériaux en m3 | FW38: Epaisseur de couche en m | FX38: Surface réalisée en m² | FY38: Prix total (RON) | FZ38: Prix en RON / m3 et m² | GA38: Perte compactage | GB38: Matériaux en tonnes | GC38: Masse Vol T/m3 | GD38: Matériaux en m3 | GE38: Epaisseur de couche en m | GF38: Surface réalisée en m² | GG38: Prix total (RON) | GH38: Prix en RON / m3 et m² | GI38: Perte compactage | GJ38: Matériaux en tonnes | GK38: Masse Vol T/m3 | GL38: Matériaux en m3 | GM38: Epaisseur de couche en m | GN38: Surface réalisée en m² | GO38: Prix total (RON) | GP38: Prix en RON / m3 et m² | GQ38: Perte compactage | GR38: Matériaux en tonnes | GS38: Masse Vol T/m3 | GT38: Matériaux en m3 | GU38: Epaisseur de couche en m | GV38: Surface réalisée en m² | GW38: Prix total (RON) | GX38: Prix en RON / m3 et m² | GY38: Perte compactage | GZ38: Matériaux en tonnes | HA38: Masse Vol T/m3 | HB38: Matériaux en m3 | HC38: Epaisseur de couche en m | HD38: Surface réalisée en m² | HE38: Prix total (RON) | HF38: Prix en RON / m3 et m² | HG38: Perte compactage | HH38: Matériaux en tonnes | HI38: Masse Vol T/m3 | HJ38: Matériaux en m3 | HK38: Epaisseur de couche en m | HL38: Surface réalisée en m² | HM38: Prix total (RON) | HN38: Prix en RON / m3 et m² | HO38: Perte compactage | HP38: Matériaux en tonnes | HQ38: Masse Vol T/m3 | HR38: Matériaux en m3 | HS38: Epaisseur de couche en m | HT38: Surface réalisée en m² | HU38: Prix total (RON) | HV38: Prix en RON / m3 et m² | HW38: Perte compactage | HX38: Matériaux en tonnes | HY38: Masse Vol T/m3 | HZ38: Matériaux en m3 | IA38: Epaisseur de couche en m | IB38: Surface réalisée en m² | IC38: Prix total (RON) | ID38: Prix en RON / m3 et m² | IE38: Perte compactage | IF38: Matériaux en tonnes | IG38: Masse Vol T/m3 | IH38: Matériaux en m3 | II38: Epaisseur de couche en m | IJ38: Surface réalisée en m² | IK38: Prix total (RON) | IL38: Prix en RON / m3 et m² | IM38: Perte compactage | IN38: Matériaux en tonnes | IO38: Masse Vol T/m3 | IP38: Matériaux en m3 | IQ38: Epaisseur de couche en m | IR38: Surface réalisée en m² | IS38: Prix total (RON) | IT38: Prix en RON / m3 et m²
D39: Ballast 0-63 | E39: Tonnes | F39: 37 | G39: 0.3 | H39: 0 | I39: 1.8 | J39: =H39/I39 -> 0 | K39: 0.25 | L39: =(J39/K39)*(1-G39) -> 0 | M39: =$F$39*H39 -> 0 | N39: =IF(H39=0,"",(M39+K5+K13+K21+K29)/J39) | O39: 0.3 | P39: 0 | Q39: 1.8 | R39: =P39/Q39 -> 0 | S39: 0.25 | T39: =(R39/S39)*(1-O39) -> 0 | U39: =$F$39*P39 -> 0 | V39: =IF(P39=0,"",(U39+S5+S13+S21+S29)/R39) | W39: 0.3 | X39: 0 | Y39: 1.8 | Z39: =X39/Y39 -> 0 | AA39: 0.25 | AB39: =(Z39/AA39)*(1-W39) -> 0 | AC39: =$F$39*X39 -> 0 | AD39: =IF(X39=0,"",(AC39+AA5+AA13+AA21+AA29)/Z39) | AE39: 0.3 | AF39: 0 | AG39: 1.8 | AH39: =AF39/AG39 -> 0 | AI39: 0.25 | AJ39: =(AH39/AI39)*(1-AE39) -> 0 | AK39: =$F$39*AF39 -> 0 | AL39: =IF(AF39=0,"",(AK39+AI5+AI13+AI21+AI29)/AH39) | AM39: 0.3 | AN39: 0 | AO39: 1.8 | AP39: =AN39/AO39 -> 0 | AQ39: 0.25 | AR39: =(AP39/AQ39)*(1-AM39) -> 0 | AS39: =$F$39*AN39 -> 0 | AT39: =IF(AN39=0,"",(AS39+AQ5+AQ13+AQ21+AQ29)/AP39) | AU39: 0.3 | AW39: 1.8 | AX39: =AV39/AW39 -> 0 | AY39: 0.25 | AZ39: =(AX39/AY39)*(1-AU39) -> 0 | BA39: =$F$39*AV39 -> 0 | BB39: =IF(AV39=0,"",(BA39+AY5+AY13+AY21+AY29)/AX39) | BC39: 0.3 | BD39: 4.5 | BE39: 1.8 | BF39: =BD39/BE39 -> 2.5 | BG39: 0.25 | BH39: =(BF39/BG39)*(1-BC39) -> 7 | BI39: =$F$39*BD39 -> 166.5 | BJ39: =IF(BD39=0,"",(BI39+BG5+BG13+BG21+BG29)/BF39) -> 382.29 | BK39: 0.3 | BM39: 1.8 | BN39: =BL39/BM39 -> 0 | BO39: 0.25 | BP39: =(BN39/BO39)*(1-BK39) -> 0 | BQ39: =$F$39*BL39 -> 0 | BR39: =IF(BL39=0,"",(BQ39+BO5+BO13+BO21+BO29)/BN39) | BS39: 0.3 | BT39: 4.5 | BU39: 1.8 | BV39: =BT39/BU39 -> 2.5 | BW39: 0.25 | BX39: =(BV39/BW39)*(1-BS39) -> 7 | BY39: =$F$39*BT39 -> 166.5 | BZ39: =IF(BT39=0,"",(BY39+BW5+BW13+BW21+BW29)/BV39) -> 149.525 | CA39: 0.3 | CC39: 1.8 | CD39: =CB39/CC39 -> 0 | CE39: 0.25 | CF39: =(CD39/CE39)*(1-CA39) -> 0 | CG39: =$F$39*CB39 -> 0 | CH39: =IF(CB39=0,"",(CG39+CE5+CE13+CE21+CE29)/CD39) | CI39: 0.3 | CK39: 1.8 | CL39: =CJ39/CK39 -> 0 | CM39: 0.25 | CN39: =(CL39/CM39)*(1-CI39) -> 0 | CO39: =$F$39*CJ39 -> 0 | CP39: =IF(CJ39=0,"",(CO39+CM5+CM13+CM21+CM29)/CL39) | CQ39: 0.3 | CR39: 4.5 | CS39: 1.8 | CT39: =CR39/CS39 -> 2.5 | CU39: 0.25 | CV39: =(CT39/CU39)*(1-CQ39) -> 7 | CW39: =$F$39*CR39 -> 166.5 | CX39: =IF(CR39=0,"",(CW39+CU5+CU13+CU21+CU29)/CT39) -> 457.464 | CY39: 0.3 | CZ39: 4.5 | DA39: 1.8 | DB39: =CZ39/DA39 -> 2.5 | DC39: 0.25 | DD39: =(DB39/DC39)*(1-CY39) -> 7 | DE39: =$F$39*CZ39 -> 166.5 | DF39: =IF(CZ39=0,"",(DE39+DC5+DC13+DC21+DC29)/DB39) -> 491.586 | DG39: 0.3 | DI39: 1.8 | DJ39: =DH39/DI39 -> 0 | DK39: 0.25 | DL39: =(DJ39/DK39)*(1-DG39) -> 0 | DM39: =$F$39*DH39 -> 0 | DN39: =IF(DH39=0,"",(DM39+DK5+DK13+DK21+DK29)/DJ39) | DO39: 0.3 | DQ39: 1.8 | DR39: =DP39/DQ39 -> 0 | DS39: 0.25 | DT39: =(DR39/DS39)*(1-DO39) -> 0 | DU39: =$F$39*DP39 -> 0 | DV39: =IF(DP39=0,"",(DU39+DS5+DS13+DS21+DS29)/DR39) | DW39: 0.3 | DX39: 10 | DY39: 1.8 | DZ39: =DX39/DY39 -> 5.5555556 | EA39: 0.25 | EB39: =(DZ39/EA39)*(1-DW39) -> 15.555556 | EC39: =$F$39*DX39 -> 370 | ED39: =IF(DX39=0,"",(EC39+EA5+EA13+EA21+EA29)/DZ39) -> 156.159 | EE39: 0.3 | EG39: 1.8 | EH39: =EF39/EG39 -> 0 | EI39: 0.25 | EJ39: =(EH39/EI39)*(1-EE39) -> 0 | EK39: =$F$39*EF39 -> 0 | EL39: =IF(EF39=0,"",(EK39+EI5+EI13+EI21+EI29)/EH39) | EM39: 0.3 | EO39: 1.8 | EP39: =EN39/EO39 -> 0 | EQ39: 0.25 | ER39: =(EP39/EQ39)*(1-EM39) -> 0 | ES39: =$F$39*EN39 -> 0 | ET39: =IF(EN39=0,"",(ES39+EQ5+EQ13+EQ21+EQ29)/EP39) | EU39: 0.3 | EW39: 1.8 | EX39: =EV39/EW39 -> 0 | EY39: 0.25 | EZ39: =(EX39/EY39)*(1-EU39) -> 0 | FA39: =$F$39*EV39 -> 0 | FB39: =IF(EV39=0,"",(FA39+EY5+EY13+EY21+EY29)/EX39) | FC39: 0.3 | FE39: 1.8 | FF39: =FD39/FE39 -> 0 | FG39: 0.25 | FH39: =(FF39/FG39)*(1-FC39) -> 0 | FI39: =$F$39*FD39 -> 0 | FJ39: =IF(FD39=0,"",(FI39+FG5+FG13+FG21+FG29)/FF39) | FK39: 0.3 | FM39: 1.8 | FN39: =FL39/FM39 -> 0 | FO39: 0.25 | FP39: =(FN39/FO39)*(1-FK39) -> 0 | FQ39: =$F$39*FL39 -> 0 | FR39: =IF(FL39=0,"",(FQ39+FO5+FO13+FO21+FO29)/FN39) | FS39: 0.3 | FU39: 1.8 | FV39: =FT39/FU39 -> 0 | FW39: 0.25 | FX39: =(FV39/FW39)*(1-FS39) -> 0 | FY39: =$F$39*FT39 -> 0 | FZ39: =IF(FT39=0,"",(FY39+FW5+FW13+FW21+FW29)/FV39) | GA39: 0.3 | GC39: 1.8 | GD39: =GB39/GC39 -> 0 | GE39: 0.25 | GF39: =(GD39/GE39)*(1-GA39) -> 0 | GG39: =$F$39*GB39 -> 0 | GH39: =IF(GB39=0,"",(GG39+GE5+GE13+GE21+GE29)/GD39) | GI39: 0.3 | GK39: 1.8 | GL39: =GJ39/GK39 -> 0 | GM39: 0.25 | GN39: =(GL39/GM39)*(1-GI39) -> 0 | GO39: =$F$39*GJ39 -> 0 | GP39: =IF(GJ39=0,"",(GO39+GM5+GM13+GM21+GM29)/GL39) | GQ39: 0.3 | GS39: 1.8 | GT39: =GR39/GS39 -> 0 | GU39: 0.25 | GV39: =(GT39/GU39)*(1-GQ39) -> 0 | GW39: =$F$39*GR39 -> 0 | GX39: =IF(GR39=0,"",(GW39+GU5+GU13+GU21+GU29)/GT39) | GY39: 0.3 | HA39: 1.8 | HB39: =GZ39/HA39 -> 0 | HC39: 0.25 | HD39: =(HB39/HC39)*(1-GY39) -> 0 | HE39: =$F$39*GZ39 -> 0 | HF39: =IF(GZ39=0,"",(HE39+HC5+HC13+HC21+HC29)/HB39) | HG39: 0.3 | HI39: 1.8 | HJ39: =HH39/HI39 -> 0 | HK39: 0.25 | HL39: =(HJ39/HK39)*(1-HG39) -> 0 | HM39: =$F$39*HH39 -> 0 | HN39: =IF(HH39=0,"",(HM39+HK5+HK13+HK21+HK29)/HJ39) | HO39: 0.3 | HQ39: 1.8 | HR39: =HP39/HQ39 -> 0 | HS39: 0.25 | HT39: =(HR39/HS39)*(1-HO39) -> 0 | HU39: =$F$39*HP39 -> 0 | HV39: =IF(HP39=0,"",(HU39+HS5+HS13+HS21+HS29)/HR39) | HW39: 0.3 | HY39: 1.8 | HZ39: =HX39/HY39 -> 0 | IA39: 0.25 | IB39: =(HZ39/IA39)*(1-HW39) -> 0 | IC39: =$F$39*HX39 -> 0 | ID39: =IF(HX39=0,"",(IC39+IA5+IA13+IA21+IA29)/HZ39) | IE39: 0.3 | IG39: 1.8 | IH39: =IF39/IG39 -> 0 | II39: 0.25 | IJ39: =(IH39/II39)*(1-IE39) -> 0 | IK39: =$F$39*IF39 -> 0 | IL39: =IF(IF39=0,"",(IK39+II5+II13+II21+II29)/IH39) | IM39: 0.3 | IO39: 1.8 | IP39: =IN39/IO39 -> 0 | IQ39: 0.25 | IR39: =(IP39/IQ39)*(1-IM39) -> 0 | IS39: =$F$39*IN39 -> 0 | IT39: =IF(IN39=0,"",(IS39+IQ5+IQ13+IQ21+IQ29)/IP39)
D40: Béton C12/15 | E40: m3 | F40: 145 | G40: 0.1 | H40: 0 | I40: 2 | J40: =H40/I40 -> 0 | K40: 0.2 | L40: =(J40/K40)*(1-G40) -> 0 | M40: =$F$40*J40 -> 0 | N40: =IF(H40=0,"",(M40+K7+K15+K23+K31)/J40) | O40: 0.1 | P40: 0 | Q40: 2 | R40: =P40/Q40 -> 0 | S40: 0.2 | T40: =(R40/S40)*(1-O40) -> 0 | U40: =$F$40*R40 -> 0 | V40: =IF(P40=0,"",(U40+S7+S15+S23+S31)/R40) | W40: 0.1 | X40: 0 | Y40: 2 | Z40: =X40/Y40 -> 0 | AA40: 0.2 | AB40: =(Z40/AA40)*(1-W40) -> 0 | AC40: =$F$40*Z40 -> 0 | AD40: =IF(X40=0,"",(AC40+AA7+AA15+AA23+AA31)/Z40) | AE40: 0.1 | AF40: 0 | AG40: 2 | AH40: =AF40/AG40 -> 0 | AI40: 0.2 | AJ40: =(AH40/AI40)*(1-AE40) -> 0 | AK40: =$F$40*AH40 -> 0 | AL40: =IF(AF40=0,"",(AK40+AI7+AI15+AI23+AI31)/AH40) | AM40: 0.1 | AN40: 0 | AO40: 2 | AP40: =AN40/AO40 -> 0 | AQ40: 0.2 | AR40: =(AP40/AQ40)*(1-AM40) -> 0 | AS40: =$F$40*AP40 -> 0 | AT40: =IF(AN40=0,"",(AS40+AQ7+AQ15+AQ23+AQ31)/AP40) | AU40: 0.1 | AW40: 2 | AX40: =AV40/AW40 -> 0 | AY40: 0.2 | AZ40: =(AX40/AY40)*(1-AU40) -> 0 | BA40: =$F$40*AX40 -> 0 | BB40: =IF(AV40=0,"",(BA40+AY7+AY15+AY23+AY31)/AX40) | BC40: 0.1 | BD40: 5 | BE40: 2 | BF40: =BD40/BE40 -> 2.5 | BG40: 0.2 | BH40: =(BF40/BG40)*(1-BC40) -> 11.25 | BI40: =$F$40*BF40 -> 362.5 | BJ40: =IF(BD40=0,"",(BI40+BG7+BG15+BG23+BG32)/BF40) -> 310.85 | BK40: 0.1 | BL40: 5 | BM40: 2 | BN40: =BL40/BM40 -> 2.5 | BO40: 0.2 | BP40: =(BN40/BO40)*(1-BK40) -> 11.25 | BQ40: =$F$40*BN40 -> 362.5 | BR40: =IF(BL40=0,"",(BQ40+BO7+BO15+BO23+BO31)/BN40) -> 310.85 | BS40: 0.1 | BT40: 5 | BU40: 2 | BV40: =BT40/BU40 -> 2.5 | BW40: 0.2 | BX40: =(BV40/BW40)*(1-BS40) -> 11.25 | BY40: =$F$40*BV40 -> 362.5 | BZ40: =IF(BT40=0,"",(BY40+BW7+BW15+BW23+BW31)/BV40) -> 227.925 | CA40: 0.1 | CC40: 2 | CD40: =CB40/CC40 -> 0 | CE40: 0.2 | CF40: =(CD40/CE40)*(1-CA40) -> 0 | CG40: =$F$40*CD40 -> 0 | CH40: =IF(CB40=0,"",(CG40+CE7+CE15+CE23+CE31)/CD40) | CI40: 0.1 | CK40: 2 | CL40: =CJ40/CK40 -> 0 | CM40: 0.2 | CN40: =(CL40/CM40)*(1-CI40) -> 0 | CO40: =$F$40*CL40 -> 0 | CP40: =IF(CJ40=0,"",(CO40+CM7+CM15+CM23+CM31)/CL40) | CQ40: 0.1 | CR40: 5 | CS40: 2 | CT40: =CR40/CS40 -> 2.5 | CU40: 0.2 | CV40: =(CT40/CU40)*(1-CQ40) -> 11.25 | CW40: =$F$40*CT40 -> 362.5 | CX40: =IF(CR40=0,"",(CW40+CU7+CU15+CU23+CU31)/CT40) -> 535.864 | CY40: 0.1 | CZ40: 5 | DA40: 2 | DB40: =CZ40/DA40 -> 2.5 | DC40: 0.2 | DD40: =(DB40/DC40)*(1-CY40) -> 11.25 | DE40: =$F$40*DB40 -> 362.5 | DF40: =IF(CZ40=0,"",(DE40+DC7+DC15+DC23+DC31)/DB40) -> 484.146 | DG40: 0.1 | DH40: 2 | DI40: 2 | DJ40: =DH40/DI40 -> 1 | DK40: 0.2 | DL40: =(DJ40/DK40)*(1-DG40) -> 4.5 | DM40: =$F$40*DJ40 -> 145 | DN40: =IF(DH40=0,"",(DM40+DK7+DK15+DK23+DK31)/DJ40) -> 767.795 | DO40: 0.1 | DQ40: 2 | DR40: =DP40/DQ40 -> 0 | DS40: 0.2 | DT40: =(DR40/DS40)*(1-DO40) -> 0 | DU40: =$F$40*DR40 -> 0 | DV40: =IF(DP40=0,"",(DU40+DS7+DS15+DS23+DS31)/DR40) | DW40: 0.1 | DY40: 2 | DZ40: =DX40/DY40 -> 0 | EA40: 0.2 | EB40: =(DZ40/EA40)*(1-DW40) -> 0 | EC40: =$F$40*DZ40 -> 0 | ED40: =IF(DX40=0,"",(EC40+EA7+EA15+EA23+EA31)/DZ40) | EE40: 0.1 | EG40: 2 | EH40: =EF40/EG40 -> 0 | EI40: 0.2 | EJ40: =(EH40/EI40)*(1-EE40) -> 0 | EK40: =$F$40*EH40 -> 0 | EL40: =IF(EF40=0,"",(EK40+EI7+EI15+EI23+EI31)/EH40) | EM40: 0.1 | EO40: 2 | EP40: =EN40/EO40 -> 0 | EQ40: 0.2 | ER40: =(EP40/EQ40)*(1-EM40) -> 0 | ES40: =$F$40*EP40 -> 0 | ET40: =IF(EN40=0,"",(ES40+EQ7+EQ15+EQ23+EQ31)/EP40) | EU40: 0.1 | EW40: 2 | EX40: =EV40/EW40 -> 0 | EY40: 0.2 | EZ40: =(EX40/EY40)*(1-EU40) -> 0 | FA40: =$F$40*EX40 -> 0 | FB40: =IF(EV40=0,"",(FA40+EY7+EY15+EY23+EY31)/EX40) | FC40: 0.1 | FE40: 2 | FF40: =FD40/FE40 -> 0 | FG40: 0.2 | FH40: =(FF40/FG40)*(1-FC40) -> 0 | FI40: =$F$40*FF40 -> 0 | FJ40: =IF(FD40=0,"",(FI40+FG7+FG15+FG23+FG31)/FF40) | FK40: 0.1 | FM40: 2 | FN40: =FL40/FM40 -> 0 | FO40: 0.2 | FP40: =(FN40/FO40)*(1-FK40) -> 0 | FQ40: =$F$40*FN40 -> 0 | FR40: =IF(FL40=0,"",(FQ40+FO7+FO15+FO23+FO31)/FN40) | FS40: 0.1 | FU40: 2 | FV40: =FT40/FU40 -> 0 | FW40: 0.2 | FX40: =(FV40/FW40)*(1-FS40) -> 0 | FY40: =$F$40*FV40 -> 0 | FZ40: =IF(FT40=0,"",(FY40+FW7+FW15+FW23+FW31)/FV40) | GA40: 0.1 | GC40: 2 | GD40: =GB40/GC40 -> 0 | GE40: 0.2 | GF40: =(GD40/GE40)*(1-GA40) -> 0 | GG40: =$F$40*GD40 -> 0 | GH40: =IF(GB40=0,"",(GG40+GE7+GE15+GE23+GE31)/GD40) | GI40: 0.1 | GK40: 2 | GL40: =GJ40/GK40 -> 0 | GM40: 0.2 | GN40: =(GL40/GM40)*(1-GI40) -> 0 | GO40: =$F$40*GL40 -> 0 | GP40: =IF(GJ40=0,"",(GO40+GM7+GM15+GM23+GM31)/GL40) | GQ40: 0.1 | GS40: 2 | GT40: =GR40/GS40 -> 0 | GU40: 0.2 | GV40: =(GT40/GU40)*(1-GQ40) -> 0 | GW40: =$F$40*GT40 -> 0 | GX40: =IF(GR40=0,"",(GW40+GU7+GU15+GU23+GU31)/GT40) | GY40: 0.1 | HA40: 2 | HB40: =GZ40/HA40 -> 0 | HC40: 0.2 | HD40: =(HB40/HC40)*(1-GY40) -> 0 | HE40: =$F$40*HB40 -> 0 | HF40: =IF(GZ40=0,"",(HE40+HC7+HC15+HC23+HC31)/HB40) | HG40: 0.1 | HI40: 2 | HJ40: =HH40/HI40 -> 0 | HK40: 0.2 | HL40: =(HJ40/HK40)*(1-HG40) -> 0 | HM40: =$F$40*HJ40 -> 0 | HN40: =IF(HH40=0,"",(HM40+HK7+HK15+HK23+HK31)/HJ40) | HO40: 0.1 | HQ40: 2 | HR40: =HP40/HQ40 -> 0 | HS40: 0.2 | HT40: =(HR40/HS40)*(1-HO40) -> 0 | HU40: =$F$40*HR40 -> 0 | HV40: =IF(HP40=0,"",(HU40+HS7+HS15+HS23+HS31)/HR40) | HW40: 0.1 | HY40: 2 | HZ40: =HX40/HY40 -> 0 | IA40: 0.2 | IB40: =(HZ40/IA40)*(1-HW40) -> 0 | IC40: =$F$40*HZ40 -> 0 | ID40: =IF(HX40=0,"",(IC40+IA7+IA15+IA23+IA31)/HZ40) | IE40: 0.1 | IG40: 2 | IH40: =IF40/IG40 -> 0 | II40: 0.2 | IJ40: =(IH40/II40)*(1-IE40) -> 0 | IK40: =$F$40*IH40 -> 0 | IL40: =IF(IF40=0,"",(IK40+II7+II15+II23+II31)/IH40) | IM40: 0.1 | IO40: 2 | IP40: =IN40/IO40 -> 0 | IQ40: 0.2 | IR40: =(IP40/IQ40)*(1-IM40) -> 0 | IS40: =$F$40*IP40 -> 0 | IT40: =IF(IN40=0,"",(IS40+IQ7+IQ15+IQ23+IQ31)/IP40)
D41: BA8 / BA16 | E41: Tonnes | F41: 260 | G41: 0.1 | H41: 0 | I41: 2.5 | J41: =H41/I41 -> 0 | K41: 0.04 | L41: =(J41/K41)*(1-G41) -> 0 | M41: =$F$41*H41 -> 0 | N41: =IF(H41=0,"",(M41+K9+K17+K25+K33)/L41) | O41: 0.1 | P41: 0 | Q41: 2.5 | R41: =P41/Q41 -> 0 | S41: 0.04 | T41: =(R41/S41)*(1-O41) -> 0 | U41: =$F$41*P41 -> 0 | V41: =IF(P41=0,"",(U41+S9+S17+S25+S33)/T41) | W41: 0.1 | X41: 0 | Y41: 2.5 | Z41: =X41/Y41 -> 0 | AA41: 0.04 | AB41: =(Z41/AA41)*(1-W41) -> 0 | AC41: =$F$41*X41 -> 0 | AD41: =IF(X41=0,"",(AC41+AA9+AA17+AA25+AA33)/AB41) | AE41: 0.1 | AF41: 0 | AG41: 2.5 | AH41: =AF41/AG41 -> 0 | AI41: 0.04 | AJ41: =(AH41/AI41)*(1-AE41) -> 0 | AK41: =$F$41*AF41 -> 0 | AL41: =IF(AF41=0,"",(AK41+AI9+AI17+AI25+AI33)/AJ41) | AM41: 0.1 | AN41: 0 | AO41: 2.5 | AP41: =AN41/AO41 -> 0 | AQ41: 0.04 | AR41: =(AP41/AQ41)*(1-AM41) -> 0 | AS41: =$F$41*AN41 -> 0 | AT41: =IF(AN41=0,"",(AS41+AQ9+AQ17+AQ25+AQ33)/AR41) | AU41: 0.1 | AW41: 2.5 | AX41: =AV41/AW41 -> 0 | AY41: 0.04 | AZ41: =(AX41/AY41)*(1-AU41) -> 0 | BA41: =$F$41*AV41 -> 0 | BB41: =IF(AV41=0,"",(BA41+AY9+AY17+AY25+AY33)/AZ41) | BC41: 0.1 | BD41: 5 | BE41: 2.5 | BF41: =BD41/BE41 -> 2 | BG41: 0.04 | BH41: =(BF41/BG41)*(1-BC41) -> 45 | BI41: =$F$41*BD41 -> 1300 | BJ41: =IF(BD41=0,"",(BI41+BG9+BG17+BG25+BG33)/BH41) -> 45.572667 | BK41: 0.1 | BL41: 8 | BM41: 2.5 | BN41: =BL41/BM41 -> 3.2 | BO41: 0.04 | BP41: =(BN41/BO41)*(1-BK41) -> 72 | BQ41: =$F$41*BL41 -> 2080 | BR41: =IF(BL41=0,"",(BQ41+BO9+BO17+BO25+BO33)/BP41) -> 42.830903 | BS41: 0.1 | BT41: 5 | BU41: 2.5 | BV41: =BT41/BU41 -> 2 | BW41: 0.04 | BX41: =(BV41/BW41)*(1-BS41) -> 45 | BY41: =$F$41*BT41 -> 1300 | BZ41: =IF(BT41=0,"",(BY41+BW9+BW17+BW25+BW33)/BX41) -> 28.888889 | CA41: 0.1 | CC41: 2.5 | CD41: =CB41/CC41 -> 0 | CE41: 0.04 | CF41: =(CD41/CE41)*(1-CA41) -> 0 | CG41: =$F$41*CB41 -> 0 | CH41: =IF(CB41=0,"",(CG41+CE9+CE17+CE25+CE33)/CF41) | CI41: 0.1 | CK41: 2.5 | CL41: =CJ41/CK41 -> 0 | CM41: 0.04 | CN41: =(CL41/CM41)*(1-CI41) -> 0 | CO41: =$F$41*CJ41 -> 0 | CP41: =IF(CJ41=0,"",(CO41+CM9+CM17+CM25+CM33)/CN41) | CQ41: 0.1 | CR41: 6.5 | CS41: 2.5 | CT41: =CR41/CS41 -> 2.6 | CU41: 0.04 | CV41: =(CT41/CU41)*(1-CQ41) -> 58.5 | CW41: =$F$41*CR41 -> 1690 | CX41: =IF(CR41=0,"",(CW41+CU9+CU17+CU25+CU33)/CV41) -> 41.722564 | CY41: 0.1 | CZ41: 5 | DA41: 2.5 | DB41: =CZ41/DA41 -> 2 | DC41: 0.04 | DD41: =(DB41/DC41)*(1-CY41) -> 45 | DE41: =$F$41*CZ41 -> 1300 | DF41: =IF(CZ41=0,"",(DE41+DC9+DC17+DC25+DC33)/DD41) -> 50.341556 | DG41: 0.1 | DH41: 10 | DI41: 2.5 | DJ41: =DH41/DI41 -> 4 | DK41: 0.04 | DL41: =(DJ41/DK41)*(1-DG41) -> 90 | DM41: =$F$41*DH41 -> 2600 | DN41: =IF(DH41=0,"",(DM41+DK9+DK17+DK25+DK33)/DL41) -> 53.243167 | DO41: 0.1 | DQ41: 2.5 | DR41: =DP41/DQ41 -> 0 | DS41: 0.04 | DT41: =(DR41/DS41)*(1-DO41) -> 0 | DU41: =$F$41*DP41 -> 0 | DV41: =IF(DP41=0,"",(DU41+DS9+DS17+DS25+DS33)/DT41) | DW41: 0.1 | DX41: 5 | DY41: 2.5 | DZ41: =DX41/DY41 -> 2 | EA41: 0.04 | EB41: =(DZ41/EA41)*(1-DW41) -> 45 | EC41: =$F$41*DX41 -> 1300 | ED41: =IF(DX41=0,"",(EC41+EA9+EA17+EA25+EA33)/EB41) -> 46.9688 | EE41: 0.1 | EG41: 2.5 | EH41: =EF41/EG41 -> 0 | EI41: 0.04 | EJ41: =(EH41/EI41)*(1-EE41) -> 0 | EK41: =$F$41*EF41 -> 0 | EL41: =IF(EF41=0,"",(EK41+EI9+EI17+EI25+EI33)/EJ41) | EM41: 0.1 | EO41: 2.5 | EP41: =EN41/EO41 -> 0 | EQ41: 0.04 | ER41: =(EP41/EQ41)*(1-EM41) -> 0 | ES41: =$F$41*EN41 -> 0 | ET41: =IF(EN41=0,"",(ES41+EQ9+EQ17+EQ25+EQ33)/ER41) | EU41: 0.1 | EW41: 2.5 | EX41: =EV41/EW41 -> 0 | EY41: 0.04 | EZ41: =(EX41/EY41)*(1-EU41) -> 0 | FA41: =$F$41*EV41 -> 0 | FB41: =IF(EV41=0,"",(FA41+EY9+EY17+EY25+EY33)/EZ41) | FC41: 0.1 | FE41: 2.5 | FF41: =FD41/FE41 -> 0 | FG41: 0.04 | FH41: =(FF41/FG41)*(1-FC41) -> 0 | FI41: =$F$41*FD41 -> 0 | FJ41: =IF(FD41=0,"",(FI41+FG9+FG17+FG25+FG33)/FH41) | FK41: 0.1 | FM41: 2.5 | FN41: =FL41/FM41 -> 0 | FO41: 0.04 | FP41: =(FN41/FO41)*(1-FK41) -> 0 | FQ41: =$F$41*FL41 -> 0 | FR41: =IF(FL41=0,"",(FQ41+FO9+FO17+FO26+FO33)/FP41) | FS41: 0.1 | FU41: 2.5 | FV41: =FT41/FU41 -> 0 | FW41: 0.04 | FX41: =(FV41/FW41)*(1-FS41) -> 0 | FY41: =$F$41*FT41 -> 0 | FZ41: =IF(FT41=0,"",(FY41+FW9+FW17+FW25+FW33)/FX41) | GA41: 0.1 | GC41: 2.5 | GD41: =GB41/GC41 -> 0 | GE41: 0.04 | GF41: =(GD41/GE41)*(1-GA41) -> 0 | GG41: =$F$41*GB41 -> 0 | GH41: =IF(GB41=0,"",(GG41+GE9+GE17+GE25+GE33)/GF41) | GI41: 0.1 | GK41: 2.5 | GL41: =GJ41/GK41 -> 0 | GM41: 0.04 | GN41: =(GL41/GM41)*(1-GI41) -> 0 | GO41: =$F$41*GJ41 -> 0 | GP41: =IF(GJ41=0,"",(GO41+GM9+GM17+GM25+GM33)/GN41) | GQ41: 0.1 | GS41: 2.5 | GT41: =GR41/GS41 -> 0 | GU41: 0.04 | GV41: =(GT41/GU41)*(1-GQ41) -> 0 | GW41: =$F$41*GR41 -> 0 | GX41: =IF(GR41=0,"",(GW41+GU9+GU17+GU25+GU33)/GV41) | GY41: 0.1 | HA41: 2.5 | HB41: =GZ41/HA41 -> 0 | HC41: 0.04 | HD41: =(HB41/HC41)*(1-GY41) -> 0 | HE41: =$F$41*GZ41 -> 0 | HF41: =IF(GZ41=0,"",(HE41+HC9+HC17+HC25+HC33)/HD41) | HG41: 0.1 | HI41: 2.5 | HJ41: =HH41/HI41 -> 0 | HK41: 0.04 | HL41: =(HJ41/HK41)*(1-HG41) -> 0 | HM41: =$F$41*HH41 -> 0 | HN41: =IF(HH41=0,"",(HM41+HK9+HK17+HK25+HK33)/HL41) | HO41: 0.1 | HQ41: 2.5 | HR41: =HP41/HQ41 -> 0 | HS41: 0.04 | HT41: =(HR41/HS41)*(1-HO41) -> 0 | HU41: =$F$41*HP41 -> 0 | HV41: =IF(HP41=0,"",(HU41+HS9+HS17+HS25+HS33)/HT41) | HW41: 0.1 | HY41: 2.5 | HZ41: =HX41/HY41 -> 0 | IA41: 0.04 | IB41: =(HZ41/IA41)*(1-HW41) -> 0 | IC41: =$F$41*HX41 -> 0 | ID41: =IF(HX41=0,"",(IC41+IA9+IA17+IA25+IA33)/IB41) | IE41: 0.1 | IG41: 2.5 | IH41: =IF41/IG41 -> 0 | II41: 0.04 | IJ41: =(IH41/II41)*(1-IE41) -> 0 | IK41: =$F$41*IF41 -> 0 | IL41: =IF(IF41=0,"",(IK41+II9+II17+II25+II33)/IJ41) | IM41: 0.1 | IO41: 2.5 | IP41: =IN41/IO41 -> 0 | IQ41: 0.04 | IR41: =(IP41/IQ41)*(1-IM41) -> 0 | IS41: =$F$41*IN41 -> 0 | IT41: =IF(IN41=0,"",(IS41+IQ9+IQ17+IQ25+IQ33)/IR41)
D43: Mise à la côte regard / avaloir | F43: Prix (RON) | G43: Quantité | N43: Prix en RON / U | O43: Quantité | V43: Prix en RON / U | W43: Quantité | AD43: Prix en RON / U | AE43: Quantité | AL43: Prix en RON / U | AM43: Quantité | AT43: Prix en RON / U | AU43: Quantité | BB43: Prix en RON / U | BC43: Quantité | BJ43: Prix en RON / U | BK43: Quantité | BR43: Prix en RON / U | BS43: Quantité | BZ43: Prix en RON / U | CA43: Quantité | CH43: Prix en RON / U | CI43: Quantité | CP43: Prix en RON / U | CQ43: Quantité | CX43: Prix en RON / U | CY43: Quantité | DF43: Prix en RON / U | DG43: Quantité | DN43: Prix en RON / U | DO43: Quantité | DV43: Prix en RON / U | DW43: Quantité | ED43: Prix en RON / U | EE43: Quantité | EL43: Prix en RON / U | EM43: Quantité | ET43: Prix en RON / U | EU43: Quantité | FB43: Prix en RON / U | FC43: Quantité | FJ43: Prix en RON / U | FK43: Quantité | FR43: Prix en RON / U | FS43: Quantité | FZ43: Prix en RON / U | GA43: Quantité | GH43: Prix en RON / U | GI43: Quantité | GP43: Prix en RON / U | GQ43: Quantité | GX43: Prix en RON / U | GY43: Quantité | HF43: Prix en RON / U | HG43: Quantité | HN43: Prix en RON / U | HO43: Quantité | HV43: Prix en RON / U | HW43: Quantité | ID43: Prix en RON / U | IE43: Quantité | IL43: Prix en RON / U | IM43: Quantité | IT43: Prix en RON / U
D44: Regard | E44: U | F44: 250 | M44: =$F$44*G44 -> 0 | N44: =IF(G44=0,0,(M44+M45+K11+K19+K27+K35)/G44) -> 0 | U44: =$F$44*O44 -> 0 | V44: =IF(O44=0,0,(U44+U45+S11+S19+S27+S35)/O44) -> 0 | AC44: =$F$44*W44 -> 0 | AD44: =IF(W44=0,0,(AC44+AC45+AA11+AA19+AA27+AA35)/W44) -> 0 | AK44: =$F$44*AE44 -> 0 | AL44: =IF(AE44=0,0,(AK44+AK45+AI11+AI19+AI27+AI35)/AE44) -> 0 | AS44: =$F$44*AM44 -> 0 | AT44: =IF(AM44=0,0,(AS44+AS45+AQ11+AQ19+AQ27+AQ35)/AM44) -> 0 | BA44: =$F$44*AU44 -> 0 | BB44: =IF(AU44=0,0,(BA44+BA45+AY11+AY19+AY27+AY35)/AU44) -> 0 | BI44: =$F$44*BC44 -> 0 | BJ44: =IF(BC44=0,0,(BI44+BI45+BG11+BG19+BG27+BG35)/BC44) -> 0 | BK44: 2 | BQ44: =$F$44*BK44 -> 500 | BR44: =IF(BK44=0,0,(BQ44+BQ45+BO11+BO19+BO27+BO35)/BK44) -> 1011.195 | BS44: 2 | BY44: =$F$44*BS44 -> 500 | BZ44: =IF(BS44=0,0,(BY44+BY45+BW11+BW19+BW27+BW35)/BS44) -> 941.185 | CG44: =$F$44*CA44 -> 0 | CH44: =IF(CA44=0,0,(CG44+CG45+CE11+CE19+CE27+CE35)/CA44) -> 0 | CO44: =$F$44*CI44 -> 0 | CP44: =IF(CI44=0,0,(CO44+CO45+CM11+CM19+CM27+CM35)/CI44) -> 0 | CW44: =$F$44*CQ44 -> 0 | CX44: =IF(CQ44=0,0,(CW44+CW45+CU11+CU19+CU27+CU35)/CQ44) -> 0 | DE44: =$F$44*CY44 -> 0 | DF44: =IF(CY44=0,0,(DE44+DE45+DC11+DC19+DC27+DC35)/CY44) -> 0 | DM44: =$F$44*DG44 -> 0 | DN44: =IF(DG44=0,0,(DM44+DM45+DK11+DK19+DK27+DK35)/DG44) -> 0 | DU44: =$F$44*DO44 -> 0 | DV44: =IF(DO44=0,0,(DU44+DU45+DS11+DS19+DS27+DS35)/DO44) -> 0 | DW44: 2 | EC44: =$F$44*DW44 -> 500 | ED44: =IF(DW44=0,0,(EC44+EC45+EA11+EA19+EA27+EA35)/DW44) -> 812.212 | EK44: =$F$44*EE44 -> 0 | EL44: =IF(EE44=0,0,(EK44+EK45+EI11+EI19+EI27+EI35)/EE44) -> 0 | ES44: =$F$44*EM44 -> 0 | ET44: =IF(EM44=0,0,(ES44+ES45+EQ11+EQ19+EQ27+EQ35)/EM44) -> 0 | FA44: =$F$44*EU44 -> 0 | FB44: =IF(EU44=0,0,(FA44+FA45+EY11+EY19+EY27+EY35)/EU44) -> 0 | FI44: =$F$44*FC44 -> 0 | FJ44: =IF(FC44=0,0,(FI44+FI45+FG11+FG19+FG27+FG35)/FC44) -> 0 | FQ44: =$F$44*FK44 -> 0 | FR44: =IF(FK44=0,0,(FQ44+FQ45+FO11+FO19+FO27+FO35)/FK44) -> 0 | FY44: =$F$44*FS44 -> 0 | FZ44: =IF(FS44=0,0,(FY44+FY45+FW11+FW19+FW27+FW35)/FS44) -> 0 | GG44: =$F$44*GA44 -> 0 | GH44: =IF(GA44=0,0,(GG44+GG45+GE11+GE19+GE27+GE35)/GA44) -> 0 | GO44: =$F$44*GI44 -> 0 | GP44: =IF(GI44=0,0,(GO44+GO45+GM11+GM19+GM27+GM35)/GI44) -> 0 | GW44: =$F$44*GQ44 -> 0 | GX44: =IF(GQ44=0,0,(GW44+GW45+GU11+GU19+GU27+GU35)/GQ44) -> 0 | HE44: =$F$44*GY44 -> 0 | HF44: =IF(GY44=0,0,(HE44+HE45+HC11+HC19+HC27+HC35)/GY44) -> 0 | HM44: =$F$44*HG44 -> 0 | HN44: =IF(HG44=0,0,(HM44+HM45+HK11+HK19+HK27+HK35)/HG44) -> 0 | HU44: =$F$44*HO44 -> 0 | HV44: =IF(HO44=0,0,(HU44+HU45+HS11+HS19+HS27+HS35)/HO44) -> 0 | IC44: =$F$44*HW44 -> 0 | ID44: =IF(HW44=0,0,(IC44+IC45+IA11+IA19+IA27+IA35)/HW44) -> 0 | IK44: =$F$44*IE44 -> 0 | IL44: =IF(IE44=0,0,(IK44+IK45+II11+II19+II27+II35)/IE44) -> 0 | IS44: =$F$44*IM44 -> 0 | IT44: =IF(IM44=0,0,(IS44+IS45+IQ11+IQ19+IQ27+IQ35)/IM44) -> 0
D45: Béton de scellement regard | E45: m3 | F45: 145 | M45: =$F$45*G45 -> 0 | U45: =$F$45*O45 -> 0 | AC45: =$F$45*W45 -> 0 | AK45: =$F$45*AE45 -> 0 | AS45: =$F$45*AM45 -> 0 | BA45: =$F$45*AU45 -> 0 | BI45: =$F$45*BC45 -> 0 | BK45: 0.5 | BQ45: =$F$45*BK45 -> 72.5 | BY45: =$F$45*BS45 -> 0 | CG45: =$F$45*CA45 -> 0 | CO45: =$F$45*CI45 -> 0 | CW45: =$F$45*CQ45 -> 0 | DE45: =$F$45*CY45 -> 0 | DM45: =$F$45*DG45 -> 0 | DU45: =$F$45*DO45 -> 0 | EC45: =$F$45*DW45 -> 0 | EK45: =$F$45*EE45 -> 0 | ES45: =$F$45*EM45 -> 0 | FA45: =$F$45*EU45 -> 0 | FI45: =$F$45*FC45 -> 0 | FQ45: =$F$45*FK45 -> 0 | FY45: =$F$45*FS45 -> 0 | GG45: =$F$45*GA45 -> 0 | GO45: =$F$45*GI45 -> 0 | GW45: =$F$45*GQ45 -> 0 | HE45: =$F$45*GY45 -> 0 | HM45: =$F$45*HG45 -> 0 | HU45: =$F$45*HO45 -> 0 | IC45: =$F$45*HW45 -> 0 | IK45: =$F$45*IE45 -> 0 | IS45: =$F$45*IM45 -> 0
D50: Dépenses du mois en main d'œuvre | F50: =N10+V10+AD10+AT10+BB10+BJ10+BR10+BZ10+CP10+DF10+DN10+DV10+ED10+EL10+ET10+FB10+FJ10+FR10+FZ10+GH10+GP10+GX10+HF10+HN10+HV10+ID10+IL10+IT10 -> 11680 | G50: =IF($F$53=0,"Attente données",F50/($F$53+$F$54)) -> 0.085957455
D51: Dépenses du mois en matériel | F51: =N11+V11+AD11+AT11+BB11+BJ11+BR11+BZ11+CP11+DF11+DN11+DV11+ED11+EL11+ET11+FB11+FJ11+FR11+FZ11+GH11+GP11+GX11+HF11+HN11+HV11+ID11+IL11+IT11 -> 6184.175 | G51: =IF($F$53=0,"Attente données",F51/($F$53+$F$54)) -> 0.045511639
D52: Dépenses du mois en matériaux | F52: =N12+V12+AD12+AT12+BB12+BJ12+BR12+BZ12+CP12+DF12+DN12+DV12+ED12+EL12+ET12+FB12+FJ12+FR12+FZ12+GH12+GP12+GX12+HF12+HN12+HV12+ID12+IL12+IT12 -> 13917 | G52: =IF($F$53=0,"Attente données",F52/($F$53+$F$54)) -> 0.10242037
D53: Dépenses du mois | F53: =N13+V13+AD13+AT13+BB13+BJ13+BR13+BZ13+CP13+DF13+DN13+DV13+ED13+EL13+ET13+FB13+FJ13+FR13+FZ13+GH13+GP13+GX13+HF13+HN13+HV13+ID13+IL13+IT13 -> 31781.175
D54: FG + Encadrement (pour 1 mois) | F54: 104100
D56: Recettes Ballast | F56: =N16+V16+AD16+AL16+AT16+BB16+BJ16+BR16+BZ16+CH16+CP16+CX16+DF16+DN16+DV16+ED16+EL16+ET16+FB16+FJ16+FR16+FZ16+GH16+GP16+GX16+HF16+HN16+HV16+ID16+IL16+IT16 -> 0 | G56: =IF($F$60=0,"Attente données",F56/($F$60)) -> Attente données | I56: Moyenne coût Ballast / m3 | J56: =AVERAGE(N39,V39,AD39,AL39,AT39,BB39,BJ39,BR39,BZ39,CH39,CP39,CX39,DF39,DN39,DV39,ED39,EL39,ET39,GH39,GP39,GX39,HF39,HN39,HV39,ID39,IL39,IT39) -> 327.4048
D57: Recettes Béton | F57: =N17+V17+AD17+AL17+AT17+BB17+BJ17+BR17+BZ17+CH17+CP17+CX17+DF17+DN17+DV17+ED17+EL17+ET17+FB17+FJ17+FR17+FZ17+GH17+GP17+GX17+HF17+HN17+HV17+ID17+IL17+IT17 -> 0 | G57: =IF($F$60=0,"Attente données",F57/($F$60)) -> Attente données | I57: Moyenne coût Béton / m3 | J57: =AVERAGE(N40,V40,AD40,AL40,AT40,BB40,BJ40,BR40,BZ40,CH40,CP40,CX40,DF40,DN40,DV40,ED40,EL40,ET40,GH40,GP40,GX40,HF40,HN40,HV40,ID40,IL40,IT40) -> 439.57167
D58: Recettes Asphalte | F58: =N18+V18+AD18+AL18+AT18+BB18+BJ18+BR18+BZ18+CH18+CP18+CX18+DF18+DN18+DV18+ED18+EL18+ET18+FB18+FJ18+FR18+FZ18+GH18+GP18+GX18+HF18+HN18+HV18+ID18+IL18+IT18 -> 0 | G58: =IF($F$60=0,"Attente données",F58/($F$60)) -> Attente données | I58: Moyenne coût BA8 / m² | J58: =AVERAGE(N41,V41,AD41,AL41,AT41,BB41,BJ41,BR41,BZ41,CH41,CP41,CX41,DF41,DN41,DV41,ED41,EL41,ET41,GH41,GP41,GX41,HF41,HN41,HV41,ID41,IL41,IT41) -> 44.224078
D59: Recettes Regards | F59: =N19+V19+AD19+AL19+AT19+BB19+BJ19+BR19+BZ19+CH19+CP19+CX19+DF19+DN19+DV19+ED19+EL19+ET19+FB19+FJ19+FR19+FZ19+GH19+GP19+GX19+HF19+HN19+HV19+ID19+IL19+IT19 -> 0 | G59: =IF($F$60=0,"Attente données",F59/($F$60)) -> Attente données | I59: Moyenne coût Regards / U | J59: =AVERAGE(N44,V44,AD44,AL44,AT44,BB44,BJ44,BR44,BZ44,CH44,CP44,CX44,DF44,DN44,DV44,ED44,EL44,ET44,GH44,GP44,GX44,HF44,HN44,HV44,ID44,IL44,IT44) -> 102.3923
D60: Recette totale du mois | F60: =N19+V19+AD19+AL19+AT19+BB19+BJ19+BR19+BZ19+CH19+CP19+CX19+DF19+DN19+DV19+ED19+EL19+ET19+FB19+FJ19+FR19+FZ19+GH19+GP19+GX19+HF19+HN19+HV19+ID19+IL19+IT19 -> 0
I61: Pour 1 m² selon le BPU | J61: ep | K61: m3 | L61: PU RON | M61: TOTAL RON
D62: Marge ACVATOT | F62: =IF(F60=0,"Attente données",F60-SUM(F53:F54)/F60) -> Attente données | I62: Ballast | J62: 0.25 | K62: =0.25*1.3 -> 0.325 | L62: =J56 -> 327.4048 | M62: =K62*L62 -> 106.40656
I63: Béton | J63: 0.2 | K63: =0.2*1.1 -> 0.22 | L63: =J57 -> 439.57167 | M63: =K63*L63 -> 96.705767
I64: Asphalte | J64: 0.04 | K64: =0.04*1.1 -> 0.044 | L64: =J58*0.04 -> 1.7689631 | M64: =K64*L64 -> 0.077834377 | CI64: 0.05
D65: Production attendue par jour en Ballast en m3/j | M65: =SUM(M62:M64) -> 203.19016 | CI65: 0.05
D66: Production attendue par jour en Béton en m3/j | CI66: 0.05
D67: Production attendue par jour en BA8 en m²/j | I67: 1 m² est vendu | J67: 413 | CI67: 0.05
D68: Production attendue par jour en Regard en u/j | I68: On dépense | J68: =M65 -> 203.19016
I69: Reste | J69: =J67-J68 -> 209.80984 | CI69: =AVERAGE(CL39,CT39,DB39,DJ39) -> 1.25
D70: Production moyenne du mois par jour de Ballast en m3 | G70: =AVERAGE(J39,R39,Z39,AH39,AP39,AX39,BF39,BN39,BV39,CD39,CL39,CT39,DB39,DJ39,DR39,DZ39,EH39,EP39,EX39,FF39,FN39,FV39,GD39,GL39,GT39,HJ39,HZ39,IH39,IP39) -> 0.53639847
D71: Production moyenne du mois par jour de Béton en m3 | G71: =AVERAGE(J40,R40,Z40,AH40,AP40,AX40,BF40,BN40,BV40,CD40,CL40,CT40,DB40,DJ40,DR40,DZ40,EH40,EP40,EX40,FF40,FN40,FV40,GD40,GL40,GT40,HJ40,HZ40,IH40,IP40) -> 0.46551724
D72: Production moyenne du mois par jour de BA8 en m3 | G72: =AVERAGE(J41,R41,Z41,AH41,AP41,AX41,BF41,BN41,BV41,CD41,CL41,CT41,DB41,DJ41,DR41,DZ41,EH41,EP41,EX41,FF41,FN41,FV41,GD41,GL41,GT41,HJ41,HZ41,IH41,IP41) -> 0.6137931
D73: Production moyenne du mois par jour de Regard mis à la cote | G73: =AVERAGE(G44,O44,AE44,AM44,AU44,BC44,BK44,BS44,CA44,CI44,CQ44,CY44,DG44,DO44,DW44,EE44,EM44,EU44,FC44,FK44,FS44,GA44,GI44,GQ44,GY44,HG44,HO44,HW44,IE44,IM44) -> 2

Sheet Juillet
G2: 42558 | O2: 42559 | W2: 42560 | AE2: 42561 | AM2: 42562 | AU2: 42563 | BC2: 42564 | BK2: 42565 | BS2: 42566 | CA2: 42567 | CI2: 42568 | CQ2: 42569 | CY2: 42570 | DG2: 42571 | DO2: 42572 | DW2: 42573 | EE2: 42574 | EM2: 42575 | EU2: 42576 | FC2: 42577 | FK2: 42578 | FS2: 42579 | GA2: 42580 | GI2: 42581 | GQ2: 42582
D4: Equipes + Matériel | E4: U | F4: Prix (RON) | G4: Quantité | H4: Total (RON) | I4: Pourcentage temps passé sur | K4: Total par activité (LEI) | O4: Quantité | P4: Total (RON) | Q4: Pourcentage temps passé sur | S4: Total par activité (LEI) | W4: Quantité | X4: Total (RON) | Y4: Pourcentage temps passé sur | AA4: Total par activité (LEI) | AE4: Quantité | AF4: Total (RON) | AG4: Pourcentage temps passé sur | AI4: Total par activité (LEI) | AM4: Quantité | AN4: Total (RON) | AO4: Pourcentage temps passé sur | AQ4: Total par activité (LEI) | AU4: Quantité | AV4: Total (RON) | AW4: Pourcentage temps passé sur | AY4: Total par activité (LEI) | BC4: Quantité | BD4: Total (RON) | BE4: Pourcentage temps passé sur | BG4: Total par activité (LEI) | BK4: Quantité | BL4: Total (RON) | BM4: Pourcentage temps passé sur | BO4: Total par activité (LEI) | BS4: Quantité | BT4: Total (RON) | BU4: Pourcentage temps passé sur | BW4: Total par activité (LEI) | CA4: Quantité | CB4: Total (RON) | CC4: Pourcentage temps passé sur | CE4: Total par activité (LEI) | CI4: Quantité | CJ4: Total (RON) | CK4: Pourcentage temps passé sur | CM4: Total par activité (LEI) | CQ4: Quantité | CR4: Total (RON) | CS4: Pourcentage temps passé sur | CU4: Total par activité (LEI) | CY4: Quantité | CZ4: Total (RON) | DA4: Pourcentage temps passé sur | DC4: Total par activité (LEI) | DG4: Quantité | DH4: Total (RON) | DI4: Pourcentage temps passé sur | DK4: Total par activité (LEI) | DO4: Quantité | DP4: Total (RON) | DQ4: Pourcentage temps passé sur | DS4: Total par activité (LEI) | DW4: Quantité | DX4: Total (RON) | DY4: Pourcentage temps passé sur | EA4: Total par activité (LEI) | EE4: Quantité | EF4: Total (RON) | EG4: Pourcentage temps passé sur | EI4: Total par activité (LEI) | EM4: Quantité | EN4: Total (RON) | EO4: Pourcentage temps passé sur | EQ4: Total par activité (LEI) | EU4: Quantité | EV4: Total (RON) | EW4: Pourcentage temps passé sur | EY4: Total par activité (LEI) | FC4: Quantité | FD4: Total (RON) | FE4: Pourcentage temps passé sur | FG4: Total par activité (LEI) | FK4: Quantité | FL4: Total (RON) | FM4: Pourcentage temps passé sur | FO4: Total par activité (LEI) | FS4: Quantité | FT4: Total (RON) | FU4: Pourcentage temps passé sur | FW4: Total par activité (LEI) | GA4: Quantité | GB4: Total (RON) | GC4: Pourcentage temps passé sur | GE4: Total par activité (LEI) | GI4: Quantité | GJ4: Total (RON) | GK4: Pourcentage temps passé sur | GM4: Total par activité (LEI) | GQ4: Quantité | GR4: Total (RON) | GS4: Pourcentage temps passé sur | GU4: Total par activité (LEI)
D5: Ford Transit + carburant B-29-NNM | E5: Jour | F5: =114.32+101.66 -> 215.98 | G5: 0 | H5: =$F5*G5 -> 0 | I5: Ballast | K5: =SUM(H$5:H$12)*J5 -> 0 | O5: 0.5 | P5: =$F5*O5 -> 107.99 | Q5: Ballast | S5: =SUM(P$5:P$12)*R5 -> 0 | W5: 0 | X5: =$F5*W5 -> 0 | Y5: Ballast | AA5: =SUM(X$5:X$12)*Z5 -> 0 | AE5: 0 | AF5: =$F5*AE5 -> 0 | AG5: Ballast | AI5: =SUM(AF$5:AF$12)*AH5 -> 0 | AM5: 0 | AN5: =$F5*AM5 -> 0 | AO5: Ballast | AQ5: =SUM(AN$5:AN$12)*AP5 -> 0 | AU5: 0 | AV5: =$F5*AU5 -> 0 | AW5: Ballast | AY5: =SUM(AV$5:AV$12)*AX5 -> 0 | BC5: 1 | BD5: =$F5*BC5 -> 215.98 | BE5: Ballast | BG5: =SUM(BD$5:BD$12)*BF5 -> 0 | BK5: 1 | BL5: =$F5*BK5 -> 215.98 | BM5: Ballast | BO5: =SUM(BL$5:BL$12)*BN5 -> 0 | BS5: 1 | BT5: =$F5*BS5 -> 215.98 | BU5: Ballast | BW5: =SUM(BT$5:BT$12)*BV5 -> 0 | CA5: 0 | CB5: =$F5*CA5 -> 0 | CC5: Ballast | CE5: =SUM(CB$5:CB$12)*CD5 -> 0 | CI5: 0 | CJ5: =$F5*CI5 -> 0 | CK5: Ballast | CM5: =SUM(CJ$5:CJ$12)*CL5 -> 0 | CQ5: 1 | CR5: =$F5*CQ5 -> 215.98 | CS5: Ballast | CU5: =SUM(CR$5:CR$12)*CT5 -> 0 | CY5: 1 | CZ5: =$F5*CY5 -> 215.98 | DA5: Ballast | DC5: =SUM(CZ$5:CZ$12)*DB5 -> 0 | DG5: 1 | DH5: =$F5*DG5 -> 215.98 | DI5: Ballast | DK5: =SUM(DH$5:DH$12)*DJ5 -> 0 | DO5: 0 | DP5: =$F5*DO5 -> 0 | DQ5: Ballast | DS5: =SUM(DP$5:DP$12)*DR5 -> 0 | DW5: 1 | DX5: =$F5*DW5 -> 215.98 | DY5: Ballast | EA5: =SUM(DX$5:DX$12)*DZ5 -> 0 | EE5: 0 | EF5: =$F5*EE5 -> 0 | EG5: Ballast | EI5: =SUM(EF$5:EF$12)*EH5 -> 0 | EM5: 0 | EN5: =$F5*EM5 -> 0 | EO5: Ballast | EQ5: =SUM(EN$5:EN$12)*EP5 -> 0 | EU5: 1 | EV5: =$F5*EU5 -> 215.98 | EW5: Ballast | EY5: =SUM(EV$5:EV$12)*EX5 -> 0 | FC5: 1 | FD5: =$F5*FC5 -> 215.98 | FE5: Ballast | FG5: =SUM(FD$5:FD$12)*FF5 -> 0 | FK5: 1 | FL5: =$F5*FK5 -> 215.98 | FM5: Ballast | FO5: =SUM(FL$5:FL$12)*FN5 -> 0 | FS5: 1 | FT5: =$F5*FS5 -> 215.98 | FU5: Ballast | FW5: =SUM(FT$5:FT$12)*FV5 -> 0 | GA5: 1 | GB5: =$F5*GA5 -> 215.98 | GC5: Ballast | GE5: =SUM(GB$5:GB$12)*GD5 -> 0 | GI5: 0 | GJ5: =$F5*GI5 -> 0 | GK5: Ballast | GM5: =SUM(GJ$5:GJ$12)*GL5 -> 0 | GQ5: 0 | GR5: =$F5*GQ5 -> 0 | GS5: Ballast | GU5: =SUM(GR$5:GR$12)*GT5 -> 0
D6: Conducator | E6: Jour | F6: 190 | G6: =IF(G5=0,0,1) -> 0 | H6: =$F6*G6 -> 0 | O6: =O5 -> 0.5 | P6: =$F6*O6 -> 95 | W6: =IF(W5=0,0,1) -> 0 | X6: =$F6*W6 -> 0 | AE6: =IF(AE5=0,0,1) -> 0 | AF6: =$F6*AE6 -> 0 | AM6: =IF(AM5=0,0,1) -> 0 | AN6: =$F6*AM6 -> 0 | AU6: =IF(AU5=0,0,1) -> 0 | AV6: =$F6*AU6 -> 0 | BC6: =BC5 -> 1 | BD6: =$F6*BC6 -> 190 | BK6: =IF(BK5=0,0,1) -> 1 | BL6: =$F6*BK6 -> 190 | BS6: =IF(BS5=0,0,1) -> 1 | BT6: =$F6*BS6 -> 190 | CA6: =IF(CA5=0,0,1) -> 0 | CB6: =$F6*CA6 -> 0 | CI6: =IF(CI5=0,0,1) -> 0 | CJ6: =$F6*CI6 -> 0 | CQ6: =IF(CQ5=0,0,1) -> 1 | CR6: =$F6*CQ6 -> 190 | CY6: =IF(CY5=0,0,1) -> 1 | CZ6: =$F6*CY6 -> 190 | DG6: =IF(DG5=0,0,1) -> 1 | DH6: =$F6*DG6 -> 190 | DO6: =IF(DO5=0,0,1) -> 0 | DP6: =$F6*DO6 -> 0 | DW6: =IF(DW5=0,0,1) -> 1 | DX6: =$F6*DW6 -> 190 | EE6: =IF(EE5=0,0,1) -> 0 | EF6: =$F6*EE6 -> 0 | EM6: =IF(EM5=0,0,1) -> 0 | EN6: =$F6*EM6 -> 0 | EU6: =IF(EU5=0,0,1) -> 1 | EV6: =$F6*EU6 -> 190 | FC6: =IF(FC5=0,0,1) -> 1 | FD6: =$F6*FC6 -> 190 | FK6: =IF(FK5=0,0,1) -> 1 | FL6: =$F6*FK6 -> 190 | FS6: =IF(FS5=0,0,1) -> 1 | FT6: =$F6*FS6 -> 190 | GA6: =IF(GA5=0,0,1) -> 1 | GB6: =$F6*GA6 -> 190 | GI6: =IF(GI5=0,0,1) -> 0 | GJ6: =$F6*GI6 -> 0 | GQ6: =IF(GQ5=0,0,1) -> 0 | GR6: =$F6*GQ6 -> 0
D7: Muncitorii | E7: Jour | F7: 160 | G7: 0 | H7: =$F7*G7 -> 0 | I7: Béton + Découpe | K7: =SUM(H$5:H$12)*J7 -> 0 | O7: 0.5 | P7: =$F7*O7 -> 80 | Q7: Béton + Découpe | S7: =SUM(P$5:P$12)*R7 -> 0 | W7: 0 | X7: =$F7*W7 -> 0 | Y7: Béton + Découpe | AA7: =SUM(X$5:X$12)*Z7 -> 0 | AE7: 0 | AF7: =$F7*AE7 -> 0 | AG7: Béton + Découpe | AI7: =SUM(AF$5:AF$12)*AH7 -> 0 | AM7: 0 | AN7: =$F7*AM7 -> 0 | AO7: Béton + Découpe | AQ7: =SUM(AN$5:AN$12)*AP7 -> 0 | AU7: 0 | AV7: =$F7*AU7 -> 0 | AW7: Béton + Découpe | AY7: =SUM(AV$5:AV$12)*AX7 -> 0 | BC7: 2 | BD7: =$F7*BC7 -> 320 | BE7: Béton + Découpe | BG7: =SUM(BD$5:BD$12)*BF7 -> 0 | BK7: 1 | BL7: =$F7*BK7 -> 160 | BM7: Béton + Découpe | BO7: =SUM(BL$5:BL$12)*BN7 -> 0 | BS7: 1 | BT7: =$F7*BS7 -> 160 | BU7: Béton + Découpe | BW7: =SUM(BT$5:BT$12)*BV7 -> 0 | CA7: 0 | CB7: =$F7*CA7 -> 0 | CC7: Béton + Découpe | CE7: =SUM(CB$5:CB$12)*CD7 -> 0 | CI7: 0 | CJ7: =$F7*CI7 -> 0 | CK7: Béton + Découpe | CM7: =SUM(CJ$5:CJ$12)*CL7 -> 0 | CQ7: 2 | CR7: =$F7*CQ7 -> 320 | CS7: Béton + Découpe | CU7: =SUM(CR$5:CR$12)*CT7 -> 0 | CY7: 2 | CZ7: =$F7*CY7 -> 320 | DA7: Béton + Découpe | DC7: =SUM(CZ$5:CZ$12)*DB7 -> 0 | DG7: 2 | DH7: =$F7*DG7 -> 320 | DI7: Béton + Découpe | DK7: =SUM(DH$5:DH$12)*DJ7 -> 0 | DO7: 0 | DP7: =$F7*DO7 -> 0 | DQ7: Béton + Découpe | DS7: =SUM(DP$5:DP$12)*DR7 -> 0 | DW7: 2 | DX7: =$F7*DW7 -> 320 | DY7: Béton + Découpe | EA7: =SUM(DX$5:DX$12)*DZ7 -> 0 | EE7: 0 | EF7: =$F7*EE7 -> 0 | EG7: Béton + Découpe | EI7: =SUM(EF$5:EF$12)*EH7 -> 0 | EM7: 0 | EN7: =$F7*EM7 -> 0 | EO7: Béton + Découpe | EQ7: =SUM(EN$5:EN$12)*EP7 -> 0 | EU7: 2 | EV7: =$F7*EU7 -> 320 | EW7: Béton + Découpe | EY7: =SUM(EV$5:EV$12)*EX7 -> 0 | FC7: 2 | FD7: =$F7*FC7 -> 320 | FE7: Béton + Découpe | FG7: =SUM(FD$5:FD$12)*FF7 -> 0 | FK7: 2 | FL7: =$F7*FK7 -> 320 | FM7: Béton + Découpe | FO7: =SUM(FL$5:FL$12)*FN7 -> 0 | FS7: 2 | FT7: =$F7*FS7 -> 320 | FU7: Béton + Découpe | FW7: =SUM(FT$5:FT$12)*FV7 -> 0 | GA7: 1 | GB7: =$F7*GA7 -> 160 | GC7: Béton + Découpe | GE7: =SUM(GB$5:GB$12)*GD7 -> 0 | GI7: 0 | GJ7: =$F7*GI7 -> 0 | GK7: Béton + Découpe | GM7: =SUM(GJ$5:GJ$12)*GL7 -> 0 | GQ7: 0 | GR7: =$F7*GQ7 -> 0 | GS7: Béton + Découpe | GU7: =SUM(GR$5:GR$12)*GT7 -> 0
D8: Compressor | E8: Jour | F8: 38.34 | G8: 0 | H8: =$F8*G8 -> 0 | O8: 0 | P8: =$F8*O8 -> 0 | W8: 0 | X8: =$F8*W8 -> 0 | AE8: 0 | AF8: =$F8*AE8 -> 0 | AM8: 0 | AN8: =$F8*AM8 -> 0 | AU8: 0 | AV8: =$F8*AU8 -> 0 | BC8: 0 | BD8: =$F8*BC8 -> 0 | BK8: 0 | BL8: =$F8*BK8 -> 0 | BS8: 0 | BT8: =$F8*BS8 -> 0 | CA8: 0 | CB8: =$F8*CA8 -> 0 | CI8: 0 | CJ8: =$F8*CI8 -> 0 | CQ8: 0 | CR8: =$F8*CQ8 -> 0 | CY8: 0 | CZ8: =$F8*CY8 -> 0 | DG8: 0 | DH8: =$F8*DG8 -> 0 | DO8: 0 | DP8: =$F8*DO8 -> 0 | DW8: 0 | DX8: =$F8*DW8 -> 0 | EE8: 0 | EF8: =$F8*EE8 -> 0 | EM8: 0 | EN8: =$F8*EM8 -> 0 | EU8: 0 | EV8: =$F8*EU8 -> 0 | FC8: 0 | FD8: =$F8*FC8 -> 0 | FK8: 0 | FL8: =$F8*FK8 -> 0 | FS8: 0 | FT8: =$F8*FS8 -> 0 | GA8: 0 | GB8: =$F8*GA8 -> 0 | GI8: 0 | GJ8: =$F8*GI8 -> 0 | GQ8: 0 | GR8: =$F8*GQ8 -> 0
D9: Placa vibranta | E9: Jour | F9: 24.79 | G9: 0 | H9: =$F9*G9 -> 0 | I9: Asphalte | K9: =SUM(H$5:H$12)*J9 -> 0 | N9: Dépenses | O9: 1 | P9: =$F9*O9 -> 24.79 | Q9: Asphalte | R9: 1 | S9: =SUM(P$5:P$12)*R9 -> 307.78 | V9: Dépenses | W9: 0 | X9: =$F9*W9 -> 0 | Y9: Asphalte | AA9: =SUM(X$5:X$12)*Z9 -> 0 | AD9: Dépenses | AE9: 0 | AF9: =$F9*AE9 -> 0 | AG9: Asphalte | AI9: =SUM(AF$5:AF$12)*AH9 -> 0 | AL9: Dépenses | AM9: 0 | AN9: =$F9*AM9 -> 0 | AO9: Asphalte | AQ9: =SUM(AN$5:AN$12)*AP9 -> 0 | AT9: Dépenses | AU9: 0 | AV9: =$F9*AU9 -> 0 | AW9: Asphalte | AY9: =SUM(AV$5:AV$12)*AX9 -> 0 | BB9: Dépenses | BC9: 1 | BD9: =$F9*BC9 -> 24.79 | BE9: Asphalte | BF9: 1 | BG9: =SUM(BD$5:BD$12)*BF9 -> 750.77 | BJ9: Dépenses | BK9: 1 | BL9: =$F9*BK9 -> 24.79 | BM9: Asphalte | BO9: =SUM(BL$5:BL$12)*BN9 -> 0 | BR9: Dépenses | BS9: 1 | BT9: =$F9*BS9 -> 24.79 | BU9: Asphalte | BW9: =SUM(BT$5:BT$12)*BV9 -> 0 | BZ9: Dépenses | CA9: 0 | CB9: =$F9*CA9 -> 0 | CC9: Asphalte | CE9: =SUM(CB$5:CB$12)*CD9 -> 0 | CH9: Dépenses | CI9: 0 | CJ9: =$F9*CI9 -> 0 | CK9: Asphalte | CM9: =SUM(CJ$5:CJ$12)*CL9 -> 0 | CP9: Dépenses | CQ9: 1 | CR9: =$F9*CQ9 -> 24.79 | CS9: Asphalte | CT9: 1 | CU9: =SUM(CR$5:CR$12)*CT9 -> 750.77 | CX9: Dépenses | CY9: 1 | CZ9: =$F9*CY9 -> 24.79 | DA9: Asphalte | DB9: 1 | DC9: =SUM(CZ$5:CZ$12)*DB9 -> 750.77 | DF9: Dépenses | DG9: 1 | DH9: =$F9*DG9 -> 24.79 | DI9: Asphalte | DJ9: 1 | DK9: =SUM(DH$5:DH$12)*DJ9 -> 750.77 | DN9: Dépenses | DO9: 0 | DP9: =$F9*DO9 -> 0 | DQ9: Asphalte | DR9: 1 | DS9: =SUM(DP$5:DP$12)*DR9 -> 0 | DV9: Dépenses | DW9: 1 | DX9: =$F9*DW9 -> 24.79 | DY9: Asphalte | DZ9: 1 | EA9: =SUM(DX$5:DX$12)*DZ9 -> 750.77 | ED9: Dépenses | EE9: 0 | EF9: =$F9*EE9 -> 0 | EG9: Asphalte | EI9: =SUM(EF$5:EF$12)*EH9 -> 0 | EL9: Dépenses | EM9: 0 | EN9: =$F9*EM9 -> 0 | EO9: Asphalte | EQ9: =SUM(EN$5:EN$12)*EP9 -> 0 | ET9: Dépenses | EU9: 1 | EV9: =$F9*EU9 -> 24.79 | EW9: Asphalte | EX9: 1 | EY9: =SUM(EV$5:EV$12)*EX9 -> 750.77 | FB9: Dépenses | FC9: 1 | FD9: =$F9*FC9 -> 24.79 | FE9: Asphalte | FF9: 0.7 | FG9: =SUM(FD$5:FD$12)*FF9 -> 525.539 | FJ9: Dépenses | FK9: 1 | FL9: =$F9*FK9 -> 24.79 | FM9: Asphalte | FN9: 0.8 | FO9: =SUM(FL$5:FL$12)*FN9 -> 600.616 | FR9: Dépenses | FS9: 1 | FT9: =$F9*FS9 -> 24.79 | FU9: Asphalte | FV9: 0.6 | FW9: =SUM(FT$5:FT$12)*FV9 -> 450.462 | FZ9: Dépenses | GA9: 1 | GB9: =$F9*GA9 -> 24.79 | GC9: Asphalte | GD9: 0.8 | GE9: =SUM(GB$5:GB$12)*GD9 -> 472.616 | GH9: Dépenses | GI9: 0 | GJ9: =$F9*GI9 -> 0 | GK9: Asphalte | GM9: =SUM(GJ$5:GJ$12)*GL9 -> 0 | GP9: Dépenses | GQ9: 0 | GR9: =$F9*GQ9 -> 0 | GS9: Asphalte | GU9: =SUM(GR$5:GR$12)*GT9 -> 0 | GX9: Dépenses
D10: Mai compactor | E10: Jour | F10: 10.93 | G10: 0 | H10: =$F10*G10 -> 0 | M10: Equipes | N10: =H6+H7+H14+H15+H22+H23+H30+H31 -> 1020 | O10: 0 | P10: =$F10*O10 -> 0 | U10: Equipes | V10: =P6+P7+P14+P15+P22+P23+P30+P31 -> 175 | W10: 0 | X10: =$F10*W10 -> 0 | AC10: Equipes | AD10: =X6+X7+X14+X15+X22+X23+X30+X31 -> 0 | AE10: 0 | AF10: =$F10*AE10 -> 0 | AK10: Equipes | AL10: =AF6+AF7+AF14+AF15+AF22+AF23+AF30+AF31 -> 0 | AM10: 0 | AN10: =$F10*AM10 -> 0 | AS10: Equipes | AT10: =AN6+AN7+AN14+AN15+AN22+AN23+AN30+AN31 -> 0 | AU10: 0 | AV10: =$F10*AU10 -> 0 | BA10: Equipes | BB10: =AV6+AV7+AV14+AV15+AV22+AV23+AV30+AV31 -> 0 | BC10: 0 | BD10: =$F10*BC10 -> 0 | BI10: Equipes | BJ10: =BD6+BD7+BD14+BD15+BD22+BD23+BD30+BD31 -> 1690 | BK10: 0 | BL10: =$F10*BK10 -> 0 | BQ10: Equipes | BR10: =BL6+BL7+BL14+BL15+BL22+BL23+BL30+BL31 -> 1880 | BS10: 0 | BT10: =$F10*BS10 -> 0 | BY10: Equipes | BZ10: =BT6+BT7+BT14+BT15+BT22+BT23+BT30+BT31 -> 1115 | CA10: 0 | CB10: =$F10*CA10 -> 0 | CG10: Equipes | CH10: =CB6+CB7+CB14+CB15+CB22+CB23+CB30+CB31 -> 0 | CI10: 0 | CJ10: =$F10*CI10 -> 0 | CO10: Equipes | CP10: =CJ6+CJ7+CJ14+CJ15+CJ22+CJ23+CJ30+CJ31 -> 0 | CQ10: 0 | CR10: =$F10*CQ10 -> 0 | CW10: Equipes | CX10: =CR6+CR7+CR14+CR15+CR22+CR23+CR30+CR31 -> 1720 | CY10: 0 | CZ10: =$F10*CY10 -> 0 | DE10: Equipes | DF10: =CZ6+CZ7+CZ14+CZ15+CZ22+CZ23+CZ30+CZ31 -> 1880 | DG10: 0 | DH10: =$F10*DG10 -> 0 | DM10: Equipes | DN10: =DH6+DH7+DH14+DH15+DH22+DH23+DH30+DH31 -> 1880 | DO10: 0 | DP10: =$F10*DO10 -> 0 | DU10: Equipes | DV10: =DP6+DP7+DP14+DP15+DP22+DP23+DP30+DP31 -> 1210 | DW10: 0 | DX10: =$F10*DW10 -> 0 | EC10: Equipes | ED10: =DX6+DX7+DX14+DX15+DX22+DX23+DX30+DX31 -> 1530 | EE10: 0 | EF10: =$F10*EE10 -> 0 | EK10: Equipes | EL10: =EF6+EF7+EF14+EF15+EF22+EF23+EF30+EF31 -> 0 | EM10: 0 | EN10: =$F10*EM10 -> 0 | ES10: Equipes | ET10: =EN6+EN7+EN14+EN15+EN22+EN23+EN30+EN31 -> 0 | EU10: 0 | EV10: =$F10*EU10 -> 0 | FA10: Equipes | FB10: =EV6+EV7+EV14+EV15+EV22+EV23+EV30+EV31 -> 2040 | FC10: 0 | FD10: =$F10*FC10 -> 0 | FI10: Equipes | FJ10: =FD6+FD7+FD14+FD15+FD22+FD23+FD30+FD31 -> 1530 | FK10: 0 | FL10: =$F10*FK10 -> 0 | FQ10: Equipes | FR10: =FL6+FL7+FL14+FL15+FL22+FL23+FL30+FL31 -> 1720 | FS10: 0 | FT10: =$F10*FS10 -> 0 | FY10: Equipes | FZ10: =FT6+FT7+FT14+FT15+FT22+FT23+FT30+FT31 -> 1720 | GA10: 0 | GB10: =$F10*GA10 -> 0 | GG10: Equipes | GH10: =GB6+GB7+GB14+GB15+GB22+GB23+GB30+GB31 -> 1370 | GI10: 0 | GJ10: =$F10*GI10 -> 0 | GO10: Equipes | GP10: =GJ6+GJ7+GJ14+GJ15+GJ22+GJ23+GJ30+GJ31 -> 810 | GQ10: 0 | GR10: =$F10*GQ10 -> 0 | GW10: Equipes | GX10: =GR6+GR7+GR14+GR15+GR22+GR23+GR30+GR31 -> 0
D11: Marteau piqueur | E11: Jour | F11: 15 | G11: 0 | H11: =$F11*G11 -> 0 | I11: Mise à la côte de regard/avaloir | K11: =SUM(H$5:H$12)*J11 -> 0 | M11: Matériel | N11: =SUM(H5:H36)-N10 -> 665.12 | O11: 0 | P11: =$F11*O11 -> 0 | Q11: Mise à la côte de regard/avaloir | S11: =SUM(P$5:P$12)*R11 -> 0 | U11: Matériel | V11: =SUM(P5:P36)-V10 -> 132.78 | W11: 0 | X11: =$F11*W11 -> 0 | Y11: Mise à la côte de regard/avaloir | AA11: =SUM(X$5:X$12)*Z11 -> 0 | AC11: Matériel | AD11: =SUM(X5:X36)-AD10 -> 0 | AE11: 0 | AF11: =$F11*AE11 -> 0 | AG11: Mise à la côte de regard/avaloir | AI11: =SUM(AF$5:AF$12)*AH11 -> 0 | AK11: Matériel | AL11: =SUM(AF5:AF36)-AL10 -> 0 | AM11: 0 | AN11: =$F11*AM11 -> 0 | AO11: Mise à la côte de regard/avaloir | AQ11: =SUM(AN$5:AN$12)*AP11 -> 0 | AS11: Matériel | AT11: =SUM(AN5:AN36)-AT10 -> 0 | AU11: 0 | AV11: =$F11*AU11 -> 0 | AW11: Mise à la côte de regard/avaloir | AY11: =SUM(AV$5:AV$12)*AX11 -> 0 | BA11: Matériel | BB11: =SUM(AV5:AV36)-BB10 -> 0 | BC11: 0 | BD11: =$F11*BC11 -> 0 | BE11: Mise à la côte de regard/avaloir | BG11: =SUM(BD$5:BD$12)*BF11 -> 0 | BI11: Matériel | BJ11: =SUM(BD5:BD36)-BJ10 -> 639.22 | BK11: 0 | BL11: =$F11*BK11 -> 0 | BM11: Mise à la côte de regard/avaloir | BN11: 1 | BO11: =SUM(BL$5:BL$12)*BN11 -> 604.95 | BQ11: Matériel | BR11: =SUM(BL5:BL36)-BR10 -> 988.34 | BS11: 0 | BT11: =$F11*BS11 -> 0 | BU11: Mise à la côte de regard/avaloir | BV11: 1 | BW11: =SUM(BT$5:BT$12)*BV11 -> 604.95 | BY11: Matériel | BZ11: =SUM(BT5:BT36)-BZ10 -> 681.995 | CA11: 0 | CB11: =$F11*CA11 -> 0 | CC11: Mise à la côte de regard/avaloir | CE11: =SUM(CB$5:CB$12)*CD11 -> 0 | CG11: Matériel | CH11: =SUM(CB5:CB36)-CH10 -> 0 | CI11: 0 | CJ11: =$F11*CI11 -> 0 | CK11: Mise à la côte de regard/avaloir | CM11: =SUM(CJ$5:CJ$12)*CL11 -> 0 | CO11: Matériel | CP11: =SUM(CJ5:CJ36)-CP10 -> 0 | CQ11: 0 | CR11: =$F11*CQ11 -> 0 | CS11: Mise à la côte de regard/avaloir | CU11: =SUM(CR$5:CR$12)*CT11 -> 0 | CW11: Matériel | CX11: =SUM(CR5:CR36)-CX10 -> 985.09 | CY11: 0 | CZ11: =$F11*CY11 -> 0 | DA11: Mise à la côte de regard/avaloir | DC11: =SUM(CZ$5:CZ$12)*DB11 -> 0 | DE11: Matériel | DF11: =SUM(CZ5:CZ36)-DF10 -> 995.7 | DG11: 0 | DH11: =$F11*DG11 -> 0 | DI11: Mise à la côte de regard/avaloir | DK11: =SUM(DH$5:DH$12)*DJ11 -> 0 | DM11: Matériel | DN11: =SUM(DH5:DH36)-DN10 -> 934.68 | DO11: 0 | DP11: =$F11*DO11 -> 0 | DQ11: Mise à la côte de regard/avaloir | DS11: =SUM(DP$5:DP$12)*DR11 -> 0 | DU11: Matériel | DV11: =SUM(DP5:DP36)-DV10 -> 665.87 | DW11: 0 | DX11: =$F11*DW11 -> 0 | DY11: Mise à la côte de regard/avaloir | EA11: =SUM(DX$5:DX$12)*DZ11 -> 0 | EC11: Matériel | ED11: =SUM(DX5:DX36)-ED10 -> 905.57 | EE11: 0 | EF11: =$F11*EE11 -> 0 | EG11: Mise à la côte de regard/avaloir | EI11: =SUM(EF$5:EF$12)*EH11 -> 0 | EK11: Matériel | EL11: =SUM(EF5:EF36)-EL10 -> 0 | EM11: 0 | EN11: =$F11*EM11 -> 0 | EO11: Mise à la côte de regard/avaloir | EQ11: =SUM(EN$5:EN$12)*EP11 -> 0 | ES11: Matériel | ET11: =SUM(EN5:EN36)-ET10 -> 0 | EU11: 0 | EV11: =$F11*EU11 -> 0 | EW11: Mise à la côte de regard/avaloir | EY11: =SUM(EV$5:EV$12)*EX11 -> 0 | FA11: Matériel | FB11: =SUM(EV5:EV36)-FB10 -> 1123.41 | FC11: 0 | FD11: =$F11*FC11 -> 0 | FE11: Mise à la côte de regard/avaloir | FF11: 0.3 | FG11: =SUM(FD$5:FD$12)*FF11 -> 225.231 | FI11: Matériel | FJ11: =SUM(FD5:FD36)-FJ10 -> 934.12 | FK11: 0 | FL11: =$F11*FK11 -> 0 | FM11: Mise à la côte de regard/avaloir | FN11: 0.2 | FO11: =SUM(FL$5:FL$12)*FN11 -> 150.154 | FQ11: Matériel | FR11: =SUM(FL5:FL36)-FR10 -> 974.16 | FS11: 0 | FT11: =$F11*FS11 -> 0 | FU11: Mise à la côte de regard/avaloir | FV11: 0.4 | FW11: =SUM(FT$5:FT$12)*FV11 -> 300.308 | FY11: Matériel | FZ11: =SUM(FT5:FT36)-FZ10 -> 974.16 | GA11: 0 | GB11: =$F11*GA11 -> 0 | GC11: Mise à la côte de regard/avaloir | GD11: 0.2 | GE11: =SUM(GB$5:GB$12)*GD11 -> 118.154 | GG11: Matériel | GH11: =SUM(GB5:GB36)-GH10 -> 841.62 | GI11: 0 | GJ11: =$F11*GI11 -> 0 | GK11: Mise à la côte de regard/avaloir | GM11: =SUM(GJ$5:GJ$12)*GL11 -> 0 | GO11: Matériel | GP11: =SUM(GJ5:GJ36)-GP10 -> 396.52 | GQ11: 0 | GR11: =$F11*GQ11 -> 0 | GS11: Mise à la côte de regard/avaloir | GU11: =SUM(GR$5:GR$12)*GT11 -> 0 | GW11: Matériel | GX11: =SUM(GR5:GR36)-GX10 -> 0
D12: Traietor rost | E12: Jour | F12: 14.18 | G12: 0 | H12: =$F12*G12 -> 0 | M12: Matériaux | N12: =SUM(M39:M41)+SUM(M44:M47) -> 1309 | O12: 0 | P12: =$F12*O12 -> 0 | U12: Matériaux | V12: =SUM(U39:U41)+SUM(U44:U47) -> 650 | W12: 0 | X12: =$F12*W12 -> 0 | AC12: Matériaux | AD12: =SUM(AC39:AC41)+SUM(AC44:AC47) -> 0 | AE12: 0 | AF12: =$F12*AE12 -> 0 | AK12: Matériaux | AL12: =SUM(AK39:AK41)+SUM(AK44:AK47) -> 0 | AM12: 0 | AN12: =$F12*AM12 -> 0 | AS12: Matériaux | AT12: =SUM(AS39:AS41)+SUM(AS44:AS47) -> 0 | AU12: 0 | AV12: =$F12*AU12 -> 0 | BA12: Matériaux | BB12: =SUM(BA39:BA41)+SUM(BA44:BA47) -> 0 | BC12: 0 | BD12: =$F12*BC12 -> 0 | BI12: Matériaux | BJ12: =SUM(BI39:BI41)+SUM(BI44:BI47) -> 1829 | BK12: 1 | BL12: =$F12*BK12 -> 14.18 | BQ12: Matériaux | BR12: =SUM(BQ39:BQ41)+SUM(BQ44:BQ47) -> 3015 | BS12: 1 | BT12: =$F12*BS12 -> 14.18 | BY12: Matériaux | BZ12: =SUM(BY39:BY41)+SUM(BY44:BY47) -> 2329 | CA12: 0 | CB12: =$F12*CA12 -> 0 | CG12: Matériaux | CH12: =SUM(CG39:CG41)+SUM(CG44:CG47) -> 0 | CI12: 0 | CJ12: =$F12*CI12 -> 0 | CO12: Matériaux | CP12: =SUM(CO39:CO41)+SUM(CO44:CO47) -> 0 | CQ12: 0 | CR12: =$F12*CQ12 -> 0 | CW12: Matériaux | CX12: =SUM(CW39:CW41)+SUM(CW44:CW47) -> 2219 | CY12: 0 | CZ12: =$F12*CY12 -> 0 | DE12: Matériaux | DF12: =SUM(DE39:DE41)+SUM(DE44:DE47) -> 1829 | DG12: 0 | DH12: =$F12*DG12 -> 0 | DM12: Matériaux | DN12: =SUM(DM39:DM41)+SUM(DM44:DM47) -> 1981 | DO12: 0 | DP12: =$F12*DO12 -> 0 | DU12: Matériaux | DV12: =SUM(DU39:DU41)+SUM(DU44:DU47) -> 2135 | DW12: 0 | DX12: =$F12*DW12 -> 0 | EC12: Matériaux | ED12: =SUM(EC39:EC41)+SUM(EC44:EC47) -> 2460 | EE12: 0 | EF12: =$F12*EE12 -> 0 | EK12: Matériaux | EL12: =SUM(EK39:EK41)+SUM(EK44:EK47) -> 0 | EM12: 0 | EN12: =$F12*EM12 -> 0 | ES12: Matériaux | ET12: =SUM(ES39:ES41)+SUM(ES44:ES47) -> 0 | EU12: 0 | EV12: =$F12*EU12 -> 0 | FA12: Matériaux | FB12: =SUM(FA39:FA41)+SUM(FA44:FA47) -> 1641.4 | FC12: 0 | FD12: =$F12*FC12 -> 0 | FI12: Matériaux | FJ12: =SUM(FI39:FI41)+SUM(FI44:FI47) -> 2950 | FK12: 0 | FL12: =$F12*FK12 -> 0 | FQ12: Matériaux | FR12: =SUM(FQ39:FQ41)+SUM(FQ44:FQ47) -> 3357.5 | FS12: 0 | FT12: =$F12*FS12 -> 0 | FY12: Matériaux | FZ12: =SUM(FY39:FY41)+SUM(FY44:FY47) -> 3278 | GA12: 0 | GB12: =$F12*GA12 -> 0 | GG12: Matériaux | GH12: =SUM(GG39:GG41)+SUM(GG44:GG47) -> 2535 | GI12: 0 | GJ12: =$F12*GI12 -> 0 | GO12: Matériaux | GP12: =SUM(GO39:GO41)+SUM(GO44:GO47) -> 217.5 | GQ12: 0 | GR12: =$F12*GQ12 -> 0 | GW12: Matériaux | GX12: =SUM(GW39:GW41)+SUM(GW44:GW47) -> 0
D13: Renault Mascott + carburant B-87-JED | E13: Jour | F13: =217.74+49.68 -> 267.42 | G13: 1 | H13: =$F13*G13 -> 267.42 | I13: Ballast | J13: 0.5 | K13: =SUM(H$13:H$20)*J13 -> 427.935 | M13: Total | N13: =SUM(N10:N12) -> 2994.12 | O13: 0 | P13: =$F13*O13 -> 0 | Q13: Ballast | S13: =SUM(P$13:P$20)*R13 -> 0 | U13: Total | V13: =SUM(V10:V12) -> 957.78 | W13: 0 | X13: =$F13*W13 -> 0 | Y13: Ballast | AA13: =SUM(X$13:X$20)*Z13 -> 0 | AC13: Total | AD13: =SUM(AD10:AD12) -> 0 | AE13: 0 | AF13: =$F13*AE13 -> 0 | AG13: Ballast | AI13: =SUM(AF$13:AF$20)*AH13 -> 0 | AK13: Total | AL13: =SUM(AL10:AL12) -> 0 | AM13: 0 | AN13: =$F13*AM13 -> 0 | AO13: Ballast | AQ13: =SUM(AN$13:AN$20)*AP13 -> 0 | AS13: Total | AT13: =SUM(AT10:AT12) -> 0 | AU13: 0 | AV13: =$F13*AU13 -> 0 | AW13: Ballast | AY13: =SUM(AV$13:AV$20)*AX13 -> 0 | BA13: Total | BB13: =SUM(BB10:BB12) -> 0 | BC13: 0 | BD13: =$F13*BC13 -> 0 | BE13: Ballast | BG13: =SUM(BD$13:BD$20)*BF13 -> 0 | BI13: Total | BJ13: =SUM(BJ10:BJ12) -> 4158.22 | BK13: 1 | BL13: =$F13*BK13 -> 267.42 | BM13: Ballast | BO13: =SUM(BL$13:BL$20)*BN13 -> 0 | BQ13: Total | BR13: =SUM(BR10:BR12) -> 5883.34 | BS13: 1 | BT13: =$F13*BS13 -> 267.42 | BU13: Ballast | BW13: =SUM(BT$13:BT$20)*BV13 -> 0 | BY13: Total | BZ13: =SUM(BZ10:BZ12) -> 4125.995 | CA13: 0 | CB13: =$F13*CA13 -> 0 | CC13: Ballast | CE13: =SUM(CB$13:CB$20)*CD13 -> 0 | CG13: Total | CH13: =SUM(CH10:CH12) -> 0 | CI13: 0 | CJ13: =$F13*CI13 -> 0 | CK13: Ballast | CM13: =SUM(CJ$13:CJ$20)*CL13 -> 0 | CO13: Total | CP13: =SUM(CP10:CP12) -> 0 | CQ13: 1 | CR13: =$F13*CQ13 -> 267.42 | CS13: Ballast | CT13: 0.5 | CU13: =SUM(CR$13:CR$20)*CT13 -> 440.33 | CW13: Total | CX13: =SUM(CX10:CX12) -> 4924.09 | CY13: 1 | CZ13: =$F13*CY13 -> 267.42 | DA13: Ballast | DB13: 0.5 | DC13: =SUM(CZ$13:CZ$20)*DB13 -> 440.33 | DE13: Total | DF13: =SUM(DF10:DF12) -> 4704.7 | DG13: 1 | DH13: =$F13*DG13 -> 267.42 | DI13: Ballast | DK13: =SUM(DH$13:DH$20)*DJ13 -> 0 | DM13: Total | DN13: =SUM(DN10:DN12) -> 4795.68 | DO13: 1 | DP13: =$F13*DO13 -> 267.42 | DQ13: Ballast | DS13: =SUM(DP$13:DP$20)*DR13 -> 0 | DU13: Total | DV13: =SUM(DV10:DV12) -> 4010.87 | DW13: 1 | DX13: =$F13*DW13 -> 267.42 | DY13: Ballast | EA13: =SUM(DX$13:DX$20)*DZ13 -> 0 | EC13: Total | ED13: =SUM(ED10:ED12) -> 4895.57 | EE13: 0 | EF13: =$F13*EE13 -> 0 | EG13: Ballast | EI13: =SUM(EF$13:EF$20)*EH13 -> 0 | EK13: Total | EL13: =SUM(EL10:EL12) -> 0 | EM13: 0 | EN13: =$F13*EM13 -> 0 | EO13: Ballast | EQ13: =SUM(EN$13:EN$20)*EP13 -> 0 | ES13: Total | ET13: =SUM(ET10:ET12) -> 0 | EU13: 2 | EV13: =$F13*EU13 -> 534.84 | EW13: Ballast | EY13: =SUM(EV$13:EV$20)*EX13 -> 0 | FA13: Total | FB13: =SUM(FB10:FB12) -> 4804.81 | FC13: 1 | FD13: =$F13*FC13 -> 267.42 | FE13: Ballast | FG13: =SUM(FD$13:FD$20)*FF13 -> 0 | FI13: Total | FJ13: =SUM(FJ10:FJ12) -> 5414.12 | FK13: 1 | FL13: =$F13*FK13 -> 267.42 | FM13: Ballast | FO13: =SUM(FL$13:FL$20)*FN13 -> 0 | FQ13: Total | FR13: =SUM(FR10:FR12) -> 6051.66 | FS13: 1 | FT13: =$F13*FS13 -> 267.42 | FU13: Ballast | FW13: =SUM(FT$13:FT$20)*FV13 -> 0 | FY13: Total | FZ13: =SUM(FZ10:FZ12) -> 5972.16 | GA13: 1 | GB13: =$F13*GA13 -> 267.42 | GC13: Ballast | GE13: =SUM(GB$13:GB$20)*GD13 -> 0 | GG13: Total | GH13: =SUM(GH10:GH12) -> 4746.62 | GI13: 1 | GJ13: =$F13*GI13 -> 267.42 | GK13: Ballast | GM13: =SUM(GJ$13:GJ$20)*GL13 -> 0 | GO13: Total | GP13: =SUM(GP10:GP12) -> 1424.02 | GQ13: 0 | GR13: =$F13*GQ13 -> 0 | GS13: Ballast | GU13: =SUM(GR$13:GR$20)*GT13 -> 0 | GW13: Total | GX13: =SUM(GX10:GX12) -> 0
D14: Conducator | E14: Jour | F14: 190 | G14: =IF(G13=0,0,1) -> 1 | H14: =$F14*G14 -> 190 | O14: =IF(O13=0,0,1) -> 0 | P14: =$F14*O14 -> 0 | W14: =IF(W13=0,0,1) -> 0 | X14: =$F14*W14 -> 0 | AE14: =IF(AE13=0,0,1) -> 0 | AF14: =$F14*AE14 -> 0 | AM14: =IF(AM13=0,0,1) -> 0 | AN14: =$F14*AM14 -> 0 | AU14: =IF(AU13=0,0,1) -> 0 | AV14: =$F14*AU14 -> 0 | BC14: =IF(BC13=0,0,1) -> 0 | BD14: =$F14*BC14 -> 0 | BK14: =IF(BK13=0,0,1) -> 1 | BL14: =$F14*BK14 -> 190 | BS14: 1 | BT14: =$F14*BS14 -> 190 | CA14: =IF(CA13=0,0,1) -> 0 | CB14: =$F14*CA14 -> 0 | CI14: =IF(CI13=0,0,1) -> 0 | CJ14: =$F14*CI14 -> 0 | CQ14: =IF(CQ13=0,0,1) -> 1 | CR14: =$F14*CQ14 -> 190 | CY14: =IF(CY13=0,0,1) -> 1 | CZ14: =$F14*CY14 -> 190 | DG14: =IF(DG13=0,0,1) -> 1 | DH14: =$F14*DG14 -> 190 | DO14: =IF(DO13=0,0,1) -> 1 | DP14: =$F14*DO14 -> 190 | DW14: =IF(DW13=0,0,1) -> 1 | DX14: =$F14*DW14 -> 190 | EE14: =IF(EE13=0,0,1) -> 0 | EF14: =$F14*EE14 -> 0 | EM14: =IF(EM13=0,0,1) -> 0 | EN14: =$F14*EM14 -> 0 | EU14: 2 | EV14: =$F14*EU14 -> 380 | FC14: =IF(FC13=0,0,1) -> 1 | FD14: =$F14*FC14 -> 190 | FK14: =IF(FK13=0,0,1) -> 1 | FL14: =$F14*FK14 -> 190 | FS14: =IF(FS13=0,0,1) -> 1 | FT14: =$F14*FS14 -> 190 | GA14: =IF(GA13=0,0,1) -> 1 | GB14: =$F14*GA14 -> 190 | GI14: 1.5 | GJ14: =$F14*GI14 -> 285 | GQ14: =IF(GQ13=0,0,1) -> 0 | GR14: =$F14*GQ14 -> 0
D15: Muncitorii | E15: Jour | F15: 160 | G15: =IF(G13=0,0,2) -> 2 | H15: =$F15*G15 -> 320 | I15: Béton + Découpe | J15: 0.5 | K15: =SUM(H$13:H$20)*J15 -> 427.935 | L15: Surface / Volume exécuté | M15: Prix BPU / U / Code | N15: Recettes | O15: =IF(O13=0,0,2) -> 0 | P15: =$F15*O15 -> 0 | Q15: Béton + Découpe | S15: =SUM(P$13:P$20)*R15 -> 0 | T15: Surface / Volume réceptionée | U15: Prix BPU / U / Code | V15: Recettes | W15: =IF(W13=0,0,2) -> 0 | X15: =$F15*W15 -> 0 | Y15: Béton + Découpe | AA15: =SUM(X$13:X$20)*Z15 -> 0 | AB15: Surface / Volume réceptionée | AC15: Prix BPU / U / Code | AD15: Recettes | AE15: =IF(AE13=0,0,2) -> 0 | AF15: =$F15*AE15 -> 0 | AG15: Béton + Découpe | AI15: =SUM(AF$13:AF$20)*AH15 -> 0 | AJ15: Surface / Volume réceptionée | AK15: Prix BPU / U / Code | AL15: Recettes | AM15: =IF(AM13=0,0,2) -> 0 | AN15: =$F15*AM15 -> 0 | AO15: Béton + Découpe | AQ15: =SUM(AN$13:AN$20)*AP15 -> 0 | AR15: Surface / Volume réceptionée | AS15: Prix BPU / U / Code | AT15: Recettes | AU15: =IF(AU13=0,0,2) -> 0 | AV15: =$F15*AU15 -> 0 | AW15: Béton + Découpe | AY15: =SUM(AV$13:AV$20)*AX15 -> 0 | AZ15: Surface / Volume réceptionée | BA15: Prix BPU / U / Code | BB15: Recettes | BC15: =IF(BC13=0,0,2) -> 0 | BD15: =$F15*BC15 -> 0 | BE15: Béton + Découpe | BG15: =SUM(BD$13:BD$20)*BF15 -> 0 | BH15: Surface / Volume réceptionée | BI15: Prix BPU / U / Code | BJ15: Recettes | BK15: =IF(BK13=0,0,2) -> 2 | BL15: =$F15*BK15 -> 320 | BM15: Béton + Découpe | BO15: =SUM(BL$13:BL$20)*BN15 -> 0 | BP15: Surface / Volume réceptionée | BQ15: Prix BPU / U / Code | BR15: Recettes | BS15: 2 | BT15: =$F15*BS15 -> 320 | BU15: Béton + Découpe | BW15: =SUM(BT$13:BT$20)*BV15 -> 0 | BX15: Surface / Volume réceptionée | BY15: Prix BPU / U / Code | BZ15: Recettes | CA15: =IF(CA13=0,0,2) -> 0 | CB15: =$F15*CA15 -> 0 | CC15: Béton + Découpe | CE15: =SUM(CB$13:CB$20)*CD15 -> 0 | CF15: Surface / Volume réceptionée | CG15: Prix BPU / U / Code | CH15: Recettes | CI15: =IF(CI13=0,0,2) -> 0 | CJ15: =$F15*CI15 -> 0 | CK15: Béton + Découpe | CM15: =SUM(CJ$13:CJ$20)*CL15 -> 0 | CN15: Surface / Volume réceptionée | CO15: Prix BPU / U / Code | CP15: Recettes | CQ15: =IF(CQ13=0,0,2) -> 2 | CR15: =$F15*CQ15 -> 320 | CS15: Béton + Découpe | CT15: 0.5 | CU15: =SUM(CR$13:CR$20)*CT15 -> 440.33 | CV15: Surface / Volume réceptionée | CW15: Prix BPU / U / Code | CX15: Recettes | CY15: =IF(CY13=0,0,2) -> 2 | CZ15: =$F15*CY15 -> 320 | DA15: Béton + Découpe | DB15: 0.5 | DC15: =SUM(CZ$13:CZ$20)*DB15 -> 440.33 | DD15: Surface / Volume réceptionée | DE15: Prix BPU / U / Code | DF15: Recettes | DG15: =IF(DG13=0,0,2) -> 2 | DH15: =$F15*DG15 -> 320 | DI15: Béton + Découpe | DJ15: 0.2 | DK15: =SUM(DH$13:DH$20)*DJ15 -> 163.278 | DL15: Surface / Volume réceptionée | DM15: Prix BPU / U / Code | DN15: Recettes | DO15: =IF(DO13=0,0,2) -> 2 | DP15: =$F15*DO15 -> 320 | DQ15: Béton + Découpe | DS15: =SUM(DP$13:DP$20)*DR15 -> 0 | DT15: Surface / Volume réceptionée | DU15: Prix BPU / U / Code | DV15: Recettes | DW15: =IF(DW13=0,0,2) -> 2 | DX15: =$F15*DW15 -> 320 | DY15: Béton + Découpe | EA15: =SUM(DX$13:DX$20)*DZ15 -> 0 | EB15: Surface / Volume réceptionée | EC15: Prix BPU / U / Code | ED15: Recettes | EE15: =IF(EE13=0,0,2) -> 0 | EF15: =$F15*EE15 -> 0 | EG15: Béton + Découpe | EI15: =SUM(EF$13:EF$20)*EH15 -> 0 | EJ15: Surface / Volume réceptionée | EK15: Prix BPU / U / Code | EL15: Recettes | EM15: =IF(EM13=0,0,2) -> 0 | EN15: =$F15*EM15 -> 0 | EO15: Béton + Découpe | EQ15: =SUM(EN$13:EN$20)*EP15 -> 0 | ER15: Surface / Volume réceptionée | ES15: Prix BPU / U / Code | ET15: Recettes | EU15: 4 | EV15: =$F15*EU15 -> 640 | EW15: Béton + Découpe | EX15: 0.2 | EY15: =SUM(EV$13:EV$20)*EX15 -> 326.658 | EZ15: Surface / Volume réceptionée | FA15: Prix BPU / U / Code | FB15: Recettes | FC15: =IF(FC13=0,0,2) -> 2 | FD15: =$F15*FC15 -> 320 | FE15: Béton + Découpe | FG15: =SUM(FD$13:FD$20)*FF15 -> 0 | FH15: Surface / Volume réceptionée | FI15: Prix BPU / U / Code | FJ15: Recettes | FK15: =IF(FK13=0,0,2) -> 2 | FL15: =$F15*FK15 -> 320 | FM15: Béton + Découpe | FO15: =SUM(FL$13:FL$20)*FN15 -> 0 | FP15: Surface / Volume réceptionée | FQ15: Prix BPU / U / Code | FR15: Recettes | FS15: =IF(FS13=0,0,2) -> 2 | FT15: =$F15*FS15 -> 320 | FU15: Béton + Découpe | FW15: =SUM(FT$13:FT$20)*FV15 -> 0 | FX15: Surface / Volume réceptionée | FY15: Prix BPU / U / Code | FZ15: Recettes | GA15: =IF(GA13=0,0,2) -> 2 | GB15: =$F15*GA15 -> 320 | GC15: Béton + Découpe | GD15: 0.4 | GE15: =SUM(GB$13:GB$20)*GD15 -> 316.64 | GF15: Surface / Volume réceptionée | GG15: Prix BPU / U / Code | GH15: Recettes | GI15: 0 | GJ15: =$F15*GI15 -> 0 | GK15: Béton + Découpe | GL15: 1 | GM15: =SUM(GJ$13:GJ$20)*GL15 -> 552.42 | GN15: Surface / Volume réceptionée | GO15: Prix BPU / U / Code | GP15: Recettes | GQ15: =IF(GQ13=0,0,2) -> 0 | GR15: =$F15*GQ15 -> 0 | GS15: Béton + Découpe | GU15: =SUM(GR$13:GR$20)*GT15 -> 0 | GV15: Surface / Volume réceptionée | GW15: Prix BPU / U / Code | GX15: Recettes
D16: Compressor | E16: Jour | F16: 38.34 | G16: 1 | H16: =$F16*G16 -> 38.34 | L16: 15 | M16: 34.35 | N16: =L16*BPUCode -> 515.25 | O16: 0 | P16: =$F16*O16 -> 0 | V16: =T16*BPUCode -> 0 | W16: 0 | X16: =$F16*W16 -> 0 | AD16: =AB16*BPUCode -> 0 | AE16: 0 | AF16: =$F16*AE16 -> 0 | AL16: =AJ16*BPUCode -> 0 | AM16: 0 | AN16: =$F16*AM16 -> 0 | AT16: =AR16*BPUCode -> 0 | AU16: 0 | AV16: =$F16*AU16 -> 0 | BB16: =AZ16*BPUCode -> 0 | BC16: 0 | BD16: =$F16*BC16 -> 0 | BJ16: =BH16*BPUCode -> 0 | BK16: 1 | BL16: =$F16*BK16 -> 38.34 | BR16: =BP16*BPUCode -> 0 | BS16: 0 | BT16: =$F16*BS16 -> 0 | BZ16: =BX16*BPUCode -> 0 | CA16: 0 | CB16: =$F16*CA16 -> 0 | CH16: =CF16*BPUCode -> 0 | CI16: 0 | CJ16: =$F16*CI16 -> 0 | CP16: =CN16*BPUCode -> 0 | CQ16: 1 | CR16: =$F16*CQ16 -> 38.34 | CX16: =CV16*BPUCode -> 0 | CY16: 1 | CZ16: =$F16*CY16 -> 38.34 | DF16: =DD16*BPUCode -> 0 | DG16: 0 | DH16: =$F16*DG16 -> 0 | DN16: =DL16*BPUCode -> 0 | DO16: 0 | DP16: =$F16*DO16 -> 0 | DV16: =DT16*BPUCode -> 0 | DW16: 1 | DX16: =$F16*DW16 -> 38.34 | ED16: =EB16*BPUCode -> 0 | EE16: 0 | EF16: =$F16*EE16 -> 0 | EL16: =EJ16*BPUCode -> 0 | EM16: 0 | EN16: =$F16*EM16 -> 0 | ET16: =ER16*BPUCode -> 0 | EU16: 1 | EV16: =$F16*EU16 -> 38.34 | FB16: =EZ16*BPUCode -> 0 | FC16: 1 | FD16: =$F16*FC16 -> 38.34 | FJ16: =FH16*BPUCode -> 0 | FK16: 1 | FL16: =$F16*FK16 -> 38.34 | FR16: =FP16*BPUCode -> 0 | FS16: 1 | FT16: =$F16*FS16 -> 38.34 | FZ16: =FX16*BPUCode -> 0 | GA16: 0 | GB16: =$F16*GA16 -> 0 | GH16: =GF16*BPUCode -> 0 | GI16: 0 | GJ16: =$F16*GI16 -> 0 | GP16: =GN16*BPUCode -> 0 | GQ16: 0 | GR16: =$F16*GQ16 -> 0 | GX16: =GV16*BPUCode -> 0
D17: Placa vibranta | E17: Jour | F17: 24.79 | G17: 0 | H17: =$F17*G17 -> 0 | I17: Asphalte | K17: =SUM(H$13:H$20)*J17 -> 0 | L17: 12 | M17: 34.06 | N17: =L17*BPUCode -> 412.2 | O17: 0 | P17: =$F17*O17 -> 0 | Q17: Asphalte | S17: =SUM(P$13:P$20)*R17 -> 0 | V17: =T17*BPUCode -> 0 | W17: 0 | X17: =$F17*W17 -> 0 | Y17: Asphalte | AA17: =SUM(X$13:X$20)*Z17 -> 0 | AD17: =AB17*BPUCode -> 0 | AE17: 0 | AF17: =$F17*AE17 -> 0 | AG17: Asphalte | AI17: =SUM(AF$13:AF$20)*AH17 -> 0 | AL17: =AJ17*BPUCode -> 0 | AM17: 0 | AN17: =$F17*AM17 -> 0 | AO17: Asphalte | AQ17: =SUM(AN$13:AN$20)*AP17 -> 0 | AT17: =AR17*BPUCode -> 0 | AU17: 0 | AV17: =$F17*AU17 -> 0 | AW17: Asphalte | AY17: =SUM(AV$13:AV$20)*AX17 -> 0 | BB17: =AZ17*BPUCode -> 0 | BC17: 0 | BD17: =$F17*BC17 -> 0 | BE17: Asphalte | BG17: =SUM(BD$13:BD$20)*BF17 -> 0 | BJ17: =BH17*BPUCode -> 0 | BK17: 0 | BL17: =$F17*BK17 -> 0 | BM17: Asphalte | BO17: =SUM(BL$13:BL$20)*BN17 -> 0 | BR17: =BP17*BPUCode -> 0 | BS17: 0 | BT17: =$F17*BS17 -> 0 | BU17: Asphalte | BW17: =SUM(BT$13:BT$20)*BV17 -> 0 | BZ17: =BX17*BPUCode -> 0 | CA17: 0 | CB17: =$F17*CA17 -> 0 | CC17: Asphalte | CE17: =SUM(CB$13:CB$20)*CD17 -> 0 | CH17: =CF17*BPUCode -> 0 | CI17: 0 | CJ17: =$F17*CI17 -> 0 | CK17: Asphalte | CM17: =SUM(CJ$13:CJ$20)*CL17 -> 0 | CP17: =CN17*BPUCode -> 0 | CQ17: 1 | CR17: =$F17*CQ17 -> 24.79 | CS17: Asphalte | CU17: =SUM(CR$13:CR$20)*CT17 -> 0 | CX17: =CV17*BPUCode -> 0 | CY17: 1 | CZ17: =$F17*CY17 -> 24.79 | DA17: Asphalte | DC17: =SUM(CZ$13:CZ$20)*DB17 -> 0 | DF17: =DD17*BPUCode -> 0 | DG17: 1 | DH17: =$F17*DG17 -> 24.79 | DI17: Asphalte | DJ17: 0.8 | DK17: =SUM(DH$13:DH$20)*DJ17 -> 653.112 | DN17: =DL17*BPUCode -> 0 | DO17: 0 | DP17: =$F17*DO17 -> 0 | DQ17: Asphalte | DS17: =SUM(DP$13:DP$20)*DR17 -> 0 | DV17: =DT17*BPUCode -> 0 | DW17: 1 | DX17: =$F17*DW17 -> 24.79 | DY17: Asphalte | DZ17: 0.3 | EA17: =SUM(DX$13:DX$20)*DZ17 -> 256.665 | ED17: =EB17*BPUCode -> 0 | EE17: 0 | EF17: =$F17*EE17 -> 0 | EG17: Asphalte | EI17: =SUM(EF$13:EF$20)*EH17 -> 0 | EL17: =EJ17*BPUCode -> 0 | EM17: 0 | EN17: =$F17*EM17 -> 0 | EO17: Asphalte | EQ17: =SUM(EN$13:EN$20)*EP17 -> 0 | ET17: =ER17*BPUCode -> 0 | EU17: 0 | EV17: =$F17*EU17 -> 0 | EW17: Asphalte | EY17: =SUM(EV$13:EV$20)*EX17 -> 0 | FB17: =EZ17*BPUCode -> 0 | FC17: 0 | FD17: =$F17*FC17 -> 0 | FE17: Asphalte | FG17: =SUM(FD$13:FD$20)*FF17 -> 0 | FJ17: =FH17*BPUCode -> 0 | FK17: 0 | FL17: =$F17*FK17 -> 0 | FM17: Asphalte | FO17: =SUM(FL$13:FL$20)*FN17 -> 0 | FR17: =FP17*BPUCode -> 0 | FS17: 0 | FT17: =$F17*FS17 -> 0 | FU17: Asphalte | FW17: =SUM(FT$13:FT$20)*FV17 -> 0 | FZ17: =FX17*BPUCode -> 0 | GA17: 0 | GB17: =$F17*GA17 -> 0 | GC17: Asphalte | GD17: 0.3 | GE17: =SUM(GB$13:GB$20)*GD17 -> 237.48 | GH17: =GF17*BPUCode -> 0 | GI17: 0 | GJ17: =$F17*GI17 -> 0 | GK17: Asphalte | GM17: =SUM(GJ$13:GJ$20)*GL17 -> 0 | GP17: =GN17*BPUCode -> 0 | GQ17: 0 | GR17: =$F17*GQ17 -> 0 | GS17: Asphalte | GU17: =SUM(GR$13:GR$20)*GT17 -> 0 | GX17: =GV17*BPUCode -> 0
D18: Mai compactor | E18: Jour | F18: 10.93 | G18: 1 | H18: =$F18*G18 -> 10.93 | L18: 4 | M18: 31.01 | N18: =L18*BPUCode -> 137.4 | O18: 0 | P18: =$F18*O18 -> 0 | V18: =T18*BPUCode -> 0 | W18: 0 | X18: =$F18*W18 -> 0 | AD18: =AB18*BPUCode -> 0 | AE18: 0 | AF18: =$F18*AE18 -> 0 | AL18: =AJ18*BPUCode -> 0 | AM18: 0 | AN18: =$F18*AM18 -> 0 | AT18: =AR18*BPUCode -> 0 | AU18: 0 | AV18: =$F18*AU18 -> 0 | BB18: =AZ18*BPUCode -> 0 | BC18: 0 | BD18: =$F18*BC18 -> 0 | BJ18: =BH18*BPUCode -> 0 | BK18: 0 | BL18: =$F18*BK18 -> 0 | BR18: =BP18*BPUCode -> 0 | BS18: 0 | BT18: =$F18*BS18 -> 0 | BZ18: =BX18*BPUCode -> 0 | CA18: 0 | CB18: =$F18*CA18 -> 0 | CH18: =CF18*BPUCode -> 0 | CI18: 0 | CJ18: =$F18*CI18 -> 0 | CP18: =CN18*BPUCode -> 0 | CQ18: 1 | CR18: =$F18*CQ18 -> 10.93 | CX18: =CV18*BPUCode -> 0 | CY18: 1 | CZ18: =$F18*CY18 -> 10.93 | DF18: =DD18*BPUCode -> 0 | DG18: 0 | DH18: =$F18*DG18 -> 0 | DN18: =DL18*BPUCode -> 0 | DO18: 0 | DP18: =$F18*DO18 -> 0 | DV18: =DT18*BPUCode -> 0 | DW18: 0 | DX18: =$F18*DW18 -> 0 | ED18: =EB18*BPUCode -> 0 | EE18: 0 | EF18: =$F18*EE18 -> 0 | EL18: =EJ18*BPUCode -> 0 | EM18: 0 | EN18: =$F18*EM18 -> 0 | ET18: =ER18*BPUCode -> 0 | EU18: 1 | EV18: =$F18*EU18 -> 10.93 | FB18: =EZ18*BPUCode -> 0 | FC18: 0 | FD18: =$F18*FC18 -> 0 | FJ18: =FH18*BPUCode -> 0 | FK18: 0 | FL18: =$F18*FK18 -> 0 | FR18: =FP18*BPUCode -> 0 | FS18: 0 | FT18: =$F18*FS18 -> 0 | FZ18: =FX18*BPUCode -> 0 | GA18: 0 | GB18: =$F18*GA18 -> 0 | GH18: =GF18*BPUCode -> 0 | GI18: 0 | GJ18: =$F18*GI18 -> 0 | GP18: =GN18*BPUCode -> 0 | GQ18: 0 | GR18: =$F18*GQ18 -> 0 | GX18: =GV18*BPUCode -> 0
D19: Marteau piqueur | E19: Jour | F19: 15 | G19: 1 | H19: =$F19*G19 -> 15 | I19: Mise à la côte de regard/avaloir | K19: =SUM(H$13:H$20)*J19 -> 0 | L19: 6 | M19: 31.08 | N19: =L19*BPUCode -> 206.1 | O19: 0 | P19: =$F19*O19 -> 0 | Q19: Mise à la côte de regard/avaloir | S19: =SUM(P$13:P$20)*R19 -> 0 | V19: =T19*BPUCode -> 0 | W19: 0 | X19: =$F19*W19 -> 0 | Y19: Mise à la côte de regard/avaloir | AA19: =SUM(X$13:X$20)*Z19 -> 0 | AD19: =AB19*BPUCode -> 0 | AE19: 0 | AF19: =$F19*AE19 -> 0 | AG19: Mise à la côte de regard/avaloir | AI19: =SUM(AF$13:AF$20)*AH19 -> 0 | AL19: =AJ19*BPUCode -> 0 | AM19: 0 | AN19: =$F19*AM19 -> 0 | AO19: Mise à la côte de regard/avaloir | AQ19: =SUM(AN$13:AN$20)*AP19 -> 0 | AT19: =AR19*BPUCode -> 0 | AU19: 0 | AV19: =$F19*AU19 -> 0 | AW19: Mise à la côte de regard/avaloir | AY19: =SUM(AV$13:AV$20)*AX19 -> 0 | BB19: =AZ19*BPUCode -> 0 | BC19: 0 | BD19: =$F19*BC19 -> 0 | BE19: Mise à la côte de regard/avaloir | BG19: =SUM(BD$13:BD$20)*BF19 -> 0 | BJ19: =BH19*BPUCode -> 0 | BK19: 1 | BL19: =$F19*BK19 -> 15 | BM19: Mise à la côte de regard/avaloir | BN19: 1 | BO19: =SUM(BL$13:BL$20)*BN19 -> 844.94 | BR19: =BP19*BPUCode -> 0 | BS19: 0 | BT19: =$F19*BS19 -> 0 | BU19: Mise à la côte de regard/avaloir | BV19: 1 | BW19: =SUM(BT$13:BT$20)*BV19 -> 777.42 | BZ19: =BX19*BPUCode -> 0 | CA19: 0 | CB19: =$F19*CA19 -> 0 | CC19: Mise à la côte de regard/avaloir | CE19: =SUM(CB$13:CB$20)*CD19 -> 0 | CH19: =CF19*BPUCode -> 0 | CI19: 0 | CJ19: =$F19*CI19 -> 0 | CK19: Mise à la côte de regard/avaloir | CM19: =SUM(CJ$13:CJ$20)*CL19 -> 0 | CP19: =CN19*BPUCode -> 0 | CQ19: 1 | CR19: =$F19*CQ19 -> 15 | CS19: Mise à la côte de regard/avaloir | CU19: =SUM(CR$13:CR$20)*CT19 -> 0 | CX19: =CV19*BPUCode -> 0 | CY19: 1 | CZ19: =$F19*CY19 -> 15 | DA19: Mise à la côte de regard/avaloir | DC19: =SUM(CZ$13:CZ$20)*DB19 -> 0 | DF19: =DD19*BPUCode -> 0 | DG19: 0 | DH19: =$F19*DG19 -> 0 | DI19: Mise à la côte de regard/avaloir | DK19: =SUM(DH$13:DH$20)*DJ19 -> 0 | DN19: =DL19*BPUCode -> 0 | DO19: 0 | DP19: =$F19*DO19 -> 0 | DQ19: Mise à la côte de regard/avaloir | DR19: 1 | DS19: =SUM(DP$13:DP$20)*DR19 -> 777.42 | DV19: =DT19*BPUCode -> 0 | DW19: 1 | DX19: =$F19*DW19 -> 15 | DY19: Mise à la côte de regard/avaloir | DZ19: 0.7 | EA19: =SUM(DX$13:DX$20)*DZ19 -> 598.885 | ED19: =EB19*BPUCode -> 0 | EE19: 0 | EF19: =$F19*EE19 -> 0 | EG19: Mise à la côte de regard/avaloir | EI19: =SUM(EF$13:EF$20)*EH19 -> 0 | EL19: =EJ19*BPUCode -> 0 | EM19: 0 | EN19: =$F19*EM19 -> 0 | EO19: Mise à la côte de regard/avaloir | EQ19: =SUM(EN$13:EN$20)*EP19 -> 0 | ET19: =ER19*BPUCode -> 0 | EU19: 1 | EV19: =$F19*EU19 -> 15 | EW19: Mise à la côte de regard/avaloir | EX19: 0.8 | EY19: =SUM(EV$13:EV$20)*EX19 -> 1306.632 | FB19: =EZ19*BPUCode -> 0 | FC19: 1 | FD19: =$F19*FC19 -> 15 | FE19: Mise à la côte de regard/avaloir | FF19: 1 | FG19: =SUM(FD$13:FD$20)*FF19 -> 830.76 | FJ19: =FH19*BPUCode -> 0 | FK19: 1 | FL19: =$F19*FK19 -> 15 | FM19: Mise à la côte de regard/avaloir | FN19: 1 | FO19: =SUM(FL$13:FL$20)*FN19 -> 844.94 | FR19: =FP19*BPUCode -> 0 | FS19: 1 | FT19: =$F19*FS19 -> 15 | FU19: Mise à la côte de regard/avaloir | FV19: 1 | FW19: =SUM(FT$13:FT$20)*FV19 -> 844.94 | FZ19: =FX19*BPUCode -> 0 | GA19: 0 | GB19: =$F19*GA19 -> 0 | GC19: Mise à la côte de regard/avaloir | GD19: 0.3 | GE19: =SUM(GB$13:GB$20)*GD19 -> 237.48 | GH19: =GF19*BPUCode -> 0 | GI19: 0 | GJ19: =$F19*GI19 -> 0 | GK19: Mise à la côte de regard/avaloir | GM19: =SUM(GJ$13:GJ$20)*GL19 -> 0 | GP19: =GN19*BPUCode -> 0 | GQ19: 0 | GR19: =$F19*GQ19 -> 0 | GS19: Mise à la côte de regard/avaloir | GU19: =SUM(GR$13:GR$20)*GT19 -> 0 | GX19: =GV19*BPUCode -> 0
D20: Traietor rost | E20: Jour | F20: 14.18 | G20: 1 | H20: =$F20*G20 -> 14.18 | L20: 7 | M20: 25.95 | N20: =L20*BPUCode -> 240.45 | O20: 0 | P20: =$F20*O20 -> 0 | V20: =T20*BPUCode -> 0 | W20: 0 | X20: =$F20*W20 -> 0 | AD20: =AB20*BPUCode -> 0 | AE20: 0 | AF20: =$F20*AE20 -> 0 | AL20: =AJ20*BPUCode -> 0 | AM20: 0 | AN20: =$F20*AM20 -> 0 | AT20: =AR20*BPUCode -> 0 | AU20: 0 | AV20: =$F20*AU20 -> 0 | BB20: =AZ20*BPUCode -> 0 | BC20: 0 | BD20: =$F20*BC20 -> 0 | BJ20: =BH20*BPUCode -> 0 | BK20: 1 | BL20: =$F20*BK20 -> 14.18 | BR20: =BP20*BPUCode -> 0 | BS20: 0 | BT20: =$F20*BS20 -> 0 | BZ20: =BX20*BPUCode -> 0 | CA20: 0 | CB20: =$F20*CA20 -> 0 | CH20: =CF20*BPUCode -> 0 | CI20: 0 | CJ20: =$F20*CI20 -> 0 | CP20: =CN20*BPUCode -> 0 | CQ20: 1 | CR20: =$F20*CQ20 -> 14.18 | CX20: =CV20*BPUCode -> 0 | CY20: 1 | CZ20: =$F20*CY20 -> 14.18 | DF20: =DD20*BPUCode -> 0 | DG20: 1 | DH20: =$F20*DG20 -> 14.18 | DN20: =DL20*BPUCode -> 0 | DO20: 0 | DP20: =$F20*DO20 -> 0 | DV20: =DT20*BPUCode -> 0 | DW20: 0 | DX20: =$F20*DW20 -> 0 | ED20: =EB20*BPUCode -> 0 | EE20: 0 | EF20: =$F20*EE20 -> 0 | EL20: =EJ20*BPUCode -> 0 | EM20: 0 | EN20: =$F20*EM20 -> 0 | ET20: =ER20*BPUCode -> 0 | EU20: 1 | EV20: =$F20*EU20 -> 14.18 | FB20: =EZ20*BPUCode -> 0 | FC20: 0 | FD20: =$F20*FC20 -> 0 | FJ20: =FH20*BPUCode -> 0 | FK20: 1 | FL20: =$F20*FK20 -> 14.18 | FR20: =FP20*BPUCode -> 0 | FS20: 1 | FT20: =$F20*FS20 -> 14.18 | FZ20: =FX20*BPUCode -> 0 | GA20: 1 | GB20: =$F20*GA20 -> 14.18 | GH20: =GF20*BPUCode -> 0 | GI20: 0 | GJ20: =$F20*GI20 -> 0 | GP20: =GN20*BPUCode -> 0 | GQ20: 0 | GR20: =$F20*GQ20 -> 0 | GX20: =GV20*BPUCode -> 0
D21: Renault M150 + carburant B-63-HRN | E21: Jour | F21: =131.35+138 -> 269.35 | G21: 1 | H21: =$F21*G21 -> 269.35 | I21: Ballast | J21: 0.5 | K21: =SUM(H$21:H$28)*J21 -> 414.625 | L21: 9 | M21: 34.35 | N21: =L21*BPUCode -> 309.15 | O21: 0 | P21: =$F21*O21 -> 0 | Q21: Ballast | S21: =SUM(P$21:P$28)*R21 -> 0 | V21: =T21*BPUCode -> 0 | W21: 0 | X21: =$F21*W21 -> 0 | Y21: Ballast | AA21: =SUM(X$21:X$28)*Z21 -> 0 | AD21: =AB21*BPUCode -> 0 | AE21: 0 | AF21: =$F21*AE21 -> 0 | AG21: Ballast | AI21: =SUM(AF$21:AF$28)*AH21 -> 0 | AL21: =AJ21*BPUCode -> 0 | AM21: 0 | AN21: =$F21*AM21 -> 0 | AO21: Ballast | AQ21: =SUM(AN$21:AN$28)*AP21 -> 0 | AT21: =AR21*BPUCode -> 0 | AU21: 0 | AV21: =$F21*AU21 -> 0 | AW21: Ballast | AY21: =SUM(AV$21:AV$28)*AX21 -> 0 | BB21: =AZ21*BPUCode -> 0 | BC21: 1 | BD21: =$F21*BC21 -> 269.35 | BE21: Ballast | BF21: 0.5 | BG21: =SUM(BD$21:BD$28)*BF21 -> 414.625 | BJ21: =BH21*BPUCode -> 0 | BK21: 1 | BL21: =$F21*BK21 -> 269.35 | BM21: Ballast | BO21: =SUM(BL$21:BL$28)*BN21 -> 0 | BR21: =BP21*BPUCode -> 0 | BS21: 0.5 | BT21: =$F21*BS21 -> 134.675 | BU21: Ballast | BV21: 0.5 | BW21: =SUM(BT$21:BT$28)*BV21 -> 207.3125 | BZ21: =BX21*BPUCode -> 0 | CA21: 0 | CB21: =$F21*CA21 -> 0 | CC21: Ballast | CE21: =SUM(CB$21:CB$28)*CD21 -> 0 | CH21: =CF21*BPUCode -> 0 | CI21: 0 | CJ21: =$F21*CI21 -> 0 | CK21: Ballast | CM21: =SUM(CJ$21:CJ$28)*CL21 -> 0 | CP21: =CN21*BPUCode -> 0 | CQ21: 1 | CR21: =$F21*CQ21 -> 269.35 | CS21: Ballast | CT21: 0.5 | CU21: =SUM(CR$21:CR$28)*CT21 -> 402.23 | CX21: =CV21*BPUCode -> 0 | CY21: 1 | CZ21: =$F21*CY21 -> 269.35 | DA21: Ballast | DB21: 0.5 | DC21: =SUM(CZ$21:CZ$28)*DB21 -> 407.535 | DF21: =DD21*BPUCode -> 0 | DG21: 1 | DH21: =$F21*DG21 -> 269.35 | DI21: Ballast | DK21: =SUM(DH$21:DH$28)*DJ21 -> 0 | DN21: =DL21*BPUCode -> 0 | DO21: 1 | DP21: =$F21*DO21 -> 269.35 | DQ21: Ballast | DR21: 0.65 | DS21: =SUM(DP$21:DP$28)*DR21 -> 539.0125 | DV21: =DT21*BPUCode -> 0 | DW21: 1 | DX21: =$F21*DW21 -> 269.35 | DY21: Ballast | DZ21: 0.5 | EA21: =SUM(DX$21:DX$28)*DZ21 -> 414.625 | ED21: =EB21*BPUCode -> 0 | EE21: 0 | EF21: =$F21*EE21 -> 0 | EG21: Ballast | EI21: =SUM(EF$21:EF$28)*EH21 -> 0 | EL21: =EJ21*BPUCode -> 0 | EM21: 0 | EN21: =$F21*EM21 -> 0 | EO21: Ballast | EQ21: =SUM(EN$21:EN$28)*EP21 -> 0 | ET21: =ER21*BPUCode -> 0 | EU21: 1 | EV21: =$F21*EU21 -> 269.35 | EW21: Ballast | EX21: 0.3 | EY21: =SUM(EV$21:EV$28)*EX21 -> 233.805 | FB21: =EZ21*BPUCode -> 0 | FC21: 1 | FD21: =$F21*FC21 -> 269.35 | FE21: Ballast | FF21: 0.35 | FG21: =SUM(FD$21:FD$28)*FF21 -> 308.9065 | FJ21: =FH21*BPUCode -> 0 | FK21: 1 | FL21: =$F21*FK21 -> 269.35 | FM21: Ballast | FO21: =SUM(FL$21:FL$28)*FN21 -> 0 | FR21: =FP21*BPUCode -> 0 | FS21: 1 | FT21: =$F21*FS21 -> 269.35 | FU21: Ballast | FV21: 0.3 | FW21: =SUM(FT$21:FT$28)*FV21 -> 248.775 | FZ21: =FX21*BPUCode -> 0 | GA21: 1 | GB21: =$F21*GA21 -> 269.35 | GC21: Ballast | GE21: =SUM(GB$21:GB$28)*GD21 -> 0 | GH21: =GF21*BPUCode -> 0 | GI21: 0 | GJ21: =$F21*GI21 -> 0 | GK21: Ballast | GM21: =SUM(GJ$21:GJ$28)*GL21 -> 0 | GP21: =GN21*BPUCode -> 0 | GQ21: 0 | GR21: =$F21*GQ21 -> 0 | GS21: Ballast | GU21: =SUM(GR$21:GR$28)*GT21 -> 0 | GX21: =GV21*BPUCode -> 0
D22: Conducator | E22: Jour | F22: 190 | G22: =IF(G21=0,0,1) -> 1 | H22: =$F22*G22 -> 190 | L22: 6 | M22: 25.94 | N22: =L22*BPUCode -> 206.1 | O22: =IF(O21=0,0,1) -> 0 | P22: =$F22*O22 -> 0 | V22: =T22*BPUCode -> 0 | W22: =IF(W21=0,0,1) -> 0 | X22: =$F22*W22 -> 0 | AD22: =AB22*BPUCode -> 0 | AE22: =IF(AE21=0,0,1) -> 0 | AF22: =$F22*AE22 -> 0 | AL22: =AJ22*BPUCode -> 0 | AM22: =IF(AM21=0,0,1) -> 0 | AN22: =$F22*AM22 -> 0 | AT22: =AR22*BPUCode -> 0 | AU22: =IF(AU21=0,0,1) -> 0 | AV22: =$F22*AU22 -> 0 | BB22: =AZ22*BPUCode -> 0 | BC22: =IF(BC21=0,0,1) -> 1 | BD22: =$F22*BC22 -> 190 | BJ22: =BH22*BPUCode -> 0 | BK22: =IF(BK21=0,0,1) -> 1 | BL22: =$F22*BK22 -> 190 | BR22: =BP22*BPUCode -> 0 | BS22: 0.5 | BT22: =$F22*BS22 -> 95 | BZ22: =BX22*BPUCode -> 0 | CA22: =IF(CA21=0,0,1) -> 0 | CB22: =$F22*CA22 -> 0 | CH22: =CF22*BPUCode -> 0 | CI22: =IF(CI21=0,0,1) -> 0 | CJ22: =$F22*CI22 -> 0 | CP22: =CN22*BPUCode -> 0 | CQ22: =IF(CQ21=0,0,1) -> 1 | CR22: =$F22*CQ22 -> 190 | CX22: =CV22*BPUCode -> 0 | CY22: =IF(CY21=0,0,1) -> 1 | CZ22: =$F22*CY22 -> 190 | DF22: =DD22*BPUCode -> 0 | DG22: =IF(DG21=0,0,1) -> 1 | DH22: =$F22*DG22 -> 190 | DN22: =DL22*BPUCode -> 0 | DO22: =IF(DO21=0,0,1) -> 1 | DP22: =$F22*DO22 -> 190 | DV22: =DT22*BPUCode -> 0 | DW22: =IF(DW21=0,0,1) -> 1 | DX22: =$F22*DW22 -> 190 | ED22: =EB22*BPUCode -> 0 | EE22: =IF(EE21=0,0,1) -> 0 | EF22: =$F22*EE22 -> 0 | EL22: =EJ22*BPUCode -> 0 | EM22: =IF(EM21=0,0,1) -> 0 | EN22: =$F22*EM22 -> 0 | ET22: =ER22*BPUCode -> 0 | EU22: =IF(EU21=0,0,1) -> 1 | EV22: =$F22*EU22 -> 190 | FB22: =EZ22*BPUCode -> 0 | FC22: =IF(FC21=0,0,1) -> 1 | FD22: =$F22*FC22 -> 190 | FJ22: =FH22*BPUCode -> 0 | FK22: =IF(FK21=0,0,1) -> 1 | FL22: =$F22*FK22 -> 190 | FR22: =FP22*BPUCode -> 0 | FS22: =IF(FS21=0,0,1) -> 1 | FT22: =$F22*FS22 -> 190 | FZ22: =FX22*BPUCode -> 0 | GA22: =IF(GA21=0,0,1) -> 1 | GB22: =$F22*GA22 -> 190 | GH22: =GF22*BPUCode -> 0 | GI22: =IF(GI21=0,0,1) -> 0 | GJ22: =$F22*GI22 -> 0 | GP22: =GN22*BPUCode -> 0 | GQ22: =IF(GQ21=0,0,1) -> 0 | GR22: =$F22*GQ22 -> 0 | GX22: =GV22*BPUCode -> 0
D23: Muncitorii | E23: Jour | F23: 160 | G23: =IF(G21=0,0,2) -> 2 | H23: =$F23*G23 -> 320 | I23: Béton + Découpe | J23: 0.5 | K23: =SUM(H$21:H$28)*J23 -> 414.625 | L23: 5 | M23: 25.95 | N23: =L23*BPUCode -> 171.75 | O23: =IF(O21=0,0,2) -> 0 | P23: =$F23*O23 -> 0 | Q23: Béton + Découpe | S23: =SUM(P$21:P$28)*R23 -> 0 | V23: =T23*BPUCode -> 0 | W23: =IF(W21=0,0,2) -> 0 | X23: =$F23*W23 -> 0 | Y23: Béton + Découpe | AA23: =SUM(X$21:X$28)*Z23 -> 0 | AD23: =AB23*BPUCode -> 0 | AE23: =IF(AE21=0,0,2) -> 0 | AF23: =$F23*AE23 -> 0 | AG23: Béton + Découpe | AI23: =SUM(AF$21:AF$28)*AH23 -> 0 | AL23: =AJ23*BPUCode -> 0 | AM23: =IF(AM21=0,0,2) -> 0 | AN23: =$F23*AM23 -> 0 | AO23: Béton + Découpe | AQ23: =SUM(AN$21:AN$28)*AP23 -> 0 | AT23: =AR23*BPUCode -> 0 | AU23: =IF(AU21=0,0,2) -> 0 | AV23: =$F23*AU23 -> 0 | AW23: Béton + Découpe | AY23: =SUM(AV$21:AV$28)*AX23 -> 0 | BB23: =AZ23*BPUCode -> 0 | BC23: =IF(BC21=0,0,2) -> 2 | BD23: =$F23*BC23 -> 320 | BE23: Béton + Découpe | BF23: 0.5 | BG23: =SUM(BD$21:BD$28)*BF23 -> 414.625 | BJ23: =BH23*BPUCode -> 0 | BK23: 2 | BL23: =$F23*BK23 -> 320 | BM23: Béton + Découpe | BN23: 0.5 | BO23: =SUM(BL$21:BL$28)*BN23 -> 414.625 | BR23: =BP23*BPUCode -> 0 | BS23: 1 | BT23: =$F23*BS23 -> 160 | BU23: Béton + Découpe | BV23: 0.5 | BW23: =SUM(BT$21:BT$28)*BV23 -> 207.3125 | BZ23: =BX23*BPUCode -> 0 | CA23: =IF(CA21=0,0,2) -> 0 | CB23: =$F23*CA23 -> 0 | CC23: Béton + Découpe | CE23: =SUM(CB$21:CB$28)*CD23 -> 0 | CH23: =CF23*BPUCode -> 0 | CI23: =IF(CI21=0,0,2) -> 0 | CJ23: =$F23*CI23 -> 0 | CK23: Béton + Découpe | CM23: =SUM(CJ$21:CJ$28)*CL23 -> 0 | CP23: =CN23*BPUCode -> 0 | CQ23: =IF(CQ21=0,0,2) -> 2 | CR23: =$F23*CQ23 -> 320 | CS23: Béton + Découpe | CT23: 0.5 | CU23: =SUM(CR$21:CR$28)*CT23 -> 402.23 | CX23: =CV23*BPUCode -> 0 | CY23: =IF(CY21=0,0,2) -> 2 | CZ23: =$F23*CY23 -> 320 | DA23: Béton + Découpe | DB23: 0.5 | DC23: =SUM(CZ$21:CZ$28)*DB23 -> 407.535 | DF23: =DD23*BPUCode -> 0 | DG23: =IF(DG21=0,0,2) -> 2 | DH23: =$F23*DG23 -> 320 | DI23: Béton + Découpe | DK23: =SUM(DH$21:DH$28)*DJ23 -> 0 | DN23: =DL23*BPUCode -> 0 | DO23: =IF(DO21=0,0,2) -> 2 | DP23: =$F23*DO23 -> 320 | DQ23: Béton + Découpe | DR23: 0.35 | DS23: =SUM(DP$21:DP$28)*DR23 -> 290.2375 | DV23: =DT23*BPUCode -> 0 | DW23: =IF(DW21=0,0,2) -> 2 | DX23: =$F23*DW23 -> 320 | DY23: Béton + Découpe | DZ23: 0.5 | EA23: =SUM(DX$21:DX$28)*DZ23 -> 414.625 | ED23: =EB23*BPUCode -> 0 | EE23: =IF(EE21=0,0,2) -> 0 | EF23: =$F23*EE23 -> 0 | EG23: Béton + Découpe | EI23: =SUM(EF$21:EF$28)*EH23 -> 0 | EL23: =EJ23*BPUCode -> 0 | EM23: =IF(EM21=0,0,2) -> 0 | EN23: =$F23*EM23 -> 0 | EO23: Béton + Découpe | EQ23: =SUM(EN$21:EN$28)*EP23 -> 0 | ET23: =ER23*BPUCode -> 0 | EU23: =IF(EU21=0,0,2) -> 2 | EV23: =$F23*EU23 -> 320 | EW23: Béton + Découpe | EX23: 0.7 | EY23: =SUM(EV$21:EV$28)*EX23 -> 545.545 | FB23: =EZ23*BPUCode -> 0 | FC23: =IF(FC21=0,0,2) -> 2 | FD23: =$F23*FC23 -> 320 | FE23: Béton + Découpe | FF23: 0.65 | FG23: =SUM(FD$21:FD$28)*FF23 -> 573.6835 | FJ23: =FH23*BPUCode -> 0 | FK23: =IF(FK21=0,0,2) -> 2 | FL23: =$F23*FK23 -> 320 | FM23: Béton + Découpe | FN23: 0.9 | FO23: =SUM(FL$21:FL$28)*FN23 -> 746.325 | FR23: =FP23*BPUCode -> 0 | FS23: =IF(FS21=0,0,2) -> 2 | FT23: =$F23*FS23 -> 320 | FU23: Béton + Découpe | FV23: 0.7 | FW23: =SUM(FT$21:FT$28)*FV23 -> 580.475 | FZ23: =FX23*BPUCode -> 0 | GA23: =IF(GA21=0,0,2) -> 2 | GB23: =$F23*GA23 -> 320 | GC23: Béton + Découpe | GD23: 1 | GE23: =SUM(GB$21:GB$28)*GD23 -> 829.25 | GH23: =GF23*BPUCode -> 0 | GI23: =IF(GI21=0,0,2) -> 0 | GJ23: =$F23*GI23 -> 0 | GK23: Béton + Découpe | GM23: =SUM(GJ$21:GJ$28)*GL23 -> 0 | GP23: =GN23*BPUCode -> 0 | GQ23: =IF(GQ21=0,0,2) -> 0 | GR23: =$F23*GQ23 -> 0 | GS23: Béton + Découpe | GU23: =SUM(GR$21:GR$28)*GT23 -> 0 | GX23: =GV23*BPUCode -> 0
D24: Compressor | E24: Jour | F24: 38.34 | G24: 0 | H24: =$F24*G24 -> 0 | L24: 4 | M24: 34.35 | N24: =L24*BPUCode -> 137.4 | O24: 0 | P24: =$F24*O24 -> 0 | V24: =T24*BPUCode -> 0 | W24: 0 | X24: =$F24*W24 -> 0 | AD24: =AB24*BPUCode -> 0 | AE24: 0 | AF24: =$F24*AE24 -> 0 | AL24: =AJ24*BPUCode -> 0 | AM24: 0 | AN24: =$F24*AM24 -> 0 | AT24: =AR24*BPUCode -> 0 | AU24: 0 | AV24: =$F24*AU24 -> 0 | BB24: =AZ24*BPUCode -> 0 | BC24: 0 | BD24: =$F24*BC24 -> 0 | BJ24: =BH24*BPUCode -> 0 | BK24: 0 | BL24: =$F24*BK24 -> 0 | BR24: =BP24*BPUCode -> 0 | BS24: 0 | BT24: =$F24*BS24 -> 0 | BZ24: =BX24*BPUCode -> 0 | CA24: 0 | CB24: =$F24*CA24 -> 0 | CH24: =CF24*BPUCode -> 0 | CI24: 0 | CJ24: =$F24*CI24 -> 0 | CP24: =CN24*BPUCode -> 0 | CQ24: 0 | CR24: =$F24*CQ24 -> 0 | CX24: =CV24*BPUCode -> 0 | CY24: 0 | CZ24: =$F24*CY24 -> 0 | DF24: =DD24*BPUCode -> 0 | DG24: 0 | DH24: =$F24*DG24 -> 0 | DN24: =DL24*BPUCode -> 0 | DO24: 0 | DP24: =$F24*DO24 -> 0 | DV24: =DT24*BPUCode -> 0 | DW24: 0 | DX24: =$F24*DW24 -> 0 | ED24: =EB24*BPUCode -> 0 | EE24: 0 | EF24: =$F24*EE24 -> 0 | EL24: =EJ24*BPUCode -> 0 | EM24: 0 | EN24: =$F24*EM24 -> 0 | ET24: =ER24*BPUCode -> 0 | EU24: 0 | EV24: =$F24*EU24 -> 0 | FB24: =EZ24*BPUCode -> 0 | FC24: 1 | FD24: =$F24*FC24 -> 38.34 | FJ24: =FH24*BPUCode -> 0 | FK24: 0 | FL24: =$F24*FK24 -> 0 | FR24: =FP24*BPUCode -> 0 | FS24: 0 | FT24: =$F24*FS24 -> 0 | FZ24: =FX24*BPUCode -> 0 | GA24: 0 | GB24: =$F24*GA24 -> 0 | GH24: =GF24*BPUCode -> 0 | GI24: 0 | GJ24: =$F24*GI24 -> 0 | GP24: =GN24*BPUCode -> 0 | GQ24: 0 | GR24: =$F24*GQ24 -> 0 | GX24: =GV24*BPUCode -> 0
D25: Placa vibranta | E25: Jour | F25: 24.79 | G25: 1 | H25: =$F25*G25 -> 24.79 | I25: Asphalte | K25: =SUM(H$21:H$28)*J25 -> 0 | M25: Total | N25: =SUM(N16:N24) -> 2335.8 | O25: 0 | P25: =$F25*O25 -> 0 | Q25: Asphalte | S25: =SUM(P$21:P$28)*R25 -> 0 | U25: Total | V25: =SUM(V16:V24) -> 0 | W25: 0 | X25: =$F25*W25 -> 0 | Y25: Asphalte | AA25: =SUM(X$21:X$28)*Z25 -> 0 | AC25: Total | AD25: =SUM(AD16:AD24) -> 0 | AE25: 0 | AF25: =$F25*AE25 -> 0 | AG25: Asphalte | AI25: =SUM(AF$21:AF$28)*AH25 -> 0 | AK25: Total | AL25: =SUM(AL16:AL24) -> 0 | AM25: 0 | AN25: =$F25*AM25 -> 0 | AO25: Asphalte | AQ25: =SUM(AN$21:AN$28)*AP25 -> 0 | AS25: Total | AT25: =SUM(AT16:AT24) -> 0 | AU25: 0 | AV25: =$F25*AU25 -> 0 | AW25: Asphalte | AY25: =SUM(AV$21:AV$28)*AX25 -> 0 | BA25: Total | BB25: =SUM(BB16:BB24) -> 0 | BC25: 1 | BD25: =$F25*BC25 -> 24.79 | BE25: Asphalte | BG25: =SUM(BD$21:BD$28)*BF25 -> 0 | BI25: Total | BJ25: =SUM(BJ16:BJ24) -> 0 | BK25: 1 | BL25: =$F25*BK25 -> 24.79 | BM25: Asphalte | BN25: 0.5 | BO25: =SUM(BL$21:BL$28)*BN25 -> 414.625 | BQ25: Total | BR25: =SUM(BR16:BR24) -> 0 | BS25: 0.5 | BT25: =$F25*BS25 -> 12.395 | BU25: Asphalte | BW25: =SUM(BT$21:BT$28)*BV25 -> 0 | BY25: Total | BZ25: =SUM(BZ16:BZ24) -> 0 | CA25: 0 | CB25: =$F25*CA25 -> 0 | CC25: Asphalte | CE25: =SUM(CB$21:CB$28)*CD25 -> 0 | CG25: Total | CH25: =SUM(CH16:CH24) -> 0 | CI25: 0 | CJ25: =$F25*CI25 -> 0 | CK25: Asphalte | CM25: =SUM(CJ$21:CJ$28)*CL25 -> 0 | CO25: Total | CP25: =SUM(CP16:CP24) -> 0 | CQ25: 0 | CR25: =$F25*CQ25 -> 0 | CS25: Asphalte | CU25: =SUM(CR$21:CR$28)*CT25 -> 0 | CW25: Total | CX25: =SUM(CX16:CX24) -> 0 | CY25: 1 | CZ25: =$F25*CY25 -> 24.79 | DA25: Asphalte | DC25: =SUM(CZ$21:CZ$28)*DB25 -> 0 | DE25: Total | DF25: =SUM(DF16:DF24) -> 0 | DG25: 1 | DH25: =$F25*DG25 -> 24.79 | DI25: Asphalte | DJ25: 1 | DK25: =SUM(DH$21:DH$28)*DJ25 -> 818.32 | DM25: Total | DN25: =SUM(DN16:DN24) -> 0 | DO25: 1 | DP25: =$F25*DO25 -> 24.79 | DQ25: Asphalte | DS25: =SUM(DP$21:DP$28)*DR25 -> 0 | DU25: Total | DV25: =SUM(DV16:DV24) -> 0 | DW25: 1 | DX25: =$F25*DW25 -> 24.79 | DY25: Asphalte | EA25: =SUM(DX$21:DX$28)*DZ25 -> 0 | EC25: Total | ED25: =SUM(ED16:ED24) -> 0 | EE25: 0 | EF25: =$F25*EE25 -> 0 | EG25: Asphalte | EI25: =SUM(EF$21:EF$28)*EH25 -> 0 | EK25: Total | EL25: =SUM(EL16:EL24) -> 0 | EM25: 0 | EN25: =$F25*EM25 -> 0 | EO25: Asphalte | EQ25: =SUM(EN$21:EN$28)*EP25 -> 0 | ES25: Total | ET25: =SUM(ET16:ET24) -> 0 | EU25: 0 | EV25: =$F25*EU25 -> 0 | EW25: Asphalte | EY25: =SUM(EV$21:EV$28)*EX25 -> 0 | FA25: Total | FB25: =SUM(FB16:FB24) -> 0 | FC25: 1 | FD25: =$F25*FC25 -> 24.79 | FE25: Asphalte | FG25: =SUM(FD$21:FD$28)*FF25 -> 0 | FI25: Total | FJ25: =SUM(FJ16:FJ24) -> 0 | FK25: 1 | FL25: =$F25*FK25 -> 24.79 | FM25: Asphalte | FO25: =SUM(FL$21:FL$28)*FN25 -> 0 | FQ25: Total | FR25: =SUM(FR16:FR24) -> 0 | FS25: 1 | FT25: =$F25*FS25 -> 24.79 | FU25: Asphalte | FW25: =SUM(FT$21:FT$28)*FV25 -> 0 | FY25: Total | FZ25: =SUM(FZ16:FZ24) -> 0 | GA25: 1 | GB25: =$F25*GA25 -> 24.79 | GC25: Asphalte | GE25: =SUM(GB$21:GB$28)*GD25 -> 0 | GG25: Total | GH25: =SUM(GH16:GH24) -> 0 | GI25: 0 | GJ25: =$F25*GI25 -> 0 | GK25: Asphalte | GM25: =SUM(GJ$21:GJ$28)*GL25 -> 0 | GO25: Total | GP25: =SUM(GP16:GP24) -> 0 | GQ25: 0 | GR25: =$F25*GQ25 -> 0 | GS25: Asphalte | GU25: =SUM(GR$21:GR$28)*GT25 -> 0 | GW25: Total | GX25: =SUM(GX16:GX24) -> 0
D26: Mai compactor | E26: Jour | F26: 10.93 | G26: 1 | H26: =$F26*G26 -> 10.93 | O26: 0 | P26: =$F26*O26 -> 0 | W26: 0 | X26: =$F26*W26 -> 0 | AE26: 0 | AF26: =$F26*AE26 -> 0 | AM26: 0 | AN26: =$F26*AM26 -> 0 | AU26: 0 | AV26: =$F26*AU26 -> 0 | BC26: 1 | BD26: =$F26*BC26 -> 10.93 | BK26: 1 | BL26: =$F26*BK26 -> 10.93 | BS26: 0.5 | BT26: =$F26*BS26 -> 5.465 | CA26: 0 | CB26: =$F26*CA26 -> 0 | CI26: 0 | CJ26: =$F26*CI26 -> 0 | CQ26: 1 | CR26: =$F26*CQ26 -> 10.93 | CY26: 1 | CZ26: =$F26*CY26 -> 10.93 | DG26: 0 | DH26: =$F26*DG26 -> 0 | DO26: 1 | DP26: =$F26*DO26 -> 10.93 | DW26: 1 | DX26: =$F26*DW26 -> 10.93 | EE26: 0 | EF26: =$F26*EE26 -> 0 | EM26: 0 | EN26: =$F26*EM26 -> 0 | EU26: 0 | EV26: =$F26*EU26 -> 0 | FC26: 1 | FD26: =$F26*FC26 -> 10.93 | FK26: 1 | FL26: =$F26*FK26 -> 10.93 | FS26: 1 | FT26: =$F26*FS26 -> 10.93 | GA26: 1 | GB26: =$F26*GA26 -> 10.93 | GI26: 0 | GJ26: =$F26*GI26 -> 0 | GQ26: 0 | GR26: =$F26*GQ26 -> 0
D27: Marteau piqueur | E27: Jour | F27: 15 | G27: 0 | H27: =$F27*G27 -> 0 | I27: Mise à la côte de regard/avaloir | K27: =SUM(H$21:H$28)*J27 -> 0 | O27: 0 | P27: =$F27*O27 -> 0 | Q27: Mise à la côte de regard/avaloir | S27: =SUM(P$21:P$28)*R27 -> 0 | W27: 0 | X27: =$F27*W27 -> 0 | Y27: Mise à la côte de regard/avaloir | AA27: =SUM(X$21:X$28)*Z27 -> 0 | AE27: 0 | AF27: =$F27*AE27 -> 0 | AG27: Mise à la côte de regard/avaloir | AI27: =SUM(AF$21:AF$28)*AH27 -> 0 | AM27: 0 | AN27: =$F27*AM27 -> 0 | AO27: Mise à la côte de regard/avaloir | AQ27: =SUM(AN$21:AN$28)*AP27 -> 0 | AU27: 0 | AV27: =$F27*AU27 -> 0 | AW27: Mise à la côte de regard/avaloir | AY27: =SUM(AV$21:AV$28)*AX27 -> 0 | BC27: 0 | BD27: =$F27*BC27 -> 0 | BE27: Mise à la côte de regard/avaloir | BG27: =SUM(BD$21:BD$28)*BF27 -> 0 | BK27: 0 | BL27: =$F27*BK27 -> 0 | BM27: Mise à la côte de regard/avaloir | BO27: =SUM(BL$21:BL$28)*BN27 -> 0 | BS27: 0 | BT27: =$F27*BS27 -> 0 | BU27: Mise à la côte de regard/avaloir | BW27: =SUM(BT$21:BT$28)*BV27 -> 0 | CA27: 0 | CB27: =$F27*CA27 -> 0 | CC27: Mise à la côte de regard/avaloir | CE27: =SUM(CB$21:CB$28)*CD27 -> 0 | CI27: 0 | CJ27: =$F27*CI27 -> 0 | CK27: Mise à la côte de regard/avaloir | CM27: =SUM(CJ$21:CJ$28)*CL27 -> 0 | CQ27: 0 | CR27: =$F27*CQ27 -> 0 | CS27: Mise à la côte de regard/avaloir | CU27: =SUM(CR$21:CR$28)*CT27 -> 0 | CY27: 0 | CZ27: =$F27*CY27 -> 0 | DA27: Mise à la côte de regard/avaloir | DC27: =SUM(CZ$21:CZ$28)*DB27 -> 0 | DG27: 0 | DH27: =$F27*DG27 -> 0 | DI27: Mise à la côte de regard/avaloir | DK27: =SUM(DH$21:DH$28)*DJ27 -> 0 | DO27: 0 | DP27: =$F27*DO27 -> 0 | DQ27: Mise à la côte de regard/avaloir | DS27: =SUM(DP$21:DP$28)*DR27 -> 0 | DW27: 0 | DX27: =$F27*DW27 -> 0 | DY27: Mise à la côte de regard/avaloir | EA27: =SUM(DX$21:DX$28)*DZ27 -> 0 | EE27: 0 | EF27: =$F27*EE27 -> 0 | EG27: Mise à la côte de regard/avaloir | EI27: =SUM(EF$21:EF$28)*EH27 -> 0 | EM27: 0 | EN27: =$F27*EM27 -> 0 | EO27: Mise à la côte de regard/avaloir | EQ27: =SUM(EN$21:EN$28)*EP27 -> 0 | EU27: 0 | EV27: =$F27*EU27 -> 0 | EW27: Mise à la côte de regard/avaloir | EY27: =SUM(EV$21:EV$28)*EX27 -> 0 | FC27: 1 | FD27: =$F27*FC27 -> 15 | FE27: Mise à la côte de regard/avaloir | FG27: =SUM(FD$21:FD$28)*FF27 -> 0 | FK27: 0 | FL27: =$F27*FK27 -> 0 | FM27: Mise à la côte de regard/avaloir | FN27: 0.1 | FO27: =SUM(FL$21:FL$28)*FN27 -> 82.925 | FS27: 0 | FT27: =$F27*FS27 -> 0 | FU27: Mise à la côte de regard/avaloir | FW27: =SUM(FT$21:FT$28)*FV27 -> 0 | GA27: 0 | GB27: =$F27*GA27 -> 0 | GC27: Mise à la côte de regard/avaloir | GE27: =SUM(GB$21:GB$28)*GD27 -> 0 | GI27: 0 | GJ27: =$F27*GI27 -> 0 | GK27: Mise à la côte de regard/avaloir | GM27: =SUM(GJ$21:GJ$28)*GL27 -> 0 | GQ27: 0 | GR27: =$F27*GQ27 -> 0 | GS27: Mise à la côte de regard/avaloir | GU27: =SUM(GR$21:GR$28)*GT27 -> 0
D28: Traietor rost | E28: Jour | F28: 14.18 | G28: 1 | H28: =$F28*G28 -> 14.18 | M28: Produits | N28: % Production | O28: 0 | P28: =$F28*O28 -> 0 | U28: Produits | V28: % Production | W28: 0 | X28: =$F28*W28 -> 0 | AC28: Produits | AD28: % Production | AE28: 0 | AF28: =$F28*AE28 -> 0 | AK28: Produits | AL28: % Production | AM28: 0 | AN28: =$F28*AM28 -> 0 | AS28: Produits | AT28: % Production | AU28: 0 | AV28: =$F28*AU28 -> 0 | BA28: Produits | BB28: % Production | BC28: 1 | BD28: =$F28*BC28 -> 14.18 | BI28: Produits | BJ28: % Production | BK28: 1 | BL28: =$F28*BK28 -> 14.18 | BQ28: Produits | BR28: % Production | BS28: 0.5 | BT28: =$F28*BS28 -> 7.09 | BY28: Produits | BZ28: % Production | CA28: 0 | CB28: =$F28*CA28 -> 0 | CG28: Produits | CH28: % Production | CI28: 0 | CJ28: =$F28*CI28 -> 0 | CO28: Produits | CP28: % Production | CQ28: 1 | CR28: =$F28*CQ28 -> 14.18 | CW28: Produits | CX28: % Production | CY28: 0 | CZ28: =$F28*CY28 -> 0 | DE28: Produits | DF28: % Production | DG28: 1 | DH28: =$F28*DG28 -> 14.18 | DM28: Produits | DN28: % Production | DO28: 1 | DP28: =$F28*DO28 -> 14.18 | DU28: Produits | DV28: % Production | DW28: 1 | DX28: =$F28*DW28 -> 14.18 | EC28: Produits | ED28: % Production | EE28: 0 | EF28: =$F28*EE28 -> 0 | EK28: Produits | EL28: % Production | EM28: 0 | EN28: =$F28*EM28 -> 0 | ES28: Produits | ET28: % Production | EU28: 0 | EV28: =$F28*EU28 -> 0 | FA28: Produits | FB28: % Production | FC28: 1 | FD28: =$F28*FC28 -> 14.18 | FI28: Produits | FJ28: % Production | FK28: 1 | FL28: =$F28*FK28 -> 14.18 | FQ28: Produits | FR28: % Production | FS28: 1 | FT28: =$F28*FS28 -> 14.18 | FY28: Produits | FZ28: % Production | GA28: 1 | GB28: =$F28*GA28 -> 14.18 | GG28: Produits | GH28: % Production | GI28: 0 | GJ28: =$F28*GI28 -> 0 | GO28: Produits | GP28: % Production | GQ28: 0 | GR28: =$F28*GQ28 -> 0 | GW28: Produits | GX28: % Production
D29: Logan + carburant | E29: Jour | F29: =53.44+25.76 -> 79.2 | G29: 0 | H29: =$F29*G29 -> 0 | I29: Ballast | K29: =SUM(H$29:H$36)*J29 -> 0 | M29: Ballast 0-63 | N29: =J39/$F$153 -> 0.0606469 | O29: 0 | P29: =$F29*O29 -> 0 | Q29: Ballast | S29: =SUM(P$29:P$36)*R29 -> 0 | U29: Ballast 0-63 | V29: =R39/$F$153 -> 0 | W29: 0 | X29: =$F29*W29 -> 0 | Y29: Ballast | AA29: =SUM(X$29:X$36)*Z29 -> 0 | AC29: Ballast 0-63 | AD29: =Z39/$F$153 -> 0 | AE29: 0 | AF29: =$F29*AE29 -> 0 | AG29: Ballast | AI29: =SUM(AF$29:AF$36)*AH29 -> 0 | AK29: Ballast 0-63 | AL29: =AH39/$F$153 -> 0 | AM29: 0 | AN29: =$F29*AM29 -> 0 | AO29: Ballast | AQ29: =SUM(AN$29:AN$36)*AP29 -> 0 | AS29: Ballast 0-63 | AT29: =AP39/$F$153 -> 0 | AU29: 0 | AV29: =$F29*AU29 -> 0 | AW29: Ballast | AY29: =SUM(AV$29:AV$36)*AX29 -> 0 | BA29: Ballast 0-63 | BB29: =AX39/$F$153 -> 0 | BC29: 1 | BD29: =$F29*BC29 -> 79.2 | BE29: Ballast | BF29: 0.5 | BG29: =SUM(BD$29:BD$36)*BF29 -> 374.6 | BI29: Ballast 0-63 | BJ29: =BF39/$F$153 -> 0.0606469 | BK29: 1 | BL29: =$F29*BK29 -> 79.2 | BM29: Ballast | BO29: =SUM(BL$29:BL$36)*BN29 -> 0 | BQ29: Ballast 0-63 | BR29: =BN39/$F$153 -> 0 | BS29: 0 | BT29: =$F29*BS29 -> 0 | BU29: Ballast | BV29: 0.5 | BW29: =SUM(BT$29:BT$36)*BV29 -> 0 | BY29: Ballast 0-63 | BZ29: =BV39/$F$153 -> 0.0606469 | CA29: 0 | CB29: =$F29*CA29 -> 0 | CC29: Ballast | CE29: =SUM(CB$29:CB$36)*CD29 -> 0 | CG29: Ballast 0-63 | CH29: =CD39/$F$153 -> 0 | CI29: 0 | CJ29: =$F29*CI29 -> 0 | CK29: Ballast | CM29: =SUM(CJ$29:CJ$36)*CL29 -> 0 | CO29: Ballast 0-63 | CP29: =CL39/$F$153 -> 0 | CQ29: 1 | CR29: =$F29*CQ29 -> 79.2 | CS29: Ballast | CT29: 0.5 | CU29: =SUM(CR$29:CR$36)*CT29 -> 134.6 | CW29: Ballast 0-63 | CX29: =CT39/$F$153 -> 0.0606469 | CY29: 1 | CZ29: =$F29*CY29 -> 79.2 | DA29: Ballast | DB29: 0.5 | DC29: =SUM(CZ$29:CZ$36)*DB29 -> 214.6 | DE29: Ballast 0-63 | DF29: =DB39/$F$153 -> 0.0606469 | DG29: 1 | DH29: =$F29*DG29 -> 79.2 | DI29: Ballast | DJ29: 0.45 | DK29: =SUM(DH$29:DH$36)*DJ29 -> 193.14 | DM29: Ballast 0-63 | DN29: =DJ39/$F$153 -> 0.10781671 | DO29: 1 | DP29: =$F29*DO29 -> 79.2 | DQ29: Ballast | DS29: =SUM(DP$29:DP$36)*DR29 -> 0 | DU29: Ballast 0-63 | DV29: =DR39/$F$153 -> 0.20215633 | DW29: 0 | DX29: =$F29*DW29 -> 0 | DY29: Ballast | EA29: =SUM(DX$29:DX$36)*DZ29 -> 0 | EC29: Ballast 0-63 | ED29: =DZ39/$F$153 -> 0.13477089 | EE29: 0 | EF29: =$F29*EE29 -> 0 | EG29: Ballast | EI29: =SUM(EF$29:EF$36)*EH29 -> 0 | EK29: Ballast 0-63 | EL29: =EH39/$F$153 -> 0 | EM29: 0 | EN29: =$F29*EM29 -> 0 | EO29: Ballast | EQ29: =SUM(EN$29:EN$36)*EP29 -> 0 | ES29: Ballast 0-63 | ET29: =EP39/$F$153 -> 0 | EU29: 0 | EV29: =$F29*EU29 -> 0 | EW29: Ballast | EY29: =SUM(EV$29:EV$36)*EX29 -> 0 | FA29: Ballast 0-63 | FB29: =EX39/$F$153 -> 0.09703504 | FC29: 0 | FD29: =$F29*FC29 -> 0 | FE29: Ballast | FG29: =SUM(FD$29:FD$36)*FF29 -> 0 | FI29: Ballast 0-63 | FJ29: =FF39/$F$153 -> 0.10107817 | FK29: 1 | FL29: =$F29*FK29 -> 79.2 | FM29: Ballast | FO29: =SUM(FL$29:FL$36)*FN29 -> 0 | FQ29: Ballast 0-63 | FR29: =FN39/$F$153 -> 0 | FS29: 1 | FT29: =$F29*FS29 -> 79.2 | FU29: Ballast | FW29: =SUM(FT$29:FT$36)*FV29 -> 0 | FY29: Ballast 0-63 | FZ29: =FV39/$F$153 -> 0.053908356 | GA29: 0 | GB29: =$F29*GA29 -> 0 | GC29: Ballast | GE29: =SUM(GB$29:GB$36)*GD29 -> 0 | GG29: Ballast 0-63 | GH29: =GD39/$F$153 -> 0 | GI29: 1 | GJ29: =$F29*GI29 -> 79.2 | GK29: Ballast | GM29: =SUM(GJ$29:GJ$36)*GL29 -> 0 | GO29: Ballast 0-63 | GP29: =GL39/$F$153 -> 0 | GQ29: 0 | GR29: =$F29*GQ29 -> 0 | GS29: Ballast | GU29: =SUM(GR$29:GR$36)*GT29 -> 0 | GW29: Ballast 0-63 | GX29: =GT39/$F$153 -> 0
D30: Conducator | E30: Jour | F30: 190 | G30: =IF(G29=0,0,1) -> 0 | H30: =$F30*G30 -> 0 | M30: Béton C12/15 | N30: =J40/$F$154 -> 0.072463768 | O30: =IF(O29=0,0,1) -> 0 | P30: =$F30*O30 -> 0 | U30: Béton C12/15 | V30: =R40/$F$154 -> 0 | W30: =IF(W29=0,0,1) -> 0 | X30: =$F30*W30 -> 0 | AC30: Béton C12/15 | AD30: =Z40/$F$154 -> 0 | AE30: =IF(AE29=0,0,1) -> 0 | AF30: =$F30*AE30 -> 0 | AK30: Béton C12/15 | AL30: =AH40/$F$154 -> 0 | AM30: =IF(AM29=0,0,1) -> 0 | AN30: =$F30*AM30 -> 0 | AS30: Béton C12/15 | AT30: =AP40/$F$154 -> 0 | AU30: =IF(AU29=0,0,1) -> 0 | AV30: =$F30*AU30 -> 0 | BA30: Béton C12/15 | BB30: =AX40/$F$154 -> 0 | BC30: =IF(BC29=0,0,1) -> 1 | BD30: =$F30*BC30 -> 190 | BI30: Béton C12/15 | BJ30: =BF40/$F$154 -> 0.072463768 | BK30: =IF(BK29=0,0,1) -> 1 | BL30: =$F30*BK30 -> 190 | BQ30: Béton C12/15 | BR30: =BN40/$F$154 -> 0.072463768 | BS30: =IF(BS29=0,0,1) -> 0 | BT30: =$F30*BS30 -> 0 | BY30: Béton C12/15 | BZ30: =BV40/$F$154 -> 0.072463768 | CA30: =IF(CA29=0,0,1) -> 0 | CB30: =$F30*CA30 -> 0 | CG30: Béton C12/15 | CH30: =CD40/$F$154 -> 0 | CI30: =IF(CI29=0,0,1) -> 0 | CJ30: =$F30*CI30 -> 0 | CO30: Béton C12/15 | CP30: =CL40/$F$154 -> 0 | CQ30: =IF(CQ29=0,0,1) -> 1 | CR30: =$F30*CQ30 -> 190 | CW30: Béton C12/15 | CX30: =CT40/$F$154 -> 0.072463768 | CY30: =IF(CY29=0,0,1) -> 1 | CZ30: =$F30*CY30 -> 190 | DE30: Béton C12/15 | DF30: =DB40/$F$154 -> 0.072463768 | DG30: =IF(DG29=0,0,1) -> 1 | DH30: =$F30*DG30 -> 190 | DM30: Béton C12/15 | DN30: =DJ40/$F$154 -> 0.028985507 | DO30: =IF(DO29=0,0,1) -> 1 | DP30: =$F30*DO30 -> 190 | DU30: Béton C12/15 | DV30: =DR40/$F$154 -> 0.057971014 | DW30: 0 | DX30: =$F30*DW30 -> 0 | EC30: Béton C12/15 | ED30: =DZ40/$F$154 -> 0 | EE30: =IF(EE29=0,0,1) -> 0 | EF30: =$F30*EE30 -> 0 | EK30: Béton C12/15 | EL30: =EH40/$F$154 -> 0 | EM30: =IF(EM29=0,0,1) -> 0 | EN30: =$F30*EM30 -> 0 | ES30: Béton C12/15 | ET30: =EP40/$F$154 -> 0 | EU30: =IF(EU29=0,0,1) -> 0 | EV30: =$F30*EU30 -> 0 | FA30: Béton C12/15 | FB30: =EX40/$F$154 -> 0.14492754 | FC30: =IF(FC29=0,0,1) -> 0 | FD30: =$F30*FC30 -> 0 | FI30: Béton C12/15 | FJ30: =FF40/$F$154 -> 0.043478261 | FK30: =IF(FK29=0,0,1) -> 1 | FL30: =$F30*FK30 -> 190 | FQ30: Béton C12/15 | FR30: =FN40/$F$154 -> 0.072463768 | FS30: =IF(FS29=0,0,1) -> 1 | FT30: =$F30*FS30 -> 190 | FY30: Béton C12/15 | FZ30: =FV40/$F$154 -> 0.057971014 | GA30: =IF(GA29=0,0,1) -> 0 | GB30: =$F30*GA30 -> 0 | GG30: Béton C12/15 | GH30: =GD40/$F$154 -> 0.11594203 | GI30: 1.5 | GJ30: =$F30*GI30 -> 285 | GO30: Béton C12/15 | GP30: =GL40/$F$154 -> 0.043478261 | GQ30: =IF(GQ29=0,0,1) -> 0 | GR30: =$F30*GQ30 -> 0 | GW30: Béton C12/15 | GX30: =GT40/$F$154 -> 0
D31: Muncitorii | E31: Jour | F31: 160 | G31: 0 | H31: =$F31*G31 -> 0 | I31: Béton + Découpe | K31: =SUM(H$29:H$36)*J31 -> 0 | M31: BA8 / BA16 | N31: =J41/$F$155 -> 0.040816327 | O31: 0 | P31: =$F31*O31 -> 0 | Q31: Béton + Découpe | S31: =SUM(P$29:P$36)*R31 -> 0 | U31: BA8 / BA16 | V31: =R41/$F$155 -> 0.034013605 | W31: 0 | X31: =$F31*W31 -> 0 | Y31: Béton + Découpe | AA31: =SUM(X$29:X$36)*Z31 -> 0 | AC31: BA8 / BA16 | AD31: =Z41/$F$155 -> 0 | AE31: 0 | AF31: =$F31*AE31 -> 0 | AG31: Béton + Découpe | AI31: =SUM(AF$29:AF$36)*AH31 -> 0 | AK31: BA8 / BA16 | AL31: =AH41/$F$155 -> 0 | AM31: 0 | AN31: =$F31*AM31 -> 0 | AO31: Béton + Découpe | AQ31: =SUM(AN$29:AN$36)*AP31 -> 0 | AS31: BA8 / BA16 | AT31: =AP41/$F$155 -> 0 | AU31: 0 | AV31: =$F31*AU31 -> 0 | AW31: Béton + Découpe | AY31: =SUM(AV$29:AV$36)*AX31 -> 0 | BA31: BA8 / BA16 | BB31: =AX41/$F$155 -> 0 | BC31: 3 | BD31: =$F31*BC31 -> 480 | BE31: Béton + Découpe | BF31: 0.5 | BG31: =SUM(BD$29:BD$36)*BF31 -> 374.6 | BI31: BA8 / BA16 | BJ31: =BF41/$F$155 -> 0.068027211 | BK31: 2 | BL31: =$F31*BK31 -> 320 | BM31: Béton + Découpe | BO31: =SUM(BL$29:BL$36)*BN31 -> 0 | BQ31: BA8 / BA16 | BR31: =BN41/$F$155 -> 0.10884354 | BS31: 0 | BT31: =$F31*BS31 -> 0 | BU31: Béton + Découpe | BV31: 0.5 | BW31: =SUM(BT$29:BT$36)*BV31 -> 0 | BY31: BA8 / BA16 | BZ31: =BV41/$F$155 -> 0.068027211 | CA31: 0 | CB31: =$F31*CA31 -> 0 | CC31: Béton + Découpe | CE31: =SUM(CB$29:CB$36)*CD31 -> 0 | CG31: BA8 / BA16 | CH31: =CD41/$F$155 -> 0 | CI31: 0 | CJ31: =$F31*CI31 -> 0 | CK31: Béton + Découpe | CM31: =SUM(CJ$29:CJ$36)*CL31 -> 0 | CO31: BA8 / BA16 | CP31: =CL41/$F$155 -> 0 | CQ31: 0 | CR31: =$F31*CQ31 -> 0 | CS31: Béton + Découpe | CT31: 0.5 | CU31: =SUM(CR$29:CR$36)*CT31 -> 134.6 | CW31: BA8 / BA16 | CX31: =CT41/$F$155 -> 0.088435374 | CY31: 1 | CZ31: =$F31*CY31 -> 160 | DA31: Béton + Découpe | DC31: =SUM(CZ$29:CZ$36)*DB31 -> 0 | DE31: BA8 / BA16 | DF31: =DB41/$F$155 -> 0.068027211 | DG31: 1 | DH31: =$F31*DG31 -> 160 | DI31: Béton + Découpe | DJ31: 0.15 | DK31: =SUM(DH$29:DH$36)*DJ31 -> 64.38 | DM31: BA8 / BA16 | DN31: =DJ41/$F$155 -> 0.054421769 | DO31: 0 | DP31: =$F31*DO31 -> 0 | DQ31: Béton + Découpe | DS31: =SUM(DP$29:DP$36)*DR31 -> 0 | DU31: BA8 / BA16 | DV31: =DR41/$F$155 -> 0 | DW31: 0 | DX31: =$F31*DW31 -> 0 | DY31: Béton + Découpe | EA31: =SUM(DX$29:DX$36)*DZ31 -> 0 | EC31: BA8 / BA16 | ED31: =DZ41/$F$155 -> 0.068027211 | EE31: 0 | EF31: =$F31*EE31 -> 0 | EG31: Béton + Découpe | EI31: =SUM(EF$29:EF$36)*EH31 -> 0 | EK31: BA8 / BA16 | EL31: =EH41/$F$155 -> 0 | EM31: 0 | EN31: =$F31*EM31 -> 0 | EO31: Béton + Découpe | EQ31: =SUM(EN$29:EN$36)*EP31 -> 0 | ES31: BA8 / BA16 | ET31: =EP41/$F$155 -> 0 | EU31: 0 | EV31: =$F31*EU31 -> 0 | EW31: Béton + Découpe | EY31: =SUM(EV$29:EV$36)*EX31 -> 0 | FA31: BA8 / BA16 | FB31: =EX41/$F$155 -> 0.034013605 | FC31: 0 | FD31: =$F31*FC31 -> 0 | FE31: Béton + Découpe | FG31: =SUM(FD$29:FD$36)*FF31 -> 0 | FI31: BA8 / BA16 | FJ31: =FF41/$F$155 -> 0.081632653 | FK31: 0 | FL31: =$F31*FK31 -> 0 | FM31: Béton + Découpe | FO31: =SUM(FL$29:FL$36)*FN31 -> 0 | FQ31: BA8 / BA16 | FR31: =FN41/$F$155 -> 0.13605442 | FS31: 0 | FT31: =$F31*FS31 -> 0 | FU31: Béton + Découpe | FW31: =SUM(FT$29:FT$36)*FV31 -> 0 | FY31: BA8 / BA16 | FZ31: =FV41/$F$155 -> 0.068027211 | GA31: 0 | GB31: =$F31*GA31 -> 0 | GC31: Béton + Découpe | GE31: =SUM(GB$29:GB$36)*GD31 -> 0 | GG31: BA8 / BA16 | GH31: =GD41/$F$155 -> 0.081632653 | GI31: 1.5 | GJ31: =$F31*GI31 -> 240 | GK31: Béton + Découpe | GL31: 1 | GM31: =SUM(GJ$29:GJ$36)*GL31 -> 654.1 | GO31: BA8 / BA16 | GP31: =GL41/$F$155 -> 0 | GQ31: 0 | GR31: =$F31*GQ31 -> 0 | GS31: Béton + Découpe | GU31: =SUM(GR$29:GR$36)*GT31 -> 0 | GW31: BA8 / BA16 | GX31: =GT41/$F$155 -> 0
D32: Compressor | E32: Jour | F32: 38.34 | G32: 0 | H32: =$F32*G32 -> 0 | M32: Remise à niveau regard | N32: =SUM(G44:G47)/$F$156 -> 0 | O32: 0 | P32: =$F32*O32 -> 0 | U32: Remise à niveau regard | V32: =SUM(O44:O47)/$F$156 -> 0 | W32: 0 | X32: =$F32*W32 -> 0 | AC32: Remise à niveau regard | AD32: =SUM(W44:W47)/$F$156 -> 0 | AE32: 0 | AF32: =$F32*AE32 -> 0 | AK32: Remise à niveau regard | AL32: =SUM(AE44:AE47)/$F$156 -> 0 | AM32: 0 | AN32: =$F32*AM32 -> 0 | AS32: Remise à niveau regard | AT32: =SUM(AM44:AM47)/$F$156 -> 0 | AU32: 0 | AV32: =$F32*AU32 -> 0 | BA32: Remise à niveau regard | BB32: =SUM(AU44:AU47)/$F$156 -> 0 | BC32: 0 | BD32: =$F32*BC32 -> 0 | BI32: Remise à niveau regard | BJ32: =SUM(BC44:BC47)/$F$156 -> 0 | BK32: 0 | BL32: =$F32*BK32 -> 0 | BQ32: Remise à niveau regard | BR32: =SUM(BK44:BK47)/$F$156 -> 0.11363636 | BS32: 0 | BT32: =$F32*BS32 -> 0 | BY32: Remise à niveau regard | BZ32: =SUM(BS44:BS47)/$F$156 -> 0.090909091 | CA32: 0 | CB32: =$F32*CA32 -> 0 | CG32: Remise à niveau regard | CH32: =SUM(CA44:CA47)/$F$156 -> 0 | CI32: 0 | CJ32: =$F32*CI32 -> 0 | CO32: Remise à niveau regard | CP32: =SUM(CI44:CI47)/$F$156 -> 0 | CQ32: 0 | CR32: =$F32*CQ32 -> 0 | CW32: Remise à niveau regard | CX32: =SUM(CQ44:CQ47)/$F$156 -> 0 | CY32: 0 | CZ32: =$F32*CY32 -> 0 | DE32: Remise à niveau regard | DF32: =SUM(CY44:CY47)/$F$156 -> 0 | DG32: 0 | DH32: =$F32*DG32 -> 0 | DM32: Remise à niveau regard | DN32: =SUM(DG44:DG47)/$F$156 -> 0.090909091 | DO32: 0 | DP32: =$F32*DO32 -> 0 | DU32: Remise à niveau regard | DV32: =SUM(DO44:DO47)/$F$156 -> 0.27272727 | DW32: 0 | DX32: =$F32*DW32 -> 0 | EC32: Remise à niveau regard | ED32: =SUM(DW44:DW47)/$F$156 -> 0.18181818 | EE32: 0 | EF32: =$F32*EE32 -> 0 | EK32: Remise à niveau regard | EL32: =SUM(EE44:EE47)/$F$156 -> 0 | EM32: 0 | EN32: =$F32*EM32 -> 0 | ES32: Remise à niveau regard | ET32: =SUM(EM44:EM47)/$F$156 -> 0 | EU32: 0 | EV32: =$F32*EU32 -> 0 | FA32: Remise à niveau regard | FB32: =SUM(EU44:EU47)/$F$156 -> 0 | FC32: 0 | FD32: =$F32*FC32 -> 0 | FI32: Remise à niveau regard | FJ32: =SUM(FC44:FC47)/$F$156 -> 0.18181818 | FK32: 0 | FL32: =$F32*FK32 -> 0 | FQ32: Remise à niveau regard | FR32: =SUM(FK44:FK47)/$F$156 -> 0.090909091 | FS32: 0 | FT32: =$F32*FS32 -> 0 | FY32: Remise à niveau regard | FZ32: =SUM(FS44:FS47)/$F$156 -> 0.31818182 | GA32: 0 | GB32: =$F32*GA32 -> 0 | GG32: Remise à niveau regard | GH32: =SUM(GA44:GA47)/$F$156 -> 0.090909091 | GI32: 0 | GJ32: =$F32*GI32 -> 0 | GO32: Remise à niveau regard | GP32: =SUM(GI44:GI47)/$F$156 -> 0 | GQ32: 0 | GR32: =$F32*GQ32 -> 0 | GW32: Remise à niveau regard | GX32: =SUM(GQ44:GQ47)/$F$156 -> 0
D33: Placa vibranta | E33: Jour | F33: 24.79 | G33: 0 | H33: =$F33*G33 -> 0 | I33: Asphalte | K33: =SUM(H$29:H$36)*J33 -> 0 | O33: 0 | P33: =$F33*O33 -> 0 | Q33: Asphalte | S33: =SUM(P$29:P$36)*R33 -> 0 | W33: 0 | X33: =$F33*W33 -> 0 | Y33: Asphalte | AA33: =SUM(X$29:X$36)*Z33 -> 0 | AE33: 0 | AF33: =$F33*AE33 -> 0 | AG33: Asphalte | AI33: =SUM(AF$29:AF$36)*AH33 -> 0 | AM33: 0 | AN33: =$F33*AM33 -> 0 | AO33: Asphalte | AQ33: =SUM(AN$29:AN$36)*AP33 -> 0 | AU33: 0 | AV33: =$F33*AU33 -> 0 | AW33: Asphalte | AY33: =SUM(AV$29:AV$36)*AX33 -> 0 | BC33: 0 | BD33: =$F33*BC33 -> 0 | BE33: Asphalte | BG33: =SUM(BD$29:BD$36)*BF33 -> 0 | BK33: 0 | BL33: =$F33*BK33 -> 0 | BM33: Asphalte | BN33: 1 | BO33: =SUM(BL$29:BL$36)*BN33 -> 589.2 | BS33: 0 | BT33: =$F33*BS33 -> 0 | BU33: Asphalte | BW33: =SUM(BT$29:BT$36)*BV33 -> 0 | CA33: 0 | CB33: =$F33*CA33 -> 0 | CC33: Asphalte | CE33: =SUM(CB$29:CB$36)*CD33 -> 0 | CI33: 0 | CJ33: =$F33*CI33 -> 0 | CK33: Asphalte | CM33: =SUM(CJ$29:CJ$36)*CL33 -> 0 | CQ33: 0 | CR33: =$F33*CQ33 -> 0 | CS33: Asphalte | CU33: =SUM(CR$29:CR$36)*CT33 -> 0 | CY33: 0 | CZ33: =$F33*CY33 -> 0 | DA33: Asphalte | DB33: 0.5 | DC33: =SUM(CZ$29:CZ$36)*DB33 -> 214.6 | DG33: 0 | DH33: =$F33*DG33 -> 0 | DI33: Asphalte | DK33: =SUM(DH$29:DH$36)*DJ33 -> 0 | DO33: 0 | DP33: =$F33*DO33 -> 0 | DQ33: Asphalte | DS33: =SUM(DP$29:DP$36)*DR33 -> 0 | DW33: 0 | DX33: =$F33*DW33 -> 0 | DY33: Asphalte | EA33: =SUM(DX$29:DX$36)*DZ33 -> 0 | EE33: 0 | EF33: =$F33*EE33 -> 0 | EG33: Asphalte | EI33: =SUM(EF$29:EF$36)*EH33 -> 0 | EM33: 0 | EN33: =$F33*EM33 -> 0 | EO33: Asphalte | EQ33: =SUM(EN$29:EN$36)*EP33 -> 0 | EU33: 0 | EV33: =$F33*EU33 -> 0 | EW33: Asphalte | EY33: =SUM(EV$29:EV$36)*EX33 -> 0 | FC33: 0 | FD33: =$F33*FC33 -> 0 | FE33: Asphalte | FG33: =SUM(FD$29:FD$36)*FF33 -> 0 | FK33: 0 | FL33: =$F33*FK33 -> 0 | FM33: Asphalte | FO33: =SUM(FL$29:FL$36)*FN33 -> 0 | FS33: 0 | FT33: =$F33*FS33 -> 0 | FU33: Asphalte | FW33: =SUM(FT$29:FT$36)*FV33 -> 0 | GA33: 0 | GB33: =$F33*GA33 -> 0 | GC33: Asphalte | GE33: =SUM(GB$29:GB$36)*GD33 -> 0 | GI33: 1 | GJ33: =$F33*GI33 -> 24.79 | GK33: Asphalte | GM33: =SUM(GJ$29:GJ$36)*GL33 -> 0 | GQ33: 0 | GR33: =$F33*GQ33 -> 0 | GS33: Asphalte | GU33: =SUM(GR$29:GR$36)*GT33 -> 0
D34: Mai compactor | E34: Jour | F34: 10.93 | G34: 0 | H34: =$F34*G34 -> 0 | O34: 0 | P34: =$F34*O34 -> 0 | W34: 0 | X34: =$F34*W34 -> 0 | AE34: 0 | AF34: =$F34*AE34 -> 0 | AM34: 0 | AN34: =$F34*AM34 -> 0 | AU34: 0 | AV34: =$F34*AU34 -> 0 | BC34: 0 | BD34: =$F34*BC34 -> 0 | BK34: 0 | BL34: =$F34*BK34 -> 0 | BS34: 0 | BT34: =$F34*BS34 -> 0 | CA34: 0 | CB34: =$F34*CA34 -> 0 | CI34: 0 | CJ34: =$F34*CI34 -> 0 | CQ34: 0 | CR34: =$F34*CQ34 -> 0 | CY34: 0 | CZ34: =$F34*CY34 -> 0 | DG34: 0 | DH34: =$F34*DG34 -> 0 | DO34: 0 | DP34: =$F34*DO34 -> 0 | DW34: 0 | DX34: =$F34*DW34 -> 0 | EE34: 0 | EF34: =$F34*EE34 -> 0 | EM34: 0 | EN34: =$F34*EM34 -> 0 | EU34: 0 | EV34: =$F34*EU34 -> 0 | FC34: 0 | FD34: =$F34*FC34 -> 0 | FK34: 0 | FL34: =$F34*FK34 -> 0 | FS34: 0 | FT34: =$F34*FS34 -> 0 | GA34: 0 | GB34: =$F34*GA34 -> 0 | GI34: 1 | GJ34: =$F34*GI34 -> 10.93 | GQ34: 0 | GR34: =$F34*GQ34 -> 0
D35: Marteau piqueur | E35: Jour | F35: 15 | G35: 0 | H35: =$F35*G35 -> 0 | I35: Mise à la côte de regard/avaloir | K35: =SUM(H$29:H$36)*J35 -> 0 | O35: 0 | P35: =$F35*O35 -> 0 | Q35: Mise à la côte de regard/avaloir | S35: =SUM(P$29:P$36)*R35 -> 0 | W35: 0 | X35: =$F35*W35 -> 0 | Y35: Mise à la côte de regard/avaloir | AA35: =SUM(X$29:X$36)*Z35 -> 0 | AE35: 0 | AF35: =$F35*AE35 -> 0 | AG35: Mise à la côte de regard/avaloir | AI35: =SUM(AF$29:AF$36)*AH35 -> 0 | AM35: 0 | AN35: =$F35*AM35 -> 0 | AO35: Mise à la côte de regard/avaloir | AQ35: =SUM(AN$29:AN$36)*AP35 -> 0 | AU35: 0 | AV35: =$F35*AU35 -> 0 | AW35: Mise à la côte de regard/avaloir | AY35: =SUM(AV$29:AV$36)*AX35 -> 0 | BC35: 0 | BD35: =$F35*BC35 -> 0 | BE35: Mise à la côte de regard/avaloir | BG35: =SUM(BD$29:BD$36)*BF35 -> 0 | BK35: 0 | BL35: =$F35*BK35 -> 0 | BM35: Mise à la côte de regard/avaloir | BO35: =SUM(BL$29:BL$36)*BN35 -> 0 | BS35: 0 | BT35: =$F35*BS35 -> 0 | BU35: Mise à la côte de regard/avaloir | BW35: =SUM(BT$29:BT$36)*BV35 -> 0 | CA35: 0 | CB35: =$F35*CA35 -> 0 | CC35: Mise à la côte de regard/avaloir | CE35: =SUM(CB$29:CB$36)*CD35 -> 0 | CI35: 0 | CJ35: =$F35*CI35 -> 0 | CK35: Mise à la côte de regard/avaloir | CM35: =SUM(CJ$29:CJ$36)*CL35 -> 0 | CQ35: 0 | CR35: =$F35*CQ35 -> 0 | CS35: Mise à la côte de regard/avaloir | CU35: =SUM(CR$29:CR$36)*CT35 -> 0 | CY35: 0 | CZ35: =$F35*CY35 -> 0 | DA35: Mise à la côte de regard/avaloir | DC35: =SUM(CZ$29:CZ$36)*DB35 -> 0 | DG35: 0 | DH35: =$F35*DG35 -> 0 | DI35: Mise à la côte de regard/avaloir | DJ35: 0.4 | DK35: =SUM(DH$29:DH$36)*DJ35 -> 171.68 | DO35: 0 | DP35: =$F35*DO35 -> 0 | DQ35: Mise à la côte de regard/avaloir | DR35: 1 | DS35: =SUM(DP$29:DP$36)*DR35 -> 269.2 | DW35: 0 | DX35: =$F35*DW35 -> 0 | DY35: Mise à la côte de regard/avaloir | EA35: =SUM(DX$29:DX$36)*DZ35 -> 0 | EE35: 0 | EF35: =$F35*EE35 -> 0 | EG35: Mise à la côte de regard/avaloir | EI35: =SUM(EF$29:EF$36)*EH35 -> 0 | EM35: 0 | EN35: =$F35*EM35 -> 0 | EO35: Mise à la côte de regard/avaloir | EQ35: =SUM(EN$29:EN$36)*EP35 -> 0 | EU35: 0 | EV35: =$F35*EU35 -> 0 | EW35: Mise à la côte de regard/avaloir | EY35: =SUM(EV$29:EV$36)*EX35 -> 0 | FC35: 0 | FD35: =$F35*FC35 -> 0 | FE35: Mise à la côte de regard/avaloir | FG35: =SUM(FD$29:FD$36)*FF35 -> 0 | FK35: 0 | FL35: =$F35*FK35 -> 0 | FM35: Mise à la côte de regard/avaloir | FN35: 1 | FO35: =SUM(FL$29:FL$36)*FN35 -> 269.2 | FS35: 0 | FT35: =$F35*FS35 -> 0 | FU35: Mise à la côte de regard/avaloir | FV35: 1 | FW35: =SUM(FT$29:FT$36)*FV35 -> 269.2 | GA35: 0 | GB35: =$F35*GA35 -> 0 | GC35: Mise à la côte de regard/avaloir | GE35: =SUM(GB$29:GB$36)*GD35 -> 0 | GI35: 0 | GJ35: =$F35*GI35 -> 0 | GK35: Mise à la côte de regard/avaloir | GM35: =SUM(GJ$29:GJ$36)*GL35 -> 0 | GQ35: 0 | GR35: =$F35*GQ35 -> 0 | GS35: Mise à la côte de regard/avaloir | GU35: =SUM(GR$29:GR$36)*GT35 -> 0
